Workbook
Name \c: #REF!
Name \c: #REF!
Name \c: [1]SID_NI_5!#REF!
Name \c: #REF!
Name \c: #REF!
Name \c: #REF!
Name \c: #REF!
Name \c: #REF!
Name \c: #REF!
Name \c: #REF!
Name \c: #REF!
Name \c: #REF!
Name \c: #REF!
Name \D: #REF!
Name \D: #REF!
Name \D: #REF!
Name \G: #REF!
Name \G: #REF!
Name \I: #REF!
Name \I: #REF!
Name \I: #REF!
Name \I: #REF!
Name \I: #REF!
Name \I: #REF!
Name \I: #REF!
Name \I: #REF!
Name \I: #REF!
Name \I: #REF!
Name \M: #REF!
Name \p: #REF!
Name \p: #REF!
Name \p: [1]SID_NI_5!#REF!
Name \p: #REF!
Name \p: #REF!
Name \p: #REF!
Name \p: #REF!
Name \p: #REF!
Name \p: #REF!
Name \p: #REF!
Name \p: #REF!
Name \p: #REF!
Name \p: #REF!
Name \R: #REF!
Name \R: #REF!
Name \R: #REF!
Name \S: [2]COMPOS1!#REF!
Name \S: #REF!
Name \S: #REF!
Name \S: #REF!
Name \S: #REF!
Name \S: #REF!
Name \t: [2]COMPOS1!#REF!
Name \t: #REF!
Name \t: #REF!
Name \t: #REF!
Name \t: #REF!
Name \t: #REF!
Name \Y: #REF!
Name \Y: #REF!
Name \Y: #REF!

Sheet RESUMO DES
B2: Obra | D2: Bancos | E2: B.D.I. | H2: Encargos Sociais
B3: =RESUMO!B3 -> Projeto Executivo de Infraestrutura Urbana - Jardim Basilia - Três Lagoas R09 | D3: =RESUMO!D3 -> SINAPI - 01/2026 - MS; SICRO3 - 10/2025 - MS; AGESUL 01/2026 | E3: Serviço: 30,66% Material: 20,92% | H3: Desonerado
B4: Planilha Orçamentária Resumida
B5: Item | C5: Descrição | I5: Total | J5: Peso (%)
B6: 1 | C6: SERVIÇOS PRELIMINARES | I6: ='ORÇ. SINTÉTICO'!T9 -> 93245.84 | J6: =I6/$H$15 -> 0.011569866
B7: 2 | C7: DRENAGEM DE ÁGUAS PLUVIAIS | I7: ='ORÇ. SINTÉTICO'!T31 -> 2845944.2 | J7: =I7/$H$15 -> 0.35312238
B8: 3 | C8: PAVIMENTAÇÃO ASFÁLTICA | I8: ='ORÇ. SINTÉTICO'!T88 -> 4484712.8 | J8: =I8/$H$15 -> 0.55645943
B9: 4 | C9: CALÇADA E ACESSIBILIDADE | I9: ='ORÇ. SINTÉTICO'!T116 -> 139389.85 | J9: =I9/$H$15 -> 0.017295377
B10: 5 | C10: SINALIZAÇÃO VIÁRIA PERMANENTE | I10: ='ORÇ. SINTÉTICO'!T124 -> 118791.98 | J10: =I10/$H$15 -> 0.01473961
B11: 6 | C11: ADMINISTRAÇÃO LOCAL DO CANTEIRO DE OBRAS | I11: ='ORÇ. SINTÉTICO'!T130 -> 377285.97 | J11: =I11/$H$15 -> 0.046813329 | K11: =SUM(I6:I11) -> 8059370.6 | L11: =K11=H15 -> TRUE
F13: Total sem BDI | H13: ='ORÇ. SINTÉTICO'!S133 -> 6271782.8
F14: Total do BDI | H14: ='ORÇ. SINTÉTICO'!S134 -> 1787587.8
F15: Total Geral | H15: ='ORÇ. SINTÉTICO'!S135 -> 8059370.6

Sheet RESUMO
B2: Obra | D2: Bancos | E2: B.D.I. | H2: Encargos Sociais
B3: Projeto Executivo de Infraestrutura Urbana - Jardim Basilia - Três Lagoas R09 | D3: SINAPI - 01/2026 - MS; SICRO3 - 10/2025 - MS; AGESUL 01/2026 | E3: Serviço: 24,23% Material: 15,27% | H3: Não Desonerado
B4: Planilha Orçamentária Resumida
B5: Item | C5: Descrição | I5: Total | J5: Peso (%)
B6: 1 | C6: SERVIÇOS PRELIMINARES | I6: ='ORÇ. SINTÉTICO'!N9 -> 90506.22 | J6: =I6/$H$15 -> 0.01167047
B7: 2 | C7: DRENAGEM DE ÁGUAS PLUVIAIS | I7: ='ORÇ. SINTÉTICO'!N31 -> 2741273.4 | J7: =I7/$H$15 -> 0.35347789
B8: 3 | C8: PAVIMENTAÇÃO ASFÁLTICA | I8: ='ORÇ. SINTÉTICO'!N88 -> 4292066.5 | J8: =I8/$H$15 -> 0.55344739
B9: 4 | C9: CALÇADA E ACESSIBILIDADE | I9: ='ORÇ. SINTÉTICO'!N116 -> 133824.13 | J9: =I9/$H$15 -> 0.017256167
B10: 5 | C10: SINALIZAÇÃO VIÁRIA PERMANENTE | I10: ='ORÇ. SINTÉTICO'!N124 -> 113286.68 | J10: =I10/$H$15 -> 0.014607933
B11: 6 | C11: ADMINISTRAÇÃO LOCAL DO CANTEIRO DE OBRAS | I11: ='ORÇ. SINTÉTICO'!N130 -> 384191.21 | J11: =I11/$H$15 -> 0.049540151 | L11: =SUM(I6:I11) -> 7755148.1 | M11: =L11=H15 -> TRUE
F13: Total sem BDI | H13: ='ORÇ. SINTÉTICO'!M133 -> 6343333.2
F14: Total do BDI | H14: ='ORÇ. SINTÉTICO'!M134 -> 1411814.8
F15: Total Geral | H15: ='ORÇ. SINTÉTICO'!M135 -> 7755148.1

Sheet ORÇ. SINTÉTICO
B3: Obra | F3: Bancos | J3: B.D.I. | P3: B.D.I.:
B4: =RESUMO!B3 -> Projeto Executivo de Infraestrutura Urbana - Jardim Basilia - Três Lagoas R09 | F4: =RESUMO!D3 -> SINAPI - 01/2026 - MS; SICRO3 - 10/2025 - MS; AGESUL 01/2026 | J4: Serviços: | K4: 0.2423 | P4: Serviços: | Q4: 0.3066
J5: Materiais: | K5: 0.1527 | P5: Materiais: | Q5: 0.2092
B6: Planilha Orçamentária Sintética
J7: Não Desonerado | P7: Desonerado
B8: Item | C8: Código | D8: Banco | E8: Descrição | F8: DMT | G8: Tipo | H8: Und | I8: Quant. | J8: Valor Unit | K8: BDI | L8: Valor Unit com BDI | M8: Total SEM BDI | N8: Total COM BDI | O8: Peso (%) | P8: Valor Unit | Q8: BDI | R8: Valor Unit com BDI | S8: Total SEM BDI | T8: Total COM BDI | U8: Peso (%)
B9: 1 | E9: SERVIÇOS PRELIMINARES | I9: 1 | M9: =M10+M24 -> 73826.98 | N9: =N10+N24 -> 90506.22 | O9: =N9/$M$135 -> 0.01167047 | S9: =S10+S24 -> 72366.18 | T9: =T10+T24 -> 93245.84 | U9: =T9/$S$135 -> 0.011569866
B10: 1.1 | E10: SERVIÇOS PRELIMINARES | I10: 1 | M10: =TRUNC(SUM(M11:M23),2) -> 60255.9 | N10: =TRUNC(SUM(N11:N23),2) -> 73648.55 | O10: =N10/$M$135 -> 0.0094967303 | S10: =SUM(S11:S23) -> 59330.99 | T10: =SUM(T11:T23) -> 76216.54 | U10: =T10/$S$135 -> 0.0094568849
B11: 1.1.1 | C11: =INDEX('Orçamento Analítico'!$B:$M,MATCH('ORÇ. SINTÉTICO'!B11,'Orçamento Analítico'!$B:$B,0)+1,2) -> 103689 | D11: =INDEX('Orçamento Analítico'!$B:$M,MATCH('ORÇ. SINTÉTICO'!B11,'Orçamento Analítico'!$B:$B,0)+1,3) -> SINAPI | E11: =INDEX('Orçamento Analítico'!$B:$M,MATCH('ORÇ. SINTÉTICO'!B11,'Orçamento Analítico'!$B:$B,0)+1,4) -> FORNECIMENTO E INSTALAÇÃO DE PLACA DE OBRA COM CHAPA GALVANIZADA E ESTRUTURA DE MADEIRA. AF_03/2022_PS | G11: =INDEX('Orçamento Analítico'!$B:$M,MATCH('ORÇ. SINTÉTICO'!$B11,'Orçamento Analítico'!$B:$B,0)+1,5) -> Sinalização Vertical Viária | H11: =INDEX('Orçamento Analítico'!$B:$M,MATCH('ORÇ. SINTÉTICO'!B11,'Orçamento Analítico'!$B:$B,0)+1,7) -> m² | I11: 8 | J11: =INDEX('Orçamento Analítico'!$B:$M,MATCH(B11,'Orçamento Analítico'!$B:$B,0)+1,10) -> 458.76 | K11: =IF((OR($G11="MATERIAL",$G11="Equipamento")),K$5,K$4) -> 0.2423 | L11: =TRUNC(J11*(1+K11),2) -> 569.91 | M11: =TRUNC($I11 * J11, 2) -> 3670.08 | N11: =TRUNC($I11 * L11, 2) -> 4559.28 | O11: =N11/$M$135 -> 0.00058790367 | P11: =INDEX('Orçamento Analítico'!$B:$M,MATCH(B11,'Orçamento Analítico'!$B:$B,0)+1,12) -> 456.44 | Q11: =IF((OR($G11="MATERIAL",$G11="Equipamento")),Q$5,Q$4) -> 0.3066 | R11: =TRUNC(P11*(1+Q11),2) -> 596.38 | S11: =TRUNC($I11 * P11, 2) -> 3651.52 | T11: =TRUNC($I11 * R11, 2) -> 4771.04 | U11: =T11/$S$135 -> 0.00059198667
B12: 1.1.2 | C12: =INDEX('Orçamento Analítico'!$B:$M,MATCH('ORÇ. SINTÉTICO'!B12,'Orçamento Analítico'!$B:$B,0)+1,2) -> 1616 | D12: =INDEX('Orçamento Analítico'!$B:$M,MATCH('ORÇ. SINTÉTICO'!B12,'Orçamento Analítico'!$B:$B,0)+1,3) -> AGESUL | E12: =INDEX('Orçamento Analítico'!$B:$M,MATCH('ORÇ. SINTÉTICO'!B12,'Orçamento Analítico'!$B:$B,0)+1,4) -> LOCACAO DE BANHEIRO QUIMICO, INCLUSO 4 HIGIENIZAÇOES, MOBILIZACAO E DESMOBILIZACAO | G12: =INDEX('Orçamento Analítico'!$B:$M,MATCH('ORÇ. SINTÉTICO'!$B12,'Orçamento Analítico'!$B:$B,0)+1,5) -> Material | H12: =INDEX('Orçamento Analítico'!$B:$M,MATCH('ORÇ. SINTÉTICO'!B12,'Orçamento Analítico'!$B:$B,0)+1,7) -> MES | I12: 8 | J12: =INDEX('Orçamento Analítico'!$B:$M,MATCH(B12,'Orçamento Analítico'!$B:$B,0)+1,10) -> 800 | K12: =IF((OR($G12="MATERIAL",$G12="Equipamento")),K$5,K$4) -> 0.1527 | L12: =TRUNC(J12*(1+K12),2) -> 922.16 | M12: =TRUNC($I12 * J12, 2) -> 6400 | N12: =TRUNC($I12 * L12, 2) -> 7377.28 | O12: =N12/$M$135 -> 0.00095127519 | P12: =INDEX('Orçamento Analítico'!$B:$M,MATCH(B12,'Orçamento Analítico'!$B:$B,0)+1,12) -> 800 | Q12: =IF((OR($G12="MATERIAL",$G12="Equipamento")),Q$5,Q$4) -> 0.2092 | R12: =TRUNC(P12*(1+Q12),2) -> 967.36 | S12: =TRUNC($I12 * P12, 2) -> 6400 | T12: =TRUNC($I12 * R12, 2) -> 7738.88 | U12: =T12/$S$135 -> 0.00096023379
B13: 1.1.3 | C13: =INDEX('Orçamento Analítico'!$B:$M,MATCH('ORÇ. SINTÉTICO'!B13,'Orçamento Analítico'!$B:$B,0)+1,2) -> 00010776 | D13: =INDEX('Orçamento Analítico'!$B:$M,MATCH('ORÇ. SINTÉTICO'!B13,'Orçamento Analítico'!$B:$B,0)+1,3) -> SINAPI | E13: =INDEX('Orçamento Analítico'!$B:$M,MATCH('ORÇ. SINTÉTICO'!B13,'Orçamento Analítico'!$B:$B,0)+1,4) -> LOCACAO DE CONTAINER 2,30 X 6,00 M, ALT. 2,50 M, PARA ESCRITORIO, SEM DIVISORIAS INTERNAS E SEM SANITARIO (NAO INCLUI MOBILIZACAO/DESMOBILIZACAO) | G13: =INDEX('Orçamento Analítico'!$B:$M,MATCH('ORÇ. SINTÉTICO'!$B13,'Orçamento Analítico'!$B:$B,0)+1,5) -> Equipamento | H13: =INDEX('Orçamento Analítico'!$B:$M,MATCH('ORÇ. SINTÉTICO'!B13,'Orçamento Analítico'!$B:$B,0)+1,7) -> MES | I13: 8 | J13: =INDEX('Orçamento Analítico'!$B:$M,MATCH(B13,'Orçamento Analítico'!$B:$B,0)+1,10) -> 725.58 | K13: 0.1527 | L13: =TRUNC(J13*(1+K13),2) -> 836.37 | M13: =TRUNC($I13 * J13, 2) -> 5804.64 | N13: =TRUNC($I13 * L13, 2) -> 6690.96 | O13: =N13/$M$135 -> 0.00086277656 | P13: =INDEX('Orçamento Analítico'!$B:$M,MATCH(B13,'Orçamento Analítico'!$B:$B,0)+1,12) -> 725.58 | Q13: =IF((OR($G13="MATERIAL",$G13="Equipamento")),Q$5,Q$4) -> 0.2092 | R13: =TRUNC(P13*(1+Q13),2) -> 877.37 | S13: =TRUNC($I13 * P13, 2) -> 5804.64 | T13: =TRUNC($I13 * R13, 2) -> 7018.96 | U13: =T13/$S$135 -> 0.00087090672
B14: 1.1.4 | C14: =INDEX('Orçamento Analítico'!$B:$M,MATCH('ORÇ. SINTÉTICO'!B14,'Orçamento Analítico'!$B:$B,0)+1,2) -> PRE.LIG.ÁGUA | D14: =INDEX('Orçamento Analítico'!$B:$M,MATCH('ORÇ. SINTÉTICO'!B14,'Orçamento Analítico'!$B:$B,0)+1,3) -> Próprio | E14: =INDEX('Orçamento Analítico'!$B:$M,MATCH('ORÇ. SINTÉTICO'!B14,'Orçamento Analítico'!$B:$B,0)+1,4) -> LIGAÇÃO PROVISORIA DE ÁGUA | G14: =INDEX('Orçamento Analítico'!$B:$M,MATCH('ORÇ. SINTÉTICO'!$B14,'Orçamento Analítico'!$B:$B,0)+1,5) -> SEDI - SERVIÇOS DIVERSOS | H14: =INDEX('Orçamento Analítico'!$B:$M,MATCH('ORÇ. SINTÉTICO'!B14,'Orçamento Analítico'!$B:$B,0)+1,7) -> un | I14: 1 | J14: =INDEX('Orçamento Analítico'!$B:$M,MATCH(B14,'Orçamento Analítico'!$B:$B,0)+1,10) -> 995.63 | K14: =IF((OR($G14="MATERIAL",$G14="Equipamento")),K$5,K$4) -> 0.2423 | L14: =TRUNC(J14*(1+K14),2) -> 1236.87 | M14: =TRUNC($I14 * J14, 2) -> 995.63 | N14: =TRUNC($I14 * L14, 2) -> 1236.87 | O14: =N14/$M$135 -> 0.00015949018 | P14: =INDEX('Orçamento Analítico'!$B:$M,MATCH(B14,'Orçamento Analítico'!$B:$B,0)+1,12) -> 969.34 | Q14: =IF((OR($G14="MATERIAL",$G14="Equipamento")),Q$5,Q$4) -> 0.3066 | R14: =TRUNC(P14*(1+Q14),2) -> 1266.53 | S14: =TRUNC($I14 * P14, 2) -> 969.34 | T14: =TRUNC($I14 * R14, 2) -> 1266.53 | U14: =T14/$S$135 -> 0.00015714999
B15: 1.1.5 | C15: =INDEX('Orçamento Analítico'!$B:$M,MATCH('ORÇ. SINTÉTICO'!B15,'Orçamento Analítico'!$B:$B,0)+1,2) -> 00005033 | D15: =INDEX('Orçamento Analítico'!$B:$M,MATCH('ORÇ. SINTÉTICO'!B15,'Orçamento Analítico'!$B:$B,0)+1,3) -> SINAPI | E15: =INDEX('Orçamento Analítico'!$B:$M,MATCH('ORÇ. SINTÉTICO'!B15,'Orçamento Analítico'!$B:$B,0)+1,4) -> POSTE DE CONCRETO ARMADO DE SECAO DUPLO T, EXTENSAO DE 9,00 M, RESISTENCIA DE 300 A 400 DAN, TIPO B OU D | G15: =INDEX('Orçamento Analítico'!$B:$M,MATCH('ORÇ. SINTÉTICO'!$B15,'Orçamento Analítico'!$B:$B,0)+1,5) -> Material | H15: =INDEX('Orçamento Analítico'!$B:$M,MATCH('ORÇ. SINTÉTICO'!B15,'Orçamento Analítico'!$B:$B,0)+1,7) -> UN | I15: 1 | J15: =INDEX('Orçamento Analítico'!$B:$M,MATCH(B15,'Orçamento Analítico'!$B:$B,0)+1,10) -> 1149 | K15: =IF((OR($G15="MATERIAL",$G15="Equipamento")),K$5,K$4) -> 0.1527 | L15: =TRUNC(J15*(1+K15),2) -> 1324.45 | M15: =TRUNC($I15 * J15, 2) -> 1149 | N15: =TRUNC($I15 * L15, 2) -> 1324.45 | O15: =N15/$M$135 -> 0.00017078333 | P15: =INDEX('Orçamento Analítico'!$B:$M,MATCH(B15,'Orçamento Analítico'!$B:$B,0)+1,12) -> 1149 | Q15: =IF((OR($G15="MATERIAL",$G15="Equipamento")),Q$5,Q$4) -> 0.2092 | R15: =TRUNC(P15*(1+Q15),2) -> 1389.37 | S15: =TRUNC($I15 * P15, 2) -> 1149 | T15: =TRUNC($I15 * R15, 2) -> 1389.37 | U15: =T15/$S$135 -> 0.00017239187
B16: 1.1.6 | C16: =INDEX('Orçamento Analítico'!$B:$M,MATCH('ORÇ. SINTÉTICO'!B16,'Orçamento Analítico'!$B:$B,0)+1,2) -> 101507 | D16: =INDEX('Orçamento Analítico'!$B:$M,MATCH('ORÇ. SINTÉTICO'!B16,'Orçamento Analítico'!$B:$B,0)+1,3) -> SINAPI | E16: =INDEX('Orçamento Analítico'!$B:$M,MATCH('ORÇ. SINTÉTICO'!B16,'Orçamento Analítico'!$B:$B,0)+1,4) -> ENTRADA DE ENERGIA ELÉTRICA, AÉREA, TRIFÁSICA, COM CAIXA DE SOBREPOR, CABO DE 25 MM2 E DISJUNTOR DIN 50A (NÃO INCLUSO O POSTE DE CONCRETO). AF_07/2020_PS | G16: =INDEX('Orçamento Analítico'!$B:$M,MATCH('ORÇ. SINTÉTICO'!$B16,'Orçamento Analítico'!$B:$B,0)+1,5) -> Instalações Elétricas - Rede de Distribuição | H16: =INDEX('Orçamento Analítico'!$B:$M,MATCH('ORÇ. SINTÉTICO'!B16,'Orçamento Analítico'!$B:$B,0)+1,7) -> UN | I16: 1 | J16: =INDEX('Orçamento Analítico'!$B:$M,MATCH(B16,'Orçamento Analítico'!$B:$B,0)+1,10) -> 2256.74 | K16: =IF((OR($G16="MATERIAL",$G16="Equipamento")),K$5,K$4) -> 0.2423 | L16: =TRUNC(J16*(1+K16),2) -> 2803.54 | M16: =TRUNC($I16 * J16, 2) -> 2256.74 | N16: =TRUNC($I16 * L16, 2) -> 2803.54 | O16: =N16/$M$135 -> 0.00036150696 | P16: =INDEX('Orçamento Analítico'!$B:$M,MATCH(B16,'Orçamento Analítico'!$B:$B,0)+1,12) -> 2225.68 | Q16: =IF((OR($G16="MATERIAL",$G16="Equipamento")),Q$5,Q$4) -> 0.3066 | R16: =TRUNC(P16*(1+Q16),2) -> 2908.07 | S16: =TRUNC($I16 * P16, 2) -> 2225.68 | T16: =TRUNC($I16 * R16, 2) -> 2908.07 | U16: =T16/$S$135 -> 0.00036083091
B17: 1.1.7 | C17: =INDEX('Orçamento Analítico'!$B:$M,MATCH('ORÇ. SINTÉTICO'!B17,'Orçamento Analítico'!$B:$B,0)+1,2) -> 101203 | D17: =INDEX('Orçamento Analítico'!$B:$M,MATCH('ORÇ. SINTÉTICO'!B17,'Orçamento Analítico'!$B:$B,0)+1,3) -> SINAPI | E17: =INDEX('Orçamento Analítico'!$B:$M,MATCH('ORÇ. SINTÉTICO'!B17,'Orçamento Analítico'!$B:$B,0)+1,4) -> CERCA COM MOURÕES DE MADEIRA ROLIÇA, DIÂMETRO 11 CM, ESPAÇAMENTO DE 2,5 M, ALTURA LIVRE DE 1,7 M, CRAVADOS 0,5 M, COM 5 FIOS DE ARAME DE AÇO OVALADO 15X17 - FORNECIMENTO E INSTALAÇÃO. AF_05/2020 | G17: =INDEX('Orçamento Analítico'!$B:$M,MATCH('ORÇ. SINTÉTICO'!$B17,'Orçamento Analítico'!$B:$B,0)+1,5) -> Cercas, Protetores e Alambrados | H17: =INDEX('Orçamento Analítico'!$B:$M,MATCH('ORÇ. SINTÉTICO'!B17,'Orçamento Analítico'!$B:$B,0)+1,7) -> M | I17: =PRELIMINARES!G12 -> 400 | J17: =INDEX('Orçamento Analítico'!$B:$M,MATCH(B17,'Orçamento Analítico'!$B:$B,0)+1,10) -> 38.51 | K17: =IF((OR($G17="MATERIAL",$G17="Equipamento")),K$5,K$4) -> 0.2423 | L17: =TRUNC(J17*(1+K17),2) -> 47.84 | M17: =TRUNC($I17 * J17, 2) -> 15404 | N17: =TRUNC($I17 * L17, 2) -> 19136 | O17: =N17/$M$135 -> 0.0024675222 | P17: =INDEX('Orçamento Analítico'!$B:$M,MATCH(B17,'Orçamento Analítico'!$B:$B,0)+1,12) -> 37.43 | Q17: =IF((OR($G17="MATERIAL",$G17="Equipamento")),Q$5,Q$4) -> 0.3066 | R17: =TRUNC(P17*(1+Q17),2) -> 48.9 | S17: =TRUNC($I17 * P17, 2) -> 14972 | T17: =TRUNC($I17 * R17, 2) -> 19560 | U17: =T17/$S$135 -> 0.0024269885
B18: 1.1.8 | C18: =INDEX('Orçamento Analítico'!$B:$M,MATCH('ORÇ. SINTÉTICO'!B18,'Orçamento Analítico'!$B:$B,0)+1,2) -> 96622 | D18: =INDEX('Orçamento Analítico'!$B:$M,MATCH('ORÇ. SINTÉTICO'!B18,'Orçamento Analítico'!$B:$B,0)+1,3) -> SINAPI | E18: =INDEX('Orçamento Analítico'!$B:$M,MATCH('ORÇ. SINTÉTICO'!B18,'Orçamento Analítico'!$B:$B,0)+1,4) -> LASTRO COM MATERIAL GRANULAR, APLICADO EM PISOS OU LAJES SOBRE SOLO, ESPESSURA DE *5 CM*. AF_01/2024 | G18: =INDEX('Orçamento Analítico'!$B:$M,MATCH('ORÇ. SINTÉTICO'!$B18,'Orçamento Analítico'!$B:$B,0)+1,5) -> Lastro | H18: =INDEX('Orçamento Analítico'!$B:$M,MATCH('ORÇ. SINTÉTICO'!B18,'Orçamento Analítico'!$B:$B,0)+1,7) -> m³ | I18: =PRELIMINARES!G13 -> 7.5 | J18: =INDEX('Orçamento Analítico'!$B:$M,MATCH(B18,'Orçamento Analítico'!$B:$B,0)+1,10) -> 209.31 | K18: =IF((OR($G18="MATERIAL",$G18="Equipamento")),K$5,K$4) -> 0.2423 | L18: =TRUNC(J18*(1+K18),2) -> 260.02 | M18: =TRUNC($I18 * J18, 2) -> 1569.82 | N18: =TRUNC($I18 * L18, 2) -> 1950.15 | O18: =N18/$M$135 -> 0.00025146522 | P18: =INDEX('Orçamento Analítico'!$B:$M,MATCH(B18,'Orçamento Analítico'!$B:$B,0)+1,12) -> 205.22 | Q18: =IF((OR($G18="MATERIAL",$G18="Equipamento")),Q$5,Q$4) -> 0.3066 | R18: =TRUNC(P18*(1+Q18),2) -> 268.14 | S18: =TRUNC($I18 * P18, 2) -> 1539.15 | T18: =TRUNC($I18 * R18, 2) -> 2011.05 | U18: =T18/$S$135 -> 0.00024952941
B19: 1.1.9 | C19: =INDEX('Orçamento Analítico'!$B:$M,MATCH('ORÇ. SINTÉTICO'!B19,'Orçamento Analítico'!$B:$B,0)+1,2) -> 100982 | D19: =INDEX('Orçamento Analítico'!$B:$M,MATCH('ORÇ. SINTÉTICO'!B19,'Orçamento Analítico'!$B:$B,0)+1,3) -> SINAPI | E19: =INDEX('Orçamento Analítico'!$B:$M,MATCH('ORÇ. SINTÉTICO'!B19,'Orçamento Analítico'!$B:$B,0)+1,4) -> CARGA, MANOBRA E DESCARGA DE ENTULHO EM CAMINHÃO BASCULANTE 10 M³ - CARGA COM ESCAVADEIRA HIDRÁULICA (CAÇAMBA DE 0,80 M³ / 111 HP) E DESCARGA LIVRE (UNIDADE: M3). AF_07/2020 | G19: =INDEX('Orçamento Analítico'!$B:$M,MATCH('ORÇ. SINTÉTICO'!$B19,'Orçamento Analítico'!$B:$B,0)+1,5) -> Transporte, Carga e Descarga de Materiais | H19: =INDEX('Orçamento Analítico'!$B:$M,MATCH('ORÇ. SINTÉTICO'!B19,'Orçamento Analítico'!$B:$B,0)+1,7) -> m³ | I19: =PRELIMINARES!F21 -> 10.35 | J19: =INDEX('Orçamento Analítico'!$B:$M,MATCH(B19,'Orçamento Analítico'!$B:$B,0)+1,10) -> 9.07 | K19: =IF((OR($G19="MATERIAL",$G19="Equipamento")),K$5,K$4) -> 0.2423 | L19: =TRUNC(J19*(1+K19),2) -> 11.26 | M19: =TRUNC($I19 * J19, 2) -> 93.87 | N19: =TRUNC($I19 * L19, 2) -> 116.54 | O19: =N19/$M$135 -> 1.5027437e-05 | P19: =INDEX('Orçamento Analítico'!$B:$M,MATCH(B19,'Orçamento Analítico'!$B:$B,0)+1,12) -> 8.97 | Q19: =IF((OR($G19="MATERIAL",$G19="Equipamento")),Q$5,Q$4) -> 0.3066 | R19: =TRUNC(P19*(1+Q19),2) -> 11.72 | S19: =TRUNC($I19 * P19, 2) -> 92.83 | T19: =TRUNC($I19 * R19, 2) -> 121.3 | U19: =T19/$S$135 -> 1.5050803e-05
B20: 1.1.10 | C20: =INDEX('Orçamento Analítico'!$B:$M,MATCH('ORÇ. SINTÉTICO'!B20,'Orçamento Analítico'!$B:$B,0)+1,2) -> 95875 | D20: =INDEX('Orçamento Analítico'!$B:$M,MATCH('ORÇ. SINTÉTICO'!B20,'Orçamento Analítico'!$B:$B,0)+1,3) -> SINAPI | E20: =INDEX('Orçamento Analítico'!$B:$M,MATCH('ORÇ. SINTÉTICO'!B20,'Orçamento Analítico'!$B:$B,0)+1,4) -> TRANSPORTE COM CAMINHÃO BASCULANTE DE 10 M³, EM VIA URBANA PAVIMENTADA, DMT ATÉ 30 KM (UNIDADE: M3XKM). AF_07/2020 | F20: =DMT!F9 -> 18.2 | G20: =INDEX('Orçamento Analítico'!$B:$M,MATCH('ORÇ. SINTÉTICO'!$B20,'Orçamento Analítico'!$B:$B,0)+1,5) -> Transporte, Carga e Descarga de Materiais | H20: =INDEX('Orçamento Analítico'!$B:$M,MATCH('ORÇ. SINTÉTICO'!B20,'Orçamento Analítico'!$B:$B,0)+1,7) -> M3XKM | I20: =PRELIMINARES!F20 -> 188.37 | J20: =INDEX('Orçamento Analítico'!$B:$M,MATCH(B20,'Orçamento Analítico'!$B:$B,0)+1,10) -> 2.5 | K20: =IF((OR($G20="MATERIAL",$G20="Equipamento")),K$5,K$4) -> 0.2423 | L20: =TRUNC(J20*(1+K20),2) -> 3.1 | M20: =TRUNC($I20 * J20, 2) -> 470.92 | N20: =TRUNC($I20 * L20, 2) -> 583.94 | O20: =N20/$M$135 -> 7.5297079e-05 | P20: =INDEX('Orçamento Analítico'!$B:$M,MATCH(B20,'Orçamento Analítico'!$B:$B,0)+1,12) -> 2.48 | Q20: =IF((OR($G20="MATERIAL",$G20="Equipamento")),Q$5,Q$4) -> 0.3066 | R20: =TRUNC(P20*(1+Q20),2) -> 3.24 | S20: =TRUNC($I20 * P20, 2) -> 467.15 | T20: =TRUNC($I20 * R20, 2) -> 610.31 | U20: =T20/$S$135 -> 7.5726757e-05
B21: 1.1.11 | C21: =INDEX('Orçamento Analítico'!$B:$M,MATCH('ORÇ. SINTÉTICO'!B21,'Orçamento Analítico'!$B:$B,0)+1,2) -> PRE.SIN.ADVERT. | D21: =INDEX('Orçamento Analítico'!$B:$M,MATCH('ORÇ. SINTÉTICO'!B21,'Orçamento Analítico'!$B:$B,0)+1,3) -> Próprio | E21: =INDEX('Orçamento Analítico'!$B:$M,MATCH('ORÇ. SINTÉTICO'!B21,'Orçamento Analítico'!$B:$B,0)+1,4) -> SINALIZAÇÃO DE ADVERTÊNCIA DE OBRA COM PLACA (FUNDO LARANJA) SOBRE CAVALETE, CONFORME ABNT-NBR-7678 | G21: =INDEX('Orçamento Analítico'!$B:$M,MATCH('ORÇ. SINTÉTICO'!$B21,'Orçamento Analítico'!$B:$B,0)+1,5) -> SEDI - SERVIÇOS DIVERSOS | H21: =INDEX('Orçamento Analítico'!$B:$M,MATCH('ORÇ. SINTÉTICO'!B21,'Orçamento Analítico'!$B:$B,0)+1,7) -> un | I21: =PRELIMINARES!G14 -> 29 | J21: =INDEX('Orçamento Analítico'!$B:$M,MATCH(B21,'Orçamento Analítico'!$B:$B,0)+1,10) -> 492.48 | K21: =IF((OR($G21="MATERIAL",$G21="Equipamento")),K$5,K$4) -> 0.2423 | L21: =TRUNC(J21*(1+K21),2) -> 611.8 | M21: =TRUNC($I21 * J21, 2) -> 14281.92 | N21: =TRUNC($I21 * L21, 2) -> 17742.2 | O21: =N21/$M$135 -> 0.0022877964 | P21: =INDEX('Orçamento Analítico'!$B:$M,MATCH(B21,'Orçamento Analítico'!$B:$B,0)+1,12) -> 489.04 | Q21: =IF((OR($G21="MATERIAL",$G21="Equipamento")),Q$5,Q$4) -> 0.3066 | R21: =TRUNC(P21*(1+Q21),2) -> 638.97 | S21: =TRUNC($I21 * P21, 2) -> 14182.16 | T21: =TRUNC($I21 * R21, 2) -> 18530.13 | U21: =T21/$S$135 -> 0.0022992031
B22: 1.1.12 | C22: =INDEX('Orçamento Analítico'!$B:$M,MATCH('ORÇ. SINTÉTICO'!B22,'Orçamento Analítico'!$B:$B,0)+1,2) -> PRE.ISOL.OBRA | D22: =INDEX('Orçamento Analítico'!$B:$M,MATCH('ORÇ. SINTÉTICO'!B22,'Orçamento Analítico'!$B:$B,0)+1,3) -> Próprio | E22: =INDEX('Orçamento Analítico'!$B:$M,MATCH('ORÇ. SINTÉTICO'!B22,'Orçamento Analítico'!$B:$B,0)+1,4) -> ISOLAMENTO DE OBRA COM TELA PLASTICA COM MALHA DE 5MM | G22: =INDEX('Orçamento Analítico'!$B:$M,MATCH('ORÇ. SINTÉTICO'!$B22,'Orçamento Analítico'!$B:$B,0)+1,5) -> SERP - SERVIÇOS PRELIMINARES | H22: =INDEX('Orçamento Analítico'!$B:$M,MATCH('ORÇ. SINTÉTICO'!B22,'Orçamento Analítico'!$B:$B,0)+1,7) -> m² | I22: =PRELIMINARES!G15 -> 633 | J22: =INDEX('Orçamento Analítico'!$B:$M,MATCH(B22,'Orçamento Analítico'!$B:$B,0)+1,10) -> 9.52 | K22: =IF((OR($G22="MATERIAL",$G22="Equipamento")),K$5,K$4) -> 0.2423 | L22: =TRUNC(J22*(1+K22),2) -> 11.82 | M22: =TRUNC($I22 * J22, 2) -> 6026.16 | N22: =TRUNC($I22 * L22, 2) -> 7482.06 | O22: =N22/$M$135 -> 0.00096478622 | P22: =INDEX('Orçamento Analítico'!$B:$M,MATCH(B22,'Orçamento Analítico'!$B:$B,0)+1,12) -> 9.2 | Q22: =IF((OR($G22="MATERIAL",$G22="Equipamento")),Q$5,Q$4) -> 0.3066 | R22: =TRUNC(P22*(1+Q22),2) -> 12.02 | S22: =TRUNC($I22 * P22, 2) -> 5823.6 | T22: =TRUNC($I22 * R22, 2) -> 7608.66 | U22: =T22/$S$135 -> 0.0009440762
B23: 1.1.13 | C23: =INDEX('Orçamento Analítico'!$B:$M,MATCH('ORÇ. SINTÉTICO'!B23,'Orçamento Analítico'!$B:$B,0)+1,2) -> PRE.SIN.TRANS. | D23: =INDEX('Orçamento Analítico'!$B:$M,MATCH('ORÇ. SINTÉTICO'!B23,'Orçamento Analítico'!$B:$B,0)+1,3) -> Próprio | E23: =INDEX('Orçamento Analítico'!$B:$M,MATCH('ORÇ. SINTÉTICO'!B23,'Orçamento Analítico'!$B:$B,0)+1,4) -> SINALIZACAO DE TRANSITO - NOTURNA (AF.06/2024) | G23: =INDEX('Orçamento Analítico'!$B:$M,MATCH('ORÇ. SINTÉTICO'!$B23,'Orçamento Analítico'!$B:$B,0)+1,5) -> SERP - SERVIÇOS PRELIMINARES | H23: =INDEX('Orçamento Analítico'!$B:$M,MATCH('ORÇ. SINTÉTICO'!B23,'Orçamento Analítico'!$B:$B,0)+1,7) -> M | I23: =PRELIMINARES!G16 -> 528 | J23: =INDEX('Orçamento Analítico'!$B:$M,MATCH(B23,'Orçamento Analítico'!$B:$B,0)+1,10) -> 4.04 | K23: =IF((OR($G23="MATERIAL",$G23="Equipamento")),K$5,K$4) -> 0.2423 | L23: =TRUNC(J23*(1+K23),2) -> 5.01 | M23: =TRUNC($I23 * J23, 2) -> 2133.12 | N23: =TRUNC($I23 * L23, 2) -> 2645.28 | O23: =N23/$M$135 -> 0.00034109987 | P23: =INDEX('Orçamento Analítico'!$B:$M,MATCH(B23,'Orçamento Analítico'!$B:$B,0)+1,12) -> 3.89 | Q23: =IF((OR($G23="MATERIAL",$G23="Equipamento")),Q$5,Q$4) -> 0.3066 | R23: =TRUNC(P23*(1+Q23),2) -> 5.08 | S23: =TRUNC($I23 * P23, 2) -> 2053.92 | T23: =TRUNC($I23 * R23, 2) -> 2682.24 | U23: =T23/$S$135 -> 0.00033281011
B24: 1.2 | E24: DEMOLIÇÕES | I24: 1 | M24: =TRUNC(SUM(M25:M30),2) -> 13571.08 | N24: =TRUNC(SUM(N25:N30),2) -> 16857.67 | O24: =N24/$M$135 -> 0.0021737393 | S24: =TRUNC(SUM(S25:S30),2) -> 13035.19 | T24: =TRUNC(SUM(T25:T30),2) -> 17029.3 | U24: =T24/$S$135 -> 0.0021129814
B25: 1.2.1 | C25: =INDEX('Orçamento Analítico'!$B:$M,MATCH('ORÇ. SINTÉTICO'!B25,'Orçamento Analítico'!$B:$B,0)+1,2) -> DEM.CONCR.S | D25: =INDEX('Orçamento Analítico'!$B:$M,MATCH('ORÇ. SINTÉTICO'!B25,'Orçamento Analítico'!$B:$B,0)+1,3) -> Próprio | E25: =INDEX('Orçamento Analítico'!$B:$M,MATCH('ORÇ. SINTÉTICO'!B25,'Orçamento Analítico'!$B:$B,0)+1,4) -> DEMOLICAO DE CONCRETO SIMPLES, DE FORMA MANUAL, SEM REAPROVEITAMENTO (Ref. SINAPI 73616-11/2017) | G25: =INDEX('Orçamento Analítico'!$B:$M,MATCH('ORÇ. SINTÉTICO'!$B25,'Orçamento Analítico'!$B:$B,0)+1,5) -> SERP - SERVIÇOS PRELIMINARES | H25: =INDEX('Orçamento Analítico'!$B:$M,MATCH('ORÇ. SINTÉTICO'!B25,'Orçamento Analítico'!$B:$B,0)+1,7) -> m³ | I25: ='DEMOLIÇÕES E RETIRADAS'!O11 -> 15.53 | J25: =INDEX('Orçamento Analítico'!$B:$M,MATCH(B25,'Orçamento Analítico'!$B:$B,0)+1,10) -> 332.93 | K25: =IF((OR($G25="MATERIAL",$G25="Equipamento")),K$5,K$4) -> 0.2423 | L25: =TRUNC(J25*(1+K25),2) -> 413.59 | M25: =TRUNC($I25 * J25, 2) -> 5170.4 | N25: =TRUNC($I25 * L25, 2) -> 6423.05 | O25: =N25/$M$135 -> 0.00082823048 | P25: =INDEX('Orçamento Analítico'!$B:$M,MATCH(B25,'Orçamento Analítico'!$B:$B,0)+1,12) -> 315.08 | Q25: =IF((OR($G25="MATERIAL",$G25="Equipamento")),Q$5,Q$4) -> 0.3066 | R25: =TRUNC(P25*(1+Q25),2) -> 411.68 | S25: =TRUNC($I25 * P25, 2) -> 4893.19 | T25: =TRUNC($I25 * R25, 2) -> 6393.39 | U25: =T25/$S$135 -> 0.00079328651
B26: 1.2.2 | C26: =INDEX('Orçamento Analítico'!$B:$M,MATCH('ORÇ. SINTÉTICO'!B26,'Orçamento Analítico'!$B:$B,0)+1,2) -> 97636 | D26: =INDEX('Orçamento Analítico'!$B:$M,MATCH('ORÇ. SINTÉTICO'!B26,'Orçamento Analítico'!$B:$B,0)+1,3) -> SINAPI | E26: =INDEX('Orçamento Analítico'!$B:$M,MATCH('ORÇ. SINTÉTICO'!B26,'Orçamento Analítico'!$B:$B,0)+1,4) -> DEMOLIÇÃO PARCIAL DE PAVIMENTO ASFÁLTICO, DE FORMA MECANIZADA, SEM REAPROVEITAMENTO. AF_09/2023 | G26: =INDEX('Orçamento Analítico'!$B:$M,MATCH('ORÇ. SINTÉTICO'!$B26,'Orçamento Analítico'!$B:$B,0)+1,5) -> Demolições e Remoções | H26: =INDEX('Orçamento Analítico'!$B:$M,MATCH('ORÇ. SINTÉTICO'!B26,'Orçamento Analítico'!$B:$B,0)+1,7) -> m² | I26: ='DEMOLIÇÕES E RETIRADAS'!K8 -> 267.15 | J26: =INDEX('Orçamento Analítico'!$B:$M,MATCH(B26,'Orçamento Analítico'!$B:$B,0)+1,10) -> 22.54 | K26: =IF((OR($G26="MATERIAL",$G26="Equipamento")),K$5,K$4) -> 0.2423 | L26: =TRUNC(J26*(1+K26),2) -> 28 | M26: =TRUNC($I26 * J26, 2) -> 6021.56 | N26: =TRUNC($I26 * L26, 2) -> 7480.2 | O26: =N26/$M$135 -> 0.00096454638 | P26: =INDEX('Orçamento Analítico'!$B:$M,MATCH(B26,'Orçamento Analítico'!$B:$B,0)+1,12) -> 21.88 | Q26: =IF((OR($G26="MATERIAL",$G26="Equipamento")),Q$5,Q$4) -> 0.3066 | R26: =TRUNC(P26*(1+Q26),2) -> 28.58 | S26: =TRUNC($I26 * P26, 2) -> 5845.24 | T26: =TRUNC($I26 * R26, 2) -> 7635.14 | U26: =T26/$S$135 -> 0.00094736182
B27: 1.2.3 | C27: =INDEX('Orçamento Analítico'!$B:$M,MATCH('ORÇ. SINTÉTICO'!B27,'Orçamento Analítico'!$B:$B,0)+1,2) -> 100982 | D27: =INDEX('Orçamento Analítico'!$B:$M,MATCH('ORÇ. SINTÉTICO'!B27,'Orçamento Analítico'!$B:$B,0)+1,3) -> SINAPI | E27: =INDEX('Orçamento Analítico'!$B:$M,MATCH('ORÇ. SINTÉTICO'!B27,'Orçamento Analítico'!$B:$B,0)+1,4) -> CARGA, MANOBRA E DESCARGA DE ENTULHO EM CAMINHÃO BASCULANTE 10 M³ - CARGA COM ESCAVADEIRA HIDRÁULICA (CAÇAMBA DE 0,80 M³ / 111 HP) E DESCARGA LIVRE (UNIDADE: M3). AF_07/2020 | G27: =INDEX('Orçamento Analítico'!$B:$M,MATCH('ORÇ. SINTÉTICO'!$B27,'Orçamento Analítico'!$B:$B,0)+1,5) -> Transporte, Carga e Descarga de Materiais | H27: =INDEX('Orçamento Analítico'!$B:$M,MATCH('ORÇ. SINTÉTICO'!B27,'Orçamento Analítico'!$B:$B,0)+1,7) -> m³ | I27: ='DEMOLIÇÕES E RETIRADAS'!O14 -> 30.6 | J27: =INDEX('Orçamento Analítico'!$B:$M,MATCH(B27,'Orçamento Analítico'!$B:$B,0)+1,10) -> 9.07 | K27: =IF((OR($G27="MATERIAL",$G27="Equipamento")),K$5,K$4) -> 0.2423 | L27: =TRUNC(J27*(1+K27),2) -> 11.26 | M27: =TRUNC($I27 * J27, 2) -> 277.54 | N27: =TRUNC($I27 * L27, 2) -> 344.55 | O27: =N27/$M$135 -> 4.4428552e-05 | P27: =INDEX('Orçamento Analítico'!$B:$M,MATCH(B27,'Orçamento Analítico'!$B:$B,0)+1,12) -> 8.97 | Q27: =IF((OR($G27="MATERIAL",$G27="Equipamento")),Q$5,Q$4) -> 0.3066 | R27: =TRUNC(P27*(1+Q27),2) -> 11.72 | S27: =TRUNC($I27 * P27, 2) -> 274.48 | T27: =TRUNC($I27 * R27, 2) -> 358.63 | U27: =T27/$S$135 -> 4.4498512e-05
B28: 1.2.4 | C28: =INDEX('Orçamento Analítico'!$B:$M,MATCH('ORÇ. SINTÉTICO'!B28,'Orçamento Analítico'!$B:$B,0)+1,2) -> 95875 | D28: =INDEX('Orçamento Analítico'!$B:$M,MATCH('ORÇ. SINTÉTICO'!B28,'Orçamento Analítico'!$B:$B,0)+1,3) -> SINAPI | E28: =INDEX('Orçamento Analítico'!$B:$M,MATCH('ORÇ. SINTÉTICO'!B28,'Orçamento Analítico'!$B:$B,0)+1,4) -> TRANSPORTE COM CAMINHÃO BASCULANTE DE 10 M³, EM VIA URBANA PAVIMENTADA, DMT ATÉ 30 KM (UNIDADE: M3XKM). AF_07/2020 | F28: =DMT!F13 -> 4.6 | G28: =INDEX('Orçamento Analítico'!$B:$M,MATCH('ORÇ. SINTÉTICO'!$B28,'Orçamento Analítico'!$B:$B,0)+1,5) -> Transporte, Carga e Descarga de Materiais | H28: =INDEX('Orçamento Analítico'!$B:$M,MATCH('ORÇ. SINTÉTICO'!B28,'Orçamento Analítico'!$B:$B,0)+1,7) -> M3XKM | I28: ='DEMOLIÇÕES E RETIRADAS'!O15 -> 140.76 | J28: =INDEX('Orçamento Analítico'!$B:$M,MATCH(B28,'Orçamento Analítico'!$B:$B,0)+1,10) -> 2.5 | K28: =IF((OR($G28="MATERIAL",$G28="Equipamento")),K$5,K$4) -> 0.2423 | L28: =TRUNC(J28*(1+K28),2) -> 3.1 | M28: =TRUNC($I28 * J28, 2) -> 351.9 | N28: =TRUNC($I28 * L28, 2) -> 436.35 | O28: =N28/$M$135 -> 5.626585e-05 | P28: =INDEX('Orçamento Analítico'!$B:$M,MATCH(B28,'Orçamento Analítico'!$B:$B,0)+1,12) -> 2.48 | Q28: =IF((OR($G28="MATERIAL",$G28="Equipamento")),Q$5,Q$4) -> 0.3066 | R28: =TRUNC(P28*(1+Q28),2) -> 3.24 | S28: =TRUNC($I28 * P28, 2) -> 349.08 | T28: =TRUNC($I28 * R28, 2) -> 456.06 | U28: =T28/$S$135 -> 5.6587545e-05
B29: 1.2.5 | C29: =INDEX('Orçamento Analítico'!$B:$M,MATCH('ORÇ. SINTÉTICO'!B29,'Orçamento Analítico'!$B:$B,0)+1,2) -> 98529 | D29: =INDEX('Orçamento Analítico'!$B:$M,MATCH('ORÇ. SINTÉTICO'!B29,'Orçamento Analítico'!$B:$B,0)+1,3) -> SINAPI | E29: =INDEX('Orçamento Analítico'!$B:$M,MATCH('ORÇ. SINTÉTICO'!B29,'Orçamento Analítico'!$B:$B,0)+1,4) -> CORTE RASO E RECORTE DE ÁRVORE COM DIÂMETRO DE TRONCO MAIOR OU IGUAL A 0,20 M E MENOR QUE 0,40 M. AF_03/2024 | G29: =INDEX('Orçamento Analítico'!$B:$M,MATCH('ORÇ. SINTÉTICO'!$B29,'Orçamento Analítico'!$B:$B,0)+1,5) -> Supressão Vegetal | H29: =INDEX('Orçamento Analítico'!$B:$M,MATCH('ORÇ. SINTÉTICO'!B29,'Orçamento Analítico'!$B:$B,0)+1,7) -> UN | I29: ='DEMOLIÇÕES E RETIRADAS'!K10 -> 8 | J29: =INDEX('Orçamento Analítico'!$B:$M,MATCH(B29,'Orçamento Analítico'!$B:$B,0)+1,10) -> 80.72 | K29: =IF((OR($G29="MATERIAL",$G29="Equipamento")),K$5,K$4) -> 0.2423 | L29: =TRUNC(J29*(1+K29),2) -> 100.27 | M29: =TRUNC($I29 * J29, 2) -> 645.76 | N29: =TRUNC($I29 * L29, 2) -> 802.16 | O29: =N29/$M$135 -> 0.00010343581 | P29: =INDEX('Orçamento Analítico'!$B:$M,MATCH(B29,'Orçamento Analítico'!$B:$B,0)+1,12) -> 76.34 | Q29: =IF((OR($G29="MATERIAL",$G29="Equipamento")),Q$5,Q$4) -> 0.3066 | R29: =TRUNC(P29*(1+Q29),2) -> 99.74 | S29: =TRUNC($I29 * P29, 2) -> 610.72 | T29: =TRUNC($I29 * R29, 2) -> 797.92 | U29: =T29/$S$135 -> 9.900525e-05
B30: 1.2.6 | C30: =INDEX('Orçamento Analítico'!$B:$M,MATCH('ORÇ. SINTÉTICO'!B30,'Orçamento Analítico'!$B:$B,0)+1,2) -> 98526 | D30: =INDEX('Orçamento Analítico'!$B:$M,MATCH('ORÇ. SINTÉTICO'!B30,'Orçamento Analítico'!$B:$B,0)+1,3) -> SINAPI | E30: =INDEX('Orçamento Analítico'!$B:$M,MATCH('ORÇ. SINTÉTICO'!B30,'Orçamento Analítico'!$B:$B,0)+1,4) -> REMOÇÃO DE RAÍZES REMANESCENTES DE TRONCO DE ÁRVORE COM DIÂMETRO MAIOR OU IGUAL A 0,20 M E MENOR QUE 0,40 M. AF_03/2024 | G30: =INDEX('Orçamento Analítico'!$B:$M,MATCH('ORÇ. SINTÉTICO'!$B30,'Orçamento Analítico'!$B:$B,0)+1,5) -> Supressão Vegetal | H30: =INDEX('Orçamento Analítico'!$B:$M,MATCH('ORÇ. SINTÉTICO'!B30,'Orçamento Analítico'!$B:$B,0)+1,7) -> UN | I30: ='DEMOLIÇÕES E RETIRADAS'!K10 -> 8 | J30: =INDEX('Orçamento Analítico'!$B:$M,MATCH(B30,'Orçamento Analítico'!$B:$B,0)+1,10) -> 137.99 | K30: =IF((OR($G30="MATERIAL",$G30="Equipamento")),K$5,K$4) -> 0.2423 | L30: =TRUNC(J30*(1+K30),2) -> 171.42 | M30: =TRUNC($I30 * J30, 2) -> 1103.92 | N30: =TRUNC($I30 * L30, 2) -> 1371.36 | O30: =N30/$M$135 -> 0.00017683221 | P30: =INDEX('Orçamento Analítico'!$B:$M,MATCH(B30,'Orçamento Analítico'!$B:$B,0)+1,12) -> 132.81 | Q30: =IF((OR($G30="MATERIAL",$G30="Equipamento")),Q$5,Q$4) -> 0.3066 | R30: =TRUNC(P30*(1+Q30),2) -> 173.52 | S30: =TRUNC($I30 * P30, 2) -> 1062.48 | T30: =TRUNC($I30 * R30, 2) -> 1388.16 | U30: =T30/$S$135 -> 0.00017224174
B31: 2 | E31: DRENAGEM DE ÁGUAS PLUVIAIS | I31: 1 | M31: =M32+M52 -> 2294729.4 | N31: =N32+N52 -> 2741273.4 | O31: =N31/$M$135 -> 0.35347789 | S31: =S32+S52 -> 2269532.7 | T31: =T32+T52 -> 2845944.2 | U31: =T31/$M$135 -> 0.36697483
B32: 2.1 | E32: DRENAGEM - TERRAPLENAGEM | I32: 1 | M32: =TRUNC(SUM(M33:M51),2) -> 471645.68 | N32: =TRUNC(SUM(N33:N51),2) -> 585730.44 | O32: =N32/$M$135 -> 0.07552795 | S32: =TRUNC(SUM(S33:S51),2) -> 458046.78 | T32: =TRUNC(SUM(T33:T51),2) -> 598370.62 | U32: =T32/$M$135 -> 0.077157859
B33: 2.1.1 | C33: =INDEX('Orçamento Analítico'!$B:$M,MATCH('ORÇ. SINTÉTICO'!B33,'Orçamento Analítico'!$B:$B,0)+1,2) -> 90106 | D33: =INDEX('Orçamento Analítico'!$B:$M,MATCH('ORÇ. SINTÉTICO'!B33,'Orçamento Analítico'!$B:$B,0)+1,3) -> SINAPI | E33: =INDEX('Orçamento Analítico'!$B:$M,MATCH('ORÇ. SINTÉTICO'!B33,'Orçamento Analítico'!$B:$B,0)+1,4) -> ESCAVAÇÃO MECANIZADA DE VALA COM PROFUNDIDADE ATÉ 1,5 M (MÉDIA MONTANTE E JUSANTE/UMA COMPOSIÇÃO POR TRECHO), RETROESCAV. (0,26 M3), LARGURA DE 0,8 M A 1,5 M, EM SOLO DE 1A CATEGORIA, LOCAIS COM BAIXO NÍVEL DE INTERFERÊNCIA. AF_09/2024 | G33: =INDEX('Orçamento Analítico'!$B:$M,MATCH('ORÇ. SINTÉTICO'!$B33,'Orçamento Analítico'!$B:$B,0)+1,5) -> Escavação de Valas | H33: =INDEX('Orçamento Analítico'!$B:$M,MATCH('ORÇ. SINTÉTICO'!B33,'Orçamento Analítico'!$B:$B,0)+1,7) -> m³ | I33: =DRENAGEM!BL30 -> 1159.77 | J33: =INDEX('Orçamento Analítico'!$B:$M,MATCH(B33,'Orçamento Analítico'!$B:$B,0)+1,10) -> 8.42 | K33: =IF((OR($G33="MATERIAL",$G33="Equipamento")),K$5,K$4) -> 0.2423 | L33: =TRUNC(J33*(1+K33),2) -> 10.46 | M33: =TRUNC($I33 * J33, 2) -> 9765.26 | N33: =TRUNC($I33 * L33, 2) -> 12131.19 | O33: =N33/$M$135 -> 0.0015642757 | P33: =INDEX('Orçamento Analítico'!$B:$M,MATCH(B33,'Orçamento Analítico'!$B:$B,0)+1,12) -> 8.21 | Q33: =IF((OR($G33="MATERIAL",$G33="Equipamento")),Q$5,Q$4) -> 0.3066 | R33: =TRUNC(P33*(1+Q33),2) -> 10.72 | S33: =TRUNC($I33 * P33, 2) -> 9521.71 | T33: =TRUNC($I33 * R33, 2) -> 12432.73 | U33: =T33/$S$135 -> 0.0015426428
B34: 2.1.2 | C34: =INDEX('Orçamento Analítico'!$B:$M,MATCH('ORÇ. SINTÉTICO'!B34,'Orçamento Analítico'!$B:$B,0)+1,2) -> 102281 | D34: =INDEX('Orçamento Analítico'!$B:$M,MATCH('ORÇ. SINTÉTICO'!B34,'Orçamento Analítico'!$B:$B,0)+1,3) -> SINAPI | E34: =INDEX('Orçamento Analítico'!$B:$M,MATCH('ORÇ. SINTÉTICO'!B34,'Orçamento Analítico'!$B:$B,0)+1,4) -> ESCAVAÇÃO MECANIZADA DE VALA COM PROF. MAIOR QUE 1,5 M ATÉ 3,0 M (MÉDIA MONTANTE E JUSANTE/UMA COMPOSIÇÃO POR TRECHO),COM ESCAVADEIRA (1,2 M3),LARG. DE 1,5 M A 2,5 M, EM SOLO DE 1A CATEGORIA, LOCAIS COM BAIXO NÍVEL DE INTERFERÊNCIA. AF_09/2024 | G34: =INDEX('Orçamento Analítico'!$B:$M,MATCH('ORÇ. SINTÉTICO'!$B34,'Orçamento Analítico'!$B:$B,0)+1,5) -> Escavação de Valas | H34: =INDEX('Orçamento Analítico'!$B:$M,MATCH('ORÇ. SINTÉTICO'!B34,'Orçamento Analítico'!$B:$B,0)+1,7) -> m³ | I34: =DRENAGEM!BP30 -> 3637.07 | J34: =INDEX('Orçamento Analítico'!$B:$M,MATCH(B34,'Orçamento Analítico'!$B:$B,0)+1,10) -> 5.63 | K34: =IF((OR($G34="MATERIAL",$G34="Equipamento")),K$5,K$4) -> 0.2423 | L34: =TRUNC(J34*(1+K34),2) -> 6.99 | M34: =TRUNC($I34 * J34, 2) -> 20476.7 | N34: =TRUNC($I34 * L34, 2) -> 25423.11 | O34: =N34/$M$135 -> 0.0032782237 | P34: =INDEX('Orçamento Analítico'!$B:$M,MATCH(B34,'Orçamento Analítico'!$B:$B,0)+1,12) -> 5.53 | Q34: =IF((OR($G34="MATERIAL",$G34="Equipamento")),Q$5,Q$4) -> 0.3066 | R34: =TRUNC(P34*(1+Q34),2) -> 7.22 | S34: =TRUNC($I34 * P34, 2) -> 20112.99 | T34: =TRUNC($I34 * R34, 2) -> 26259.64 | U34: =T34/$S$135 -> 0.0032582743
B35: 2.1.3 | C35: =INDEX('Orçamento Analítico'!$B:$M,MATCH('ORÇ. SINTÉTICO'!B35,'Orçamento Analítico'!$B:$B,0)+1,2) -> 90095 | D35: =INDEX('Orçamento Analítico'!$B:$M,MATCH('ORÇ. SINTÉTICO'!B35,'Orçamento Analítico'!$B:$B,0)+1,3) -> SINAPI | E35: =INDEX('Orçamento Analítico'!$B:$M,MATCH('ORÇ. SINTÉTICO'!B35,'Orçamento Analítico'!$B:$B,0)+1,4) -> ESCAVAÇÃO MECANIZADA DE VALA COM PROF. MAIOR QUE 3,0 M ATÉ 4,5 M (MÉDIA MONTANTE E JUSANTE/UMA COMPOSIÇÃO POR TRECHO), ESCAVADEIRA (1,2 M3), LARG. DE 1,5 M A 2,5 M, EM SOLO DE 1A CATEGORIA, LOCAIS COM BAIXO NÍVEL DE INTERFERÊNCIA. AF_09/2024 | G35: =INDEX('Orçamento Analítico'!$B:$M,MATCH('ORÇ. SINTÉTICO'!$B35,'Orçamento Analítico'!$B:$B,0)+1,5) -> Escavação de Valas | H35: =INDEX('Orçamento Analítico'!$B:$M,MATCH('ORÇ. SINTÉTICO'!B35,'Orçamento Analítico'!$B:$B,0)+1,7) -> m³ | I35: =DRENAGEM!BS30 -> 1269.59 | J35: =INDEX('Orçamento Analítico'!$B:$M,MATCH(B35,'Orçamento Analítico'!$B:$B,0)+1,10) -> 5.41 | K35: =IF((OR($G35="MATERIAL",$G35="Equipamento")),K$5,K$4) -> 0.2423 | L35: =TRUNC(J35*(1+K35),2) -> 6.72 | M35: =TRUNC($I35 * J35, 2) -> 6868.48 | N35: =TRUNC($I35 * L35, 2) -> 8531.64 | O35: =N35/$M$135 -> 0.001100126 | P35: =INDEX('Orçamento Analítico'!$B:$M,MATCH(B35,'Orçamento Analítico'!$B:$B,0)+1,12) -> 5.33 | Q35: =IF((OR($G35="MATERIAL",$G35="Equipamento")),Q$5,Q$4) -> 0.3066 | R35: =TRUNC(P35*(1+Q35),2) -> 6.96 | S35: =TRUNC($I35 * P35, 2) -> 6766.91 | T35: =TRUNC($I35 * R35, 2) -> 8836.34 | U35: =T35/$S$135 -> 0.0010964057
B36: 2.1.4 | C36: =INDEX('Orçamento Analítico'!$B:$M,MATCH('ORÇ. SINTÉTICO'!B36,'Orçamento Analítico'!$B:$B,0)+1,2) -> 90098 | D36: =INDEX('Orçamento Analítico'!$B:$M,MATCH('ORÇ. SINTÉTICO'!B36,'Orçamento Analítico'!$B:$B,0)+1,3) -> SINAPI | E36: =INDEX('Orçamento Analítico'!$B:$M,MATCH('ORÇ. SINTÉTICO'!B36,'Orçamento Analítico'!$B:$B,0)+1,4) -> ESCAVAÇÃO MECANIZADA DE VALA COM PROF. MAIOR QUE 4,5 M ATÉ 6,0 M (MÉDIA MONTANTE E JUSANTE/UMA COMPOSIÇÃO POR TRECHO), ESCAVADEIRA (1,2 M3), LARG. DE 1,5 M A 2,5 M, EM SOLO DE 1A CATEGORIA, LOCAIS COM BAIXO NÍVEL DE INTERFERÊNCIA. AF_09/2024 | G36: =INDEX('Orçamento Analítico'!$B:$M,MATCH('ORÇ. SINTÉTICO'!$B36,'Orçamento Analítico'!$B:$B,0)+1,5) -> Escavação de Valas | H36: =INDEX('Orçamento Analítico'!$B:$M,MATCH('ORÇ. SINTÉTICO'!B36,'Orçamento Analítico'!$B:$B,0)+1,7) -> m³ | I36: =DRENAGEM!BV30 -> 3577.91 | J36: =INDEX('Orçamento Analítico'!$B:$M,MATCH(B36,'Orçamento Analítico'!$B:$B,0)+1,10) -> 5.3 | K36: =IF((OR($G36="MATERIAL",$G36="Equipamento")),K$5,K$4) -> 0.2423 | L36: =TRUNC(J36*(1+K36),2) -> 6.58 | M36: =TRUNC($I36 * J36, 2) -> 18962.92 | N36: =TRUNC($I36 * L36, 2) -> 23542.64 | O36: =N36/$M$135 -> 0.0030357434 | P36: =INDEX('Orçamento Analítico'!$B:$M,MATCH(B36,'Orçamento Analítico'!$B:$B,0)+1,12) -> 5.22 | Q36: =IF((OR($G36="MATERIAL",$G36="Equipamento")),Q$5,Q$4) -> 0.3066 | R36: =TRUNC(P36*(1+Q36),2) -> 6.82 | S36: =TRUNC($I36 * P36, 2) -> 18676.69 | T36: =TRUNC($I36 * R36, 2) -> 24401.34 | U36: =T36/$S$135 -> 0.003027698
B37: 2.1.5 | C37: =INDEX('Orçamento Analítico'!$B:$M,MATCH('ORÇ. SINTÉTICO'!B37,'Orçamento Analítico'!$B:$B,0)+1,2) -> 100978 | D37: =INDEX('Orçamento Analítico'!$B:$M,MATCH('ORÇ. SINTÉTICO'!B37,'Orçamento Analítico'!$B:$B,0)+1,3) -> SINAPI | E37: =INDEX('Orçamento Analítico'!$B:$M,MATCH('ORÇ. SINTÉTICO'!B37,'Orçamento Analítico'!$B:$B,0)+1,4) -> CARGA, MANOBRA E DESCARGA DE SOLOS E MATERIAIS GRANULARES EM CAMINHÃO BASCULANTE 10 M³ - CARGA COM ESCAVADEIRA HIDRÁULICA (CAÇAMBA DE 1,20 M³ / 155 HP) E DESCARGA LIVRE (UNIDADE: M3). AF_07/2020 | G37: =INDEX('Orçamento Analítico'!$B:$M,MATCH('ORÇ. SINTÉTICO'!$B37,'Orçamento Analítico'!$B:$B,0)+1,5) -> Transporte, Carga e Descarga de Materiais | H37: =INDEX('Orçamento Analítico'!$B:$M,MATCH('ORÇ. SINTÉTICO'!B37,'Orçamento Analítico'!$B:$B,0)+1,7) -> m³ | I37: =DRENAGEM!CA30 -> 1292.65 | J37: =INDEX('Orçamento Analítico'!$B:$M,MATCH(B37,'Orçamento Analítico'!$B:$B,0)+1,10) -> 7.03 | K37: =IF((OR($G37="MATERIAL",$G37="Equipamento")),K$5,K$4) -> 0.2423 | L37: =TRUNC(J37*(1+K37),2) -> 8.73 | M37: =TRUNC($I37 * J37, 2) -> 9087.32 | N37: =TRUNC($I37 * L37, 2) -> 11284.83 | O37: =N37/$M$135 -> 0.0014551405 | P37: =INDEX('Orçamento Analítico'!$B:$M,MATCH(B37,'Orçamento Analítico'!$B:$B,0)+1,12) -> 6.95 | Q37: =IF((OR($G37="MATERIAL",$G37="Equipamento")),Q$5,Q$4) -> 0.3066 | R37: =TRUNC(P37*(1+Q37),2) -> 9.08 | S37: =TRUNC($I37 * P37, 2) -> 8983.91 | T37: =TRUNC($I37 * R37, 2) -> 11737.26 | U37: =T37/$S$135 -> 0.0014563495
B38: 2.1.6 | C38: =INDEX('Orçamento Analítico'!$B:$M,MATCH('ORÇ. SINTÉTICO'!B38,'Orçamento Analítico'!$B:$B,0)+1,2) -> 95875 | D38: =INDEX('Orçamento Analítico'!$B:$M,MATCH('ORÇ. SINTÉTICO'!B38,'Orçamento Analítico'!$B:$B,0)+1,3) -> SINAPI | E38: =INDEX('Orçamento Analítico'!$B:$M,MATCH('ORÇ. SINTÉTICO'!B38,'Orçamento Analítico'!$B:$B,0)+1,4) -> TRANSPORTE COM CAMINHÃO BASCULANTE DE 10 M³, EM VIA URBANA PAVIMENTADA, DMT ATÉ 30 KM (UNIDADE: M3XKM). AF_07/2020 | F38: =DMT!F13 -> 4.6 | G38: =INDEX('Orçamento Analítico'!$B:$M,MATCH('ORÇ. SINTÉTICO'!$B38,'Orçamento Analítico'!$B:$B,0)+1,5) -> Transporte, Carga e Descarga de Materiais | H38: =INDEX('Orçamento Analítico'!$B:$M,MATCH('ORÇ. SINTÉTICO'!B38,'Orçamento Analítico'!$B:$B,0)+1,7) -> M3XKM | I38: =DRENAGEM!AW50 -> 5946.19 | J38: =INDEX('Orçamento Analítico'!$B:$M,MATCH(B38,'Orçamento Analítico'!$B:$B,0)+1,10) -> 2.5 | K38: =IF((OR($G38="MATERIAL",$G38="Equipamento")),K$5,K$4) -> 0.2423 | L38: =TRUNC(J38*(1+K38),2) -> 3.1 | M38: =TRUNC($I38 * J38, 2) -> 14865.47 | N38: =TRUNC($I38 * L38, 2) -> 18433.18 | O38: =N38/$M$135 -> 0.0023768959 | P38: =INDEX('Orçamento Analítico'!$B:$M,MATCH(B38,'Orçamento Analítico'!$B:$B,0)+1,12) -> 2.48 | Q38: =IF((OR($G38="MATERIAL",$G38="Equipamento")),Q$5,Q$4) -> 0.3066 | R38: =TRUNC(P38*(1+Q38),2) -> 3.24 | S38: =TRUNC($I38 * P38, 2) -> 14746.55 | T38: =TRUNC($I38 * R38, 2) -> 19265.65 | U38: =T38/$S$135 -> 0.0023904658
B39: 2.1.7 | C39: =INDEX('Orçamento Analítico'!$B:$M,MATCH('ORÇ. SINTÉTICO'!B39,'Orçamento Analítico'!$B:$B,0)+1,2) -> 100574 | D39: =INDEX('Orçamento Analítico'!$B:$M,MATCH('ORÇ. SINTÉTICO'!B39,'Orçamento Analítico'!$B:$B,0)+1,3) -> SINAPI | E39: =INDEX('Orçamento Analítico'!$B:$M,MATCH('ORÇ. SINTÉTICO'!B39,'Orçamento Analítico'!$B:$B,0)+1,4) -> ESPALHAMENTO DE MATERIAL COM TRATOR DE ESTEIRAS. AF_09/2024 | G39: =INDEX('Orçamento Analítico'!$B:$M,MATCH('ORÇ. SINTÉTICO'!$B39,'Orçamento Analítico'!$B:$B,0)+1,5) -> Aterros, Bases, Sub bases e Imprimações | H39: =INDEX('Orçamento Analítico'!$B:$M,MATCH('ORÇ. SINTÉTICO'!B39,'Orçamento Analítico'!$B:$B,0)+1,7) -> m³ | I39: =DRENAGEM!BW30 -> 1124.05 | J39: =INDEX('Orçamento Analítico'!$B:$M,MATCH(B39,'Orçamento Analítico'!$B:$B,0)+1,10) -> 1.42 | K39: =IF((OR($G39="MATERIAL",$G39="Equipamento")),K$5,K$4) -> 0.2423 | L39: =TRUNC(J39*(1+K39),2) -> 1.76 | M39: =TRUNC($I39 * J39, 2) -> 1596.15 | N39: =TRUNC($I39 * L39, 2) -> 1978.32 | O39: =N39/$M$135 -> 0.00025509764 | P39: =INDEX('Orçamento Analítico'!$B:$M,MATCH(B39,'Orçamento Analítico'!$B:$B,0)+1,12) -> 1.39 | Q39: =IF((OR($G39="MATERIAL",$G39="Equipamento")),Q$5,Q$4) -> 0.3066 | R39: =TRUNC(P39*(1+Q39),2) -> 1.81 | S39: =TRUNC($I39 * P39, 2) -> 1562.42 | T39: =TRUNC($I39 * R39, 2) -> 2034.53 | U39: =T39/$S$135 -> 0.00025244279
B40: 2.1.8 | C40: =INDEX('Orçamento Analítico'!$B:$M,MATCH('ORÇ. SINTÉTICO'!B40,'Orçamento Analítico'!$B:$B,0)+1,2) -> 101573 | D40: =INDEX('Orçamento Analítico'!$B:$M,MATCH('ORÇ. SINTÉTICO'!B40,'Orçamento Analítico'!$B:$B,0)+1,3) -> SINAPI | E40: =INDEX('Orçamento Analítico'!$B:$M,MATCH('ORÇ. SINTÉTICO'!B40,'Orçamento Analítico'!$B:$B,0)+1,4) -> ESCORAMENTO DE VALA, TIPO PONTALETEAMENTO, COM PROFUNDIDADE DE 1,5 A 3,0 M, LARGURA MAIOR OU IGUAL A 1,5 M E MENOR QUE 2,5 M. AF_08/2020 | G40: =INDEX('Orçamento Analítico'!$B:$M,MATCH('ORÇ. SINTÉTICO'!$B40,'Orçamento Analítico'!$B:$B,0)+1,5) -> Escoramento e Preparo de Fundo de Valas | H40: =INDEX('Orçamento Analítico'!$B:$M,MATCH('ORÇ. SINTÉTICO'!B40,'Orçamento Analítico'!$B:$B,0)+1,7) -> m² | I40: =DRENAGEM!CE30 -> 3775.65 | J40: =INDEX('Orçamento Analítico'!$B:$M,MATCH(B40,'Orçamento Analítico'!$B:$B,0)+1,10) -> 27.19 | K40: =IF((OR($G40="MATERIAL",$G40="Equipamento")),K$5,K$4) -> 0.2423 | L40: =TRUNC(J40*(1+K40),2) -> 33.77 | M40: =TRUNC($I40 * J40, 2) -> 102659.92 | N40: =TRUNC($I40 * L40, 2) -> 127503.7 | O40: =N40/$M$135 -> 0.016441169 | P40: =INDEX('Orçamento Analítico'!$B:$M,MATCH(B40,'Orçamento Analítico'!$B:$B,0)+1,12) -> 26.07 | Q40: =IF((OR($G40="MATERIAL",$G40="Equipamento")),Q$5,Q$4) -> 0.3066 | R40: =TRUNC(P40*(1+Q40),2) -> 34.06 | S40: =TRUNC($I40 * P40, 2) -> 98431.19 | T40: =TRUNC($I40 * R40, 2) -> 128598.63 | U40: =T40/$S$135 -> 0.015956411
B41: 2.1.9 | C41: =INDEX('Orçamento Analítico'!$B:$M,MATCH('ORÇ. SINTÉTICO'!B41,'Orçamento Analítico'!$B:$B,0)+1,2) -> 101575 | D41: =INDEX('Orçamento Analítico'!$B:$M,MATCH('ORÇ. SINTÉTICO'!B41,'Orçamento Analítico'!$B:$B,0)+1,3) -> SINAPI | E41: =INDEX('Orçamento Analítico'!$B:$M,MATCH('ORÇ. SINTÉTICO'!B41,'Orçamento Analítico'!$B:$B,0)+1,4) -> ESCORAMENTO DE VALA, TIPO PONTALETEAMENTO, COM PROFUNDIDADE DE 3,0 A 4,5 M, LARGURA MAIOR OU IGUAL A 1,5 M E MENOR QUE 2,5 M. AF_08/2020 | G41: =INDEX('Orçamento Analítico'!$B:$M,MATCH('ORÇ. SINTÉTICO'!$B41,'Orçamento Analítico'!$B:$B,0)+1,5) -> Escoramento e Preparo de Fundo de Valas | H41: =INDEX('Orçamento Analítico'!$B:$M,MATCH('ORÇ. SINTÉTICO'!B41,'Orçamento Analítico'!$B:$B,0)+1,7) -> m² | I41: =DRENAGEM!CG30 -> 3122.66 | J41: =INDEX('Orçamento Analítico'!$B:$M,MATCH(B41,'Orçamento Analítico'!$B:$B,0)+1,10) -> 23.68 | K41: =IF((OR($G41="MATERIAL",$G41="Equipamento")),K$5,K$4) -> 0.2423 | L41: =TRUNC(J41*(1+K41),2) -> 29.41 | M41: =TRUNC($I41 * J41, 2) -> 73944.58 | N41: =TRUNC($I41 * L41, 2) -> 91837.43 | O41: =N41/$M$135 -> 0.011842125 | P41: =INDEX('Orçamento Analítico'!$B:$M,MATCH(B41,'Orçamento Analítico'!$B:$B,0)+1,12) -> 22.78 | Q41: =IF((OR($G41="MATERIAL",$G41="Equipamento")),Q$5,Q$4) -> 0.3066 | R41: =TRUNC(P41*(1+Q41),2) -> 29.76 | S41: =TRUNC($I41 * P41, 2) -> 71134.19 | T41: =TRUNC($I41 * R41, 2) -> 92930.36 | U41: =T41/$S$135 -> 0.011530722
B42: 2.1.10 | C42: =INDEX('Orçamento Analítico'!$B:$M,MATCH('ORÇ. SINTÉTICO'!B42,'Orçamento Analítico'!$B:$B,0)+1,2) -> 101616 | D42: =INDEX('Orçamento Analítico'!$B:$M,MATCH('ORÇ. SINTÉTICO'!B42,'Orçamento Analítico'!$B:$B,0)+1,3) -> SINAPI | E42: =INDEX('Orçamento Analítico'!$B:$M,MATCH('ORÇ. SINTÉTICO'!B42,'Orçamento Analítico'!$B:$B,0)+1,4) -> PREPARO DE FUNDO DE VALA COM LARGURA MENOR QUE 1,5 M (ACERTO DO SOLO NATURAL). AF_08/2020 | G42: =INDEX('Orçamento Analítico'!$B:$M,MATCH('ORÇ. SINTÉTICO'!$B42,'Orçamento Analítico'!$B:$B,0)+1,5) -> Escoramento e Preparo de Fundo de Valas | H42: =INDEX('Orçamento Analítico'!$B:$M,MATCH('ORÇ. SINTÉTICO'!B42,'Orçamento Analítico'!$B:$B,0)+1,7) -> m² | I42: =DRENAGEM!CH30 -> 1510 | J42: =INDEX('Orçamento Analítico'!$B:$M,MATCH(B42,'Orçamento Analítico'!$B:$B,0)+1,10) -> 7.78 | K42: =IF((OR($G42="MATERIAL",$G42="Equipamento")),K$5,K$4) -> 0.2423 | L42: =TRUNC(J42*(1+K42),2) -> 9.66 | M42: =TRUNC($I42 * J42, 2) -> 11747.8 | N42: =TRUNC($I42 * L42, 2) -> 14586.6 | O42: =N42/$M$135 -> 0.0018808925 | P42: =INDEX('Orçamento Analítico'!$B:$M,MATCH(B42,'Orçamento Analítico'!$B:$B,0)+1,12) -> 7.35 | Q42: =IF((OR($G42="MATERIAL",$G42="Equipamento")),Q$5,Q$4) -> 0.3066 | R42: =TRUNC(P42*(1+Q42),2) -> 9.6 | S42: =TRUNC($I42 * P42, 2) -> 11098.5 | T42: =TRUNC($I42 * R42, 2) -> 14496 | U42: =T42/$S$135 -> 0.0017986516
B43: 2.1.11 | C43: =INDEX('Orçamento Analítico'!$B:$M,MATCH('ORÇ. SINTÉTICO'!B43,'Orçamento Analítico'!$B:$B,0)+1,2) -> 101617 | D43: =INDEX('Orçamento Analítico'!$B:$M,MATCH('ORÇ. SINTÉTICO'!B43,'Orçamento Analítico'!$B:$B,0)+1,3) -> SINAPI | E43: =INDEX('Orçamento Analítico'!$B:$M,MATCH('ORÇ. SINTÉTICO'!B43,'Orçamento Analítico'!$B:$B,0)+1,4) -> PREPARO DE FUNDO DE VALA COM LARGURA MAIOR OU IGUAL A 1,5 M E MENOR QUE 2,5 M (ACERTO DO SOLO NATURAL). AF_08/2020 | G43: =INDEX('Orçamento Analítico'!$B:$M,MATCH('ORÇ. SINTÉTICO'!$B43,'Orçamento Analítico'!$B:$B,0)+1,5) -> Escoramento e Preparo de Fundo de Valas | H43: =INDEX('Orçamento Analítico'!$B:$M,MATCH('ORÇ. SINTÉTICO'!B43,'Orçamento Analítico'!$B:$B,0)+1,7) -> m² | I43: =DRENAGEM!CI30 -> 123.2 | J43: =INDEX('Orçamento Analítico'!$B:$M,MATCH(B43,'Orçamento Analítico'!$B:$B,0)+1,10) -> 3.53 | K43: =IF((OR($G43="MATERIAL",$G43="Equipamento")),K$5,K$4) -> 0.2423 | L43: =TRUNC(J43*(1+K43),2) -> 4.38 | M43: =TRUNC($I43 * J43, 2) -> 434.89 | N43: =TRUNC($I43 * L43, 2) -> 539.61 | O43: =N43/$M$135 -> 6.9580876e-05 | P43: =INDEX('Orçamento Analítico'!$B:$M,MATCH(B43,'Orçamento Analítico'!$B:$B,0)+1,12) -> 3.34 | Q43: =IF((OR($G43="MATERIAL",$G43="Equipamento")),Q$5,Q$4) -> 0.3066 | R43: =TRUNC(P43*(1+Q43),2) -> 4.36 | S43: =TRUNC($I43 * P43, 2) -> 411.48 | T43: =TRUNC($I43 * R43, 2) -> 537.15 | U43: =T43/$S$135 -> 6.6649125e-05
B44: 2.1.12 | C44: =INDEX('Orçamento Analítico'!$B:$M,MATCH('ORÇ. SINTÉTICO'!B44,'Orçamento Analítico'!$B:$B,0)+1,2) -> 101624 | D44: =INDEX('Orçamento Analítico'!$B:$M,MATCH('ORÇ. SINTÉTICO'!B44,'Orçamento Analítico'!$B:$B,0)+1,3) -> SINAPI | E44: =INDEX('Orçamento Analítico'!$B:$M,MATCH('ORÇ. SINTÉTICO'!B44,'Orçamento Analítico'!$B:$B,0)+1,4) -> PREPARO DE FUNDO DE VALA COM LARGURA MAIOR OU IGUAL A 1,5 M E MENOR QUE 2,5 M, COM CAMADA DE BRITA, LANÇAMENTO MECANIZADO. AF_08/2020 | G44: =INDEX('Orçamento Analítico'!$B:$M,MATCH('ORÇ. SINTÉTICO'!$B44,'Orçamento Analítico'!$B:$B,0)+1,5) -> Escoramento e Preparo de Fundo de Valas | H44: =INDEX('Orçamento Analítico'!$B:$M,MATCH('ORÇ. SINTÉTICO'!B44,'Orçamento Analítico'!$B:$B,0)+1,7) -> m³ | I44: =DRENAGEM!CL30 -> 210.8 | J44: =INDEX('Orçamento Analítico'!$B:$M,MATCH(B44,'Orçamento Analítico'!$B:$B,0)+1,10) -> 227.01 | K44: =IF((OR($G44="MATERIAL",$G44="Equipamento")),K$5,K$4) -> 0.2423 | L44: =TRUNC(J44*(1+K44),2) -> 282.01 | M44: =TRUNC($I44 * J44, 2) -> 47853.7 | N44: =TRUNC($I44 * L44, 2) -> 59447.7 | O44: =N44/$M$135 -> 0.007665579 | P44: =INDEX('Orçamento Analítico'!$B:$M,MATCH(B44,'Orçamento Analítico'!$B:$B,0)+1,12) -> 223.27 | Q44: =IF((OR($G44="MATERIAL",$G44="Equipamento")),Q$5,Q$4) -> 0.3066 | R44: =TRUNC(P44*(1+Q44),2) -> 291.72 | S44: =TRUNC($I44 * P44, 2) -> 47065.31 | T44: =TRUNC($I44 * R44, 2) -> 61494.57 | U44: =T44/$S$135 -> 0.0076301951
B45: 2.1.13 | C45: =INDEX('Orçamento Analítico'!$B:$M,MATCH('ORÇ. SINTÉTICO'!B45,'Orçamento Analítico'!$B:$B,0)+1,2) -> 100978 | D45: =INDEX('Orçamento Analítico'!$B:$M,MATCH('ORÇ. SINTÉTICO'!B45,'Orçamento Analítico'!$B:$B,0)+1,3) -> SINAPI | E45: =INDEX('Orçamento Analítico'!$B:$M,MATCH('ORÇ. SINTÉTICO'!B45,'Orçamento Analítico'!$B:$B,0)+1,4) -> CARGA, MANOBRA E DESCARGA DE SOLOS E MATERIAIS GRANULARES EM CAMINHÃO BASCULANTE 10 M³ - CARGA COM ESCAVADEIRA HIDRÁULICA (CAÇAMBA DE 1,20 M³ / 155 HP) E DESCARGA LIVRE (UNIDADE: M3). AF_07/2020 | G45: =INDEX('Orçamento Analítico'!$B:$M,MATCH('ORÇ. SINTÉTICO'!$B45,'Orçamento Analítico'!$B:$B,0)+1,5) -> Transporte, Carga e Descarga de Materiais | H45: =INDEX('Orçamento Analítico'!$B:$M,MATCH('ORÇ. SINTÉTICO'!B45,'Orçamento Analítico'!$B:$B,0)+1,7) -> m³ | I45: =DRENAGEM!CN30 -> 231.88 | J45: =INDEX('Orçamento Analítico'!$B:$M,MATCH(B45,'Orçamento Analítico'!$B:$B,0)+1,10) -> 7.03 | K45: =IF((OR($G45="MATERIAL",$G45="Equipamento")),K$5,K$4) -> 0.2423 | L45: =TRUNC(J45*(1+K45),2) -> 8.73 | M45: =TRUNC($I45 * J45, 2) -> 1630.11 | N45: =TRUNC($I45 * L45, 2) -> 2024.31 | O45: =N45/$M$135 -> 0.0002610279 | P45: =INDEX('Orçamento Analítico'!$B:$M,MATCH(B45,'Orçamento Analítico'!$B:$B,0)+1,12) -> 6.95 | Q45: =IF((OR($G45="MATERIAL",$G45="Equipamento")),Q$5,Q$4) -> 0.3066 | R45: =TRUNC(P45*(1+Q45),2) -> 9.08 | S45: =TRUNC($I45 * P45, 2) -> 1611.56 | T45: =TRUNC($I45 * R45, 2) -> 2105.47 | U45: =T45/$S$135 -> 0.00026124497
B46: 2.1.14 | C46: =INDEX('Orçamento Analítico'!$B:$M,MATCH('ORÇ. SINTÉTICO'!B46,'Orçamento Analítico'!$B:$B,0)+1,2) -> 95875 | D46: =INDEX('Orçamento Analítico'!$B:$M,MATCH('ORÇ. SINTÉTICO'!B46,'Orçamento Analítico'!$B:$B,0)+1,3) -> SINAPI | E46: =INDEX('Orçamento Analítico'!$B:$M,MATCH('ORÇ. SINTÉTICO'!B46,'Orçamento Analítico'!$B:$B,0)+1,4) -> TRANSPORTE COM CAMINHÃO BASCULANTE DE 10 M³, EM VIA URBANA PAVIMENTADA, DMT ATÉ 30 KM (UNIDADE: M3XKM). AF_07/2020 | F46: =DMT!F9 -> 18.2 | G46: =INDEX('Orçamento Analítico'!$B:$M,MATCH('ORÇ. SINTÉTICO'!$B46,'Orçamento Analítico'!$B:$B,0)+1,5) -> Transporte, Carga e Descarga de Materiais | H46: =INDEX('Orçamento Analítico'!$B:$M,MATCH('ORÇ. SINTÉTICO'!B46,'Orçamento Analítico'!$B:$B,0)+1,7) -> M3XKM | I46: =DRENAGEM!AW51 -> 4220.21 | J46: =INDEX('Orçamento Analítico'!$B:$M,MATCH(B46,'Orçamento Analítico'!$B:$B,0)+1,10) -> 2.5 | K46: =IF((OR($G46="MATERIAL",$G46="Equipamento")),K$5,K$4) -> 0.2423 | L46: =TRUNC(J46*(1+K46),2) -> 3.1 | M46: =TRUNC($I46 * J46, 2) -> 10550.52 | N46: =TRUNC($I46 * L46, 2) -> 13082.65 | O46: =N46/$M$135 -> 0.0016869633 | P46: =INDEX('Orçamento Analítico'!$B:$M,MATCH(B46,'Orçamento Analítico'!$B:$B,0)+1,12) -> 2.48 | Q46: =IF((OR($G46="MATERIAL",$G46="Equipamento")),Q$5,Q$4) -> 0.3066 | R46: =TRUNC(P46*(1+Q46),2) -> 3.24 | S46: =TRUNC($I46 * P46, 2) -> 10466.12 | T46: =TRUNC($I46 * R46, 2) -> 13673.48 | U46: =T46/$S$135 -> 0.001696594
B47: 2.1.15 | C47: =INDEX('Orçamento Analítico'!$B:$M,MATCH('ORÇ. SINTÉTICO'!B47,'Orçamento Analítico'!$B:$B,0)+1,2) -> 93379 | D47: =INDEX('Orçamento Analítico'!$B:$M,MATCH('ORÇ. SINTÉTICO'!B47,'Orçamento Analítico'!$B:$B,0)+1,3) -> SINAPI | E47: =INDEX('Orçamento Analítico'!$B:$M,MATCH('ORÇ. SINTÉTICO'!B47,'Orçamento Analítico'!$B:$B,0)+1,4) -> REATERRO MECANIZADO DE VALA COM RETROESCAVADEIRA (CAPACIDADE DA CAÇAMBA DA RETRO: 0,26 M³/POTÊNCIA: 88 HP), LARGURA 0,8 A 1,5 M, PROFUNDIDADE ATÉ 1,5 M, COM SOLO (SEM SUBSTITUIÇÃO) DE 1ª CATEGORIA, COM COMPACTADOR DE SOLOS DE PERCUSSÃO AF_08/2023 | G47: =INDEX('Orçamento Analítico'!$B:$M,MATCH('ORÇ. SINTÉTICO'!$B47,'Orçamento Analítico'!$B:$B,0)+1,5) -> Aterro e Reaterro de Valas | H47: =INDEX('Orçamento Analítico'!$B:$M,MATCH('ORÇ. SINTÉTICO'!B47,'Orçamento Analítico'!$B:$B,0)+1,7) -> m³ | I47: =DRENAGEM!CP30 -> 1018.65 | J47: =INDEX('Orçamento Analítico'!$B:$M,MATCH(B47,'Orçamento Analítico'!$B:$B,0)+1,10) -> 18.77 | K47: =IF((OR($G47="MATERIAL",$G47="Equipamento")),K$5,K$4) -> 0.2423 | L47: =TRUNC(J47*(1+K47),2) -> 23.31 | M47: =TRUNC($I47 * J47, 2) -> 19120.06 | N47: =TRUNC($I47 * L47, 2) -> 23744.73 | O47: =N47/$M$135 -> 0.0030618023 | P47: =INDEX('Orçamento Analítico'!$B:$M,MATCH(B47,'Orçamento Analítico'!$B:$B,0)+1,12) -> 18.18 | Q47: =IF((OR($G47="MATERIAL",$G47="Equipamento")),Q$5,Q$4) -> 0.3066 | R47: =TRUNC(P47*(1+Q47),2) -> 23.75 | S47: =TRUNC($I47 * P47, 2) -> 18519.05 | T47: =TRUNC($I47 * R47, 2) -> 24192.93 | U47: =T47/$S$135 -> 0.0030018386
B48: 2.1.16 | C48: =INDEX('Orçamento Analítico'!$B:$M,MATCH('ORÇ. SINTÉTICO'!B48,'Orçamento Analítico'!$B:$B,0)+1,2) -> 93369 | D48: =INDEX('Orçamento Analítico'!$B:$M,MATCH('ORÇ. SINTÉTICO'!B48,'Orçamento Analítico'!$B:$B,0)+1,3) -> SINAPI | E48: =INDEX('Orçamento Analítico'!$B:$M,MATCH('ORÇ. SINTÉTICO'!B48,'Orçamento Analítico'!$B:$B,0)+1,4) -> REATERRO MECANIZADO DE VALA COM ESCAVADEIRA HIDRÁULICA (CAPACIDADE DA CAÇAMBA: 0,8 M³/POTÊNCIA: 111 HP), LARGURA 1,5 A 2,5 M, PROFUNDIDADE 1,5 A 3,0 M, COM SOLO (SEM SUBSTITUIÇÃO) DE 1ª CATEGORIA, COM COMPACTADOR DE SOLOS DE PERCUSSÃO. AF_08/2023 | G48: =INDEX('Orçamento Analítico'!$B:$M,MATCH('ORÇ. SINTÉTICO'!$B48,'Orçamento Analítico'!$B:$B,0)+1,5) -> Aterro e Reaterro de Valas | H48: =INDEX('Orçamento Analítico'!$B:$M,MATCH('ORÇ. SINTÉTICO'!B48,'Orçamento Analítico'!$B:$B,0)+1,7) -> m³ | I48: =DRENAGEM!CT30 -> 3065.8 | J48: =INDEX('Orçamento Analítico'!$B:$M,MATCH(B48,'Orçamento Analítico'!$B:$B,0)+1,10) -> 17.02 | K48: =IF((OR($G48="MATERIAL",$G48="Equipamento")),K$5,K$4) -> 0.2423 | L48: =TRUNC(J48*(1+K48),2) -> 21.14 | M48: =TRUNC($I48 * J48, 2) -> 52179.91 | N48: =TRUNC($I48 * L48, 2) -> 64811.01 | O48: =N48/$M$135 -> 0.0083571596 | P48: =INDEX('Orçamento Analítico'!$B:$M,MATCH(B48,'Orçamento Analítico'!$B:$B,0)+1,12) -> 16.58 | Q48: =IF((OR($G48="MATERIAL",$G48="Equipamento")),Q$5,Q$4) -> 0.3066 | R48: =TRUNC(P48*(1+Q48),2) -> 21.66 | S48: =TRUNC($I48 * P48, 2) -> 50830.96 | T48: =TRUNC($I48 * R48, 2) -> 66405.22 | U48: =T48/$S$135 -> 0.0082395044
B49: 2.1.17 | C49: =INDEX('Orçamento Analítico'!$B:$M,MATCH('ORÇ. SINTÉTICO'!B49,'Orçamento Analítico'!$B:$B,0)+1,2) -> 93373 | D49: =INDEX('Orçamento Analítico'!$B:$M,MATCH('ORÇ. SINTÉTICO'!B49,'Orçamento Analítico'!$B:$B,0)+1,3) -> SINAPI | E49: =INDEX('Orçamento Analítico'!$B:$M,MATCH('ORÇ. SINTÉTICO'!B49,'Orçamento Analítico'!$B:$B,0)+1,4) -> REATERRO MECANIZADO DE VALA COM ESCAVADEIRA HIDRÁULICA (CAPACIDADE DA CAÇAMBA: 0,8 M³/POTÊNCIA: 111 HP), LARGURA 1,5 A 2,5 M, PROFUNDIDADE 3,0 A 6,0 M, COM SOLO (SEM SUBSTITUIÇÃO) DE 1ª CATEGORIA, COM COMPACTADOR DE SOLOS DE PERCUSSÃO. AF_08/2023 | G49: =INDEX('Orçamento Analítico'!$B:$M,MATCH('ORÇ. SINTÉTICO'!$B49,'Orçamento Analítico'!$B:$B,0)+1,5) -> Aterro e Reaterro de Valas | H49: =INDEX('Orçamento Analítico'!$B:$M,MATCH('ORÇ. SINTÉTICO'!B49,'Orçamento Analítico'!$B:$B,0)+1,7) -> m³ | I49: =DRENAGEM!CW30+DRENAGEM!CZ30 -> 4435.84 | J49: =INDEX('Orçamento Analítico'!$B:$M,MATCH(B49,'Orçamento Analítico'!$B:$B,0)+1,10) -> 14.08 | K49: =IF((OR($G49="MATERIAL",$G49="Equipamento")),K$5,K$4) -> 0.2423 | L49: =TRUNC(J49*(1+K49),2) -> 17.49 | M49: =TRUNC($I49 * J49, 2) -> 62456.62 | N49: =TRUNC($I49 * L49, 2) -> 77582.84 | O49: =N49/$M$135 -> 0.010004044 | P49: =INDEX('Orçamento Analítico'!$B:$M,MATCH(B49,'Orçamento Analítico'!$B:$B,0)+1,12) -> 13.68 | Q49: =IF((OR($G49="MATERIAL",$G49="Equipamento")),Q$5,Q$4) -> 0.3066 | R49: =TRUNC(P49*(1+Q49),2) -> 17.87 | S49: =TRUNC($I49 * P49, 2) -> 60682.29 | T49: =TRUNC($I49 * R49, 2) -> 79268.46 | U49: =T49/$S$135 -> 0.0098355646
B50: 2.1.18 | C50: =INDEX('Orçamento Analítico'!$B:$M,MATCH('ORÇ. SINTÉTICO'!B50,'Orçamento Analítico'!$B:$B,0)+1,2) -> 1505877 | D50: =INDEX('Orçamento Analítico'!$B:$M,MATCH('ORÇ. SINTÉTICO'!B50,'Orçamento Analítico'!$B:$B,0)+1,3) -> SICRO3 | E50: =INDEX('Orçamento Analítico'!$B:$M,MATCH('ORÇ. SINTÉTICO'!B50,'Orçamento Analítico'!$B:$B,0)+1,4) -> Enrocamento de pedra espalhada e compactada mecanicamente - pedra de mão comercial - fornecimento e assentamento | G50: =INDEX('Orçamento Analítico'!$B:$M,MATCH('ORÇ. SINTÉTICO'!$B50,'Orçamento Analítico'!$B:$B,0)+1,5) | H50: =INDEX('Orçamento Analítico'!$B:$M,MATCH('ORÇ. SINTÉTICO'!B50,'Orçamento Analítico'!$B:$B,0)+1,7) -> m³ | I50: =COMPLEMENTARES!D18 -> 33.48 | J50: =INDEX('Orçamento Analítico'!$B:$M,MATCH(B50,'Orçamento Analítico'!$B:$B,0)+1,10) -> 167.78 | K50: =IF((OR($G50="MATERIAL",$G50="Equipamento")),K$5,K$4) -> 0.2423 | L50: =TRUNC(J50*(1+K50),2) -> 208.43 | M50: =TRUNC($I50 * J50, 2) -> 5617.27 | N50: =TRUNC($I50 * L50, 2) -> 6978.23 | O50: =N50/$M$135 -> 0.00089981905 | P50: =INDEX('Orçamento Analítico'!$B:$M,MATCH(B50,'Orçamento Analítico'!$B:$B,0)+1,12) -> 167.61 | Q50: =IF((OR($G50="MATERIAL",$G50="Equipamento")),Q$5,Q$4) -> 0.3066 | R50: =TRUNC(P50*(1+Q50),2) -> 218.99 | S50: =TRUNC($I50 * P50, 2) -> 5611.58 | T50: =TRUNC($I50 * R50, 2) -> 7331.78 | U50: =T50/$S$135 -> 0.00090972116
B51: 2.1.19 | C51: =INDEX('Orçamento Analítico'!$B:$M,MATCH('ORÇ. SINTÉTICO'!B51,'Orçamento Analítico'!$B:$B,0)+1,2) -> 95875 | D51: =INDEX('Orçamento Analítico'!$B:$M,MATCH('ORÇ. SINTÉTICO'!B51,'Orçamento Analítico'!$B:$B,0)+1,3) -> SINAPI | E51: =INDEX('Orçamento Analítico'!$B:$M,MATCH('ORÇ. SINTÉTICO'!B51,'Orçamento Analítico'!$B:$B,0)+1,4) -> TRANSPORTE COM CAMINHÃO BASCULANTE DE 10 M³, EM VIA URBANA PAVIMENTADA, DMT ATÉ 30 KM (UNIDADE: M3XKM). AF_07/2020 | F51: =DMT!F9 -> 18.2 | G51: =INDEX('Orçamento Analítico'!$B:$M,MATCH('ORÇ. SINTÉTICO'!$B51,'Orçamento Analítico'!$B:$B,0)+1,5) -> Transporte, Carga e Descarga de Materiais | H51: =INDEX('Orçamento Analítico'!$B:$M,MATCH('ORÇ. SINTÉTICO'!B51,'Orçamento Analítico'!$B:$B,0)+1,7) -> M3XKM | I51: =COMPLEMENTARES!D19 -> 731.2 | J51: =INDEX('Orçamento Analítico'!$B:$M,MATCH(B51,'Orçamento Analítico'!$B:$B,0)+1,10) -> 2.5 | K51: =IF((OR($G51="MATERIAL",$G51="Equipamento")),K$5,K$4) -> 0.2423 | L51: =TRUNC(J51*(1+K51),2) -> 3.1 | M51: =TRUNC($I51 * J51, 2) -> 1828 | N51: =TRUNC($I51 * L51, 2) -> 2266.72 | O51: =N51/$M$135 -> 0.00029228584 | P51: =INDEX('Orçamento Analítico'!$B:$M,MATCH(B51,'Orçamento Analítico'!$B:$B,0)+1,12) -> 2.48 | Q51: =IF((OR($G51="MATERIAL",$G51="Equipamento")),Q$5,Q$4) -> 0.3066 | R51: =TRUNC(P51*(1+Q51),2) -> 3.24 | S51: =TRUNC($I51 * P51, 2) -> 1813.37 | T51: =TRUNC($I51 * R51, 2) -> 2369.08 | U51: =T51/$S$135 -> 0.00029395348
B52: 2.2 | E52: DRENAGEM - DISPOSITIVOS ESTRUTURAIS | I52: 1 | M52: =TRUNC(SUM(M53:M87),2) -> 1823083.8 | N52: =TRUNC(SUM(N53:N87),2) -> 2155542.9 | O52: =N52/$M$135 -> 0.27794994 | S52: =TRUNC(SUM(S53:S87),2) -> 1811485.9 | T52: =TRUNC(SUM(T53:T87),2) -> 2247573.5 | U52: =T52/$S$135 -> 0.27887705
B53: 2.2.1 | C53: =INDEX('Orçamento Analítico'!$B:$M,MATCH('ORÇ. SINTÉTICO'!B53,'Orçamento Analítico'!$B:$B,0)+1,2) -> 00041782 | D53: =INDEX('Orçamento Analítico'!$B:$M,MATCH('ORÇ. SINTÉTICO'!B53,'Orçamento Analítico'!$B:$B,0)+1,3) -> SINAPI | E53: =INDEX('Orçamento Analítico'!$B:$M,MATCH('ORÇ. SINTÉTICO'!B53,'Orçamento Analítico'!$B:$B,0)+1,4) -> TUBO CORRUGADO PEAD, PAREDE DUPLA, INTERNA LISA, JEI, DN/DI 600 MM, PARA SANEAMENTO (DRENAGEM/ESGOTO) | G53: =INDEX('Orçamento Analítico'!$B:$M,MATCH('ORÇ. SINTÉTICO'!$B53,'Orçamento Analítico'!$B:$B,0)+1,5) -> Material | H53: =INDEX('Orçamento Analítico'!$B:$M,MATCH('ORÇ. SINTÉTICO'!B53,'Orçamento Analítico'!$B:$B,0)+1,7) -> M | I53: =DRENAGEM!DC17 -> 119 | J53: =INDEX('Orçamento Analítico'!$B:$M,MATCH(B53,'Orçamento Analítico'!$B:$B,0)+1,10) -> 830.14 | K53: =IF((OR($G53="MATERIAL",$G53="Equipamento")),K$5,K$4) -> 0.1527 | L53: =TRUNC(J53*(1+K53),2) -> 956.9 | M53: =TRUNC($I53 * J53, 2) -> 98786.66 | N53: =TRUNC($I53 * L53, 2) -> 113871.1 | O53: =N53/$M$135 -> 0.014683291 | P53: =INDEX('Orçamento Analítico'!$B:$M,MATCH(B53,'Orçamento Analítico'!$B:$B,0)+1,12) -> 830.14 | Q53: =IF((OR($G53="MATERIAL",$G53="Equipamento")),Q$5,Q$4) -> 0.2092 | R53: =TRUNC(P53*(1+Q53),2) -> 1003.8 | S53: =TRUNC($I53 * P53, 2) -> 98786.66 | T53: =TRUNC($I53 * R53, 2) -> 119452.2 | U53: =T53/$S$135 -> 0.01482153
B54: 2.2.2 | C54: =INDEX('Orçamento Analítico'!$B:$M,MATCH('ORÇ. SINTÉTICO'!B54,'Orçamento Analítico'!$B:$B,0)+1,2) -> DRE. PEAD 600 | D54: =INDEX('Orçamento Analítico'!$B:$M,MATCH('ORÇ. SINTÉTICO'!B54,'Orçamento Analítico'!$B:$B,0)+1,3) -> Próprio | E54: =INDEX('Orçamento Analítico'!$B:$M,MATCH('ORÇ. SINTÉTICO'!B54,'Orçamento Analítico'!$B:$B,0)+1,4) -> ASSENTAMENTO DE TUBO DE PEAD CORRUGADO DE DUPLA PAREDE DE ESGOTO, DN 600 MM, JUNTA ELÁSTICA INTEGRADA (NÃO INCLUI FORNECIMENTO) (REF. SINAPI 90747) | G54: =INDEX('Orçamento Analítico'!$B:$M,MATCH('ORÇ. SINTÉTICO'!$B54,'Orçamento Analítico'!$B:$B,0)+1,5) -> ASTU - ASSENTAMENTO DE TUBOS E PECAS | H54: =INDEX('Orçamento Analítico'!$B:$M,MATCH('ORÇ. SINTÉTICO'!B54,'Orçamento Analítico'!$B:$B,0)+1,7) -> M | I54: =DRENAGEM!DC17 -> 119 | J54: =INDEX('Orçamento Analítico'!$B:$M,MATCH(B54,'Orçamento Analítico'!$B:$B,0)+1,10) -> 16.85 | K54: =IF((OR($G54="MATERIAL",$G54="Equipamento")),K$5,K$4) -> 0.2423 | L54: =TRUNC(J54*(1+K54),2) -> 20.93 | M54: =TRUNC($I54 * J54, 2) -> 2005.15 | N54: =TRUNC($I54 * L54, 2) -> 2490.67 | O54: =N54/$M$135 -> 0.00032116344 | P54: =INDEX('Orçamento Analítico'!$B:$M,MATCH(B54,'Orçamento Analítico'!$B:$B,0)+1,12) -> 16.4 | Q54: =IF((OR($G54="MATERIAL",$G54="Equipamento")),Q$5,Q$4) -> 0.3066 | R54: =TRUNC(P54*(1+Q54),2) -> 21.42 | S54: =TRUNC($I54 * P54, 2) -> 1951.6 | T54: =TRUNC($I54 * R54, 2) -> 2548.98 | U54: =T54/$S$135 -> 0.00031627532
B55: 2.2.3 | C55: =INDEX('Orçamento Analítico'!$B:$M,MATCH('ORÇ. SINTÉTICO'!B55,'Orçamento Analítico'!$B:$B,0)+1,2) -> 00041785 | D55: =INDEX('Orçamento Analítico'!$B:$M,MATCH('ORÇ. SINTÉTICO'!B55,'Orçamento Analítico'!$B:$B,0)+1,3) -> SINAPI | E55: =INDEX('Orçamento Analítico'!$B:$M,MATCH('ORÇ. SINTÉTICO'!B55,'Orçamento Analítico'!$B:$B,0)+1,4) -> TUBO CORRUGADO PEAD, PAREDE DUPLA, INTERNA LISA, JEI, DN/DI *1000* MM, PARA SANEAMENTO (DRENAGEM/ESGOTO) | G55: =INDEX('Orçamento Analítico'!$B:$M,MATCH('ORÇ. SINTÉTICO'!$B55,'Orçamento Analítico'!$B:$B,0)+1,5) -> Material | H55: =INDEX('Orçamento Analítico'!$B:$M,MATCH('ORÇ. SINTÉTICO'!B55,'Orçamento Analítico'!$B:$B,0)+1,7) -> M | I55: =DRENAGEM!DE14+DRENAGEM!DE15+DRENAGEM!DE16 -> 358 | J55: =INDEX('Orçamento Analítico'!$B:$M,MATCH(B55,'Orçamento Analítico'!$B:$B,0)+1,10) -> 2080.02 | K55: =IF((OR($G55="MATERIAL",$G55="Equipamento")),K$5,K$4) -> 0.1527 | L55: =TRUNC(J55*(1+K55),2) -> 2397.63 | M55: =TRUNC($I55 * J55, 2) -> 744647.16 | N55: =TRUNC($I55 * L55, 2) -> 858351.54 | O55: =N55/$M$135 -> 0.11068152 | P55: =INDEX('Orçamento Analítico'!$B:$M,MATCH(B55,'Orçamento Analítico'!$B:$B,0)+1,12) -> 2080.02 | Q55: =IF((OR($G55="MATERIAL",$G55="Equipamento")),Q$5,Q$4) -> 0.2092 | R55: =TRUNC(P55*(1+Q55),2) -> 2515.16 | S55: =TRUNC($I55 * P55, 2) -> 744647.16 | T55: =TRUNC($I55 * R55, 2) -> 900427.28 | U55: =T55/$S$135 -> 0.11172427
B56: 2.2.4 | C56: =INDEX('Orçamento Analítico'!$B:$M,MATCH('ORÇ. SINTÉTICO'!B56,'Orçamento Analítico'!$B:$B,0)+1,2) -> DRE. PEAD 1000 | D56: =INDEX('Orçamento Analítico'!$B:$M,MATCH('ORÇ. SINTÉTICO'!B56,'Orçamento Analítico'!$B:$B,0)+1,3) -> Próprio | E56: =INDEX('Orçamento Analítico'!$B:$M,MATCH('ORÇ. SINTÉTICO'!B56,'Orçamento Analítico'!$B:$B,0)+1,4) -> ASSENTAMENTO DE TUBO DE PEAD CORRUGADO DE DUPLA PAREDE, DN 1000 MM, JUNTA ELÁSTICA INTEGRADA (NÃO INCLUI FORNECIMENTO). (REF. SINAPI 94880) | G56: =INDEX('Orçamento Analítico'!$B:$M,MATCH('ORÇ. SINTÉTICO'!$B56,'Orçamento Analítico'!$B:$B,0)+1,5) -> ASTU - ASSENTAMENTO DE TUBOS E PECAS | H56: =INDEX('Orçamento Analítico'!$B:$M,MATCH('ORÇ. SINTÉTICO'!B56,'Orçamento Analítico'!$B:$B,0)+1,7) -> M | I56: =DRENAGEM!DE14+DRENAGEM!DE15+DRENAGEM!DE16 -> 358 | J56: =INDEX('Orçamento Analítico'!$B:$M,MATCH(B56,'Orçamento Analítico'!$B:$B,0)+1,10) -> 43.34 | K56: =IF((OR($G56="MATERIAL",$G56="Equipamento")),K$5,K$4) -> 0.2423 | L56: =TRUNC(J56*(1+K56),2) -> 53.84 | M56: =TRUNC($I56 * J56, 2) -> 15515.72 | N56: =TRUNC($I56 * L56, 2) -> 19274.72 | O56: =N56/$M$135 -> 0.0024854097 | P56: =INDEX('Orçamento Analítico'!$B:$M,MATCH(B56,'Orçamento Analítico'!$B:$B,0)+1,12) -> 42.37 | Q56: =IF((OR($G56="MATERIAL",$G56="Equipamento")),Q$5,Q$4) -> 0.3066 | R56: =TRUNC(P56*(1+Q56),2) -> 55.36 | S56: =TRUNC($I56 * P56, 2) -> 15168.46 | T56: =TRUNC($I56 * R56, 2) -> 19818.88 | U56: =T56/$S$135 -> 0.0024591101
B57: 2.2.5 | C57: =INDEX('Orçamento Analítico'!$B:$M,MATCH('ORÇ. SINTÉTICO'!B57,'Orçamento Analítico'!$B:$B,0)+1,2) -> 100947 | D57: =INDEX('Orçamento Analítico'!$B:$M,MATCH('ORÇ. SINTÉTICO'!B57,'Orçamento Analítico'!$B:$B,0)+1,3) -> SINAPI | E57: =INDEX('Orçamento Analítico'!$B:$M,MATCH('ORÇ. SINTÉTICO'!B57,'Orçamento Analítico'!$B:$B,0)+1,4) -> TRANSPORTE COM CAMINHÃO CARROCERIA 9T, EM VIA URBANA PAVIMENTADA, DMT ATÉ 30KM (UNIDADE: TXKM). AF_07/2020 | F57: 30 | G57: =INDEX('Orçamento Analítico'!$B:$M,MATCH('ORÇ. SINTÉTICO'!$B57,'Orçamento Analítico'!$B:$B,0)+1,5) -> Transporte, Carga e Descarga de Materiais | H57: =INDEX('Orçamento Analítico'!$B:$M,MATCH('ORÇ. SINTÉTICO'!B57,'Orçamento Analítico'!$B:$B,0)+1,7) -> TXKM | I57: =DRENAGEM!AW48 -> 447.3 | J57: =INDEX('Orçamento Analítico'!$B:$M,MATCH(B57,'Orçamento Analítico'!$B:$B,0)+1,10) -> 2.26 | K57: =IF((OR($G57="MATERIAL",$G57="Equipamento")),K$5,K$4) -> 0.2423 | L57: =TRUNC(J57*(1+K57),2) -> 2.8 | M57: =TRUNC($I57 * J57, 2) -> 1010.89 | N57: =TRUNC($I57 * L57, 2) -> 1252.44 | O57: =N57/$M$135 -> 0.00016149788 | P57: =INDEX('Orçamento Analítico'!$B:$M,MATCH(B57,'Orçamento Analítico'!$B:$B,0)+1,12) -> 2.23 | Q57: =IF((OR($G57="MATERIAL",$G57="Equipamento")),Q$5,Q$4) -> 0.3066 | R57: =TRUNC(P57*(1+Q57),2) -> 2.91 | S57: =TRUNC($I57 * P57, 2) -> 997.47 | T57: =TRUNC($I57 * R57, 2) -> 1301.64 | U57: =T57/$S$135 -> 0.00016150641
B58: 2.2.6 | C58: =INDEX('Orçamento Analítico'!$B:$M,MATCH('ORÇ. SINTÉTICO'!B58,'Orçamento Analítico'!$B:$B,0)+1,2) -> 100948 | D58: =INDEX('Orçamento Analítico'!$B:$M,MATCH('ORÇ. SINTÉTICO'!B58,'Orçamento Analítico'!$B:$B,0)+1,3) -> SINAPI | E58: =INDEX('Orçamento Analítico'!$B:$M,MATCH('ORÇ. SINTÉTICO'!B58,'Orçamento Analítico'!$B:$B,0)+1,4) -> TRANSPORTE COM CAMINHÃO CARROCERIA 9T, EM VIA URBANA PAVIMENTADA, ADICIONAL PARA DMT EXCEDENTE A 30 KM (UNIDADE: TXKM). AF_07/2020 | F58: =DMT!F11-30 -> 298 | G58: =INDEX('Orçamento Analítico'!$B:$M,MATCH('ORÇ. SINTÉTICO'!$B58,'Orçamento Analítico'!$B:$B,0)+1,5) -> Transporte, Carga e Descarga de Materiais | H58: =INDEX('Orçamento Analítico'!$B:$M,MATCH('ORÇ. SINTÉTICO'!B58,'Orçamento Analítico'!$B:$B,0)+1,7) -> TXKM | I58: =DRENAGEM!AW49 -> 4443.18 | J58: =INDEX('Orçamento Analítico'!$B:$M,MATCH(B58,'Orçamento Analítico'!$B:$B,0)+1,10) -> 0.89 | K58: =IF((OR($G58="MATERIAL",$G58="Equipamento")),K$5,K$4) -> 0.2423 | L58: =TRUNC(J58*(1+K58),2) -> 1.1 | M58: =TRUNC($I58 * J58, 2) -> 3954.43 | N58: =TRUNC($I58 * L58, 2) -> 4887.49 | O58: =N58/$M$135 -> 0.00063022523 | P58: =INDEX('Orçamento Analítico'!$B:$M,MATCH(B58,'Orçamento Analítico'!$B:$B,0)+1,12) -> 0.88 | Q58: =IF((OR($G58="MATERIAL",$G58="Equipamento")),Q$5,Q$4) -> 0.3066 | R58: =TRUNC(P58*(1+Q58),2) -> 1.14 | S58: =TRUNC($I58 * P58, 2) -> 3909.99 | T58: =TRUNC($I58 * R58, 2) -> 5065.22 | U58: =T58/$S$135 -> 0.00062848828
B59: 2.2.7 | C59: =INDEX('Orçamento Analítico'!$B:$M,MATCH('ORÇ. SINTÉTICO'!B59,'Orçamento Analítico'!$B:$B,0)+1,2) -> 00007781 | D59: =INDEX('Orçamento Analítico'!$B:$M,MATCH('ORÇ. SINTÉTICO'!B59,'Orçamento Analítico'!$B:$B,0)+1,3) -> SINAPI | E59: =INDEX('Orçamento Analítico'!$B:$M,MATCH('ORÇ. SINTÉTICO'!B59,'Orçamento Analítico'!$B:$B,0)+1,4) -> TUBO DE CONCRETO SIMPLES PARA AGUAS PLUVIAIS, CLASSE PS1, COM ENCAIXE PONTA E BOLSA, DIAMETRO NOMINAL DE 400 MM | G59: =INDEX('Orçamento Analítico'!$B:$M,MATCH('ORÇ. SINTÉTICO'!$B59,'Orçamento Analítico'!$B:$B,0)+1,5) -> Material | H59: =INDEX('Orçamento Analítico'!$B:$M,MATCH('ORÇ. SINTÉTICO'!B59,'Orçamento Analítico'!$B:$B,0)+1,7) -> M | I59: =DRENAGEM!DB30 -> 767 | J59: =INDEX('Orçamento Analítico'!$B:$M,MATCH(B59,'Orçamento Analítico'!$B:$B,0)+1,10) -> 86.67 | K59: =IF((OR($G59="MATERIAL",$G59="Equipamento")),K$5,K$4) -> 0.1527 | L59: =TRUNC(J59*(1+K59),2) -> 99.9 | M59: =TRUNC($I59 * J59, 2) -> 66475.89 | N59: =TRUNC($I59 * L59, 2) -> 76623.3 | O59: =N59/$M$135 -> 0.0098803142 | P59: =INDEX('Orçamento Analítico'!$B:$M,MATCH(B59,'Orçamento Analítico'!$B:$B,0)+1,12) -> 86.67 | Q59: =IF((OR($G59="MATERIAL",$G59="Equipamento")),Q$5,Q$4) -> 0.2092 | R59: =TRUNC(P59*(1+Q59),2) -> 104.8 | S59: =TRUNC($I59 * P59, 2) -> 66475.89 | T59: =TRUNC($I59 * R59, 2) -> 80381.6 | U59: =T59/$S$135 -> 0.0099736821
B60: 2.2.8 | C60: =INDEX('Orçamento Analítico'!$B:$M,MATCH('ORÇ. SINTÉTICO'!B60,'Orçamento Analítico'!$B:$B,0)+1,2) -> 92809 | D60: =INDEX('Orçamento Analítico'!$B:$M,MATCH('ORÇ. SINTÉTICO'!B60,'Orçamento Analítico'!$B:$B,0)+1,3) -> SINAPI | E60: =INDEX('Orçamento Analítico'!$B:$M,MATCH('ORÇ. SINTÉTICO'!B60,'Orçamento Analítico'!$B:$B,0)+1,4) -> ASSENTAMENTO DE TUBO DE CONCRETO PARA REDES COLETORAS DE ÁGUAS PLUVIAIS, DIÂMETRO DE 400 MM, JUNTA RÍGIDA, INSTALADO EM LOCAL COM BAIXO NÍVEL DE INTERFERÊNCIAS (NÃO INCLUI FORNECIMENTO). AF_03/2024 | G60: =INDEX('Orçamento Analítico'!$B:$M,MATCH('ORÇ. SINTÉTICO'!$B60,'Orçamento Analítico'!$B:$B,0)+1,5) -> Assentamento de tubos de esgoto ou drenagem pluvial em concreto | H60: =INDEX('Orçamento Analítico'!$B:$M,MATCH('ORÇ. SINTÉTICO'!B60,'Orçamento Analítico'!$B:$B,0)+1,7) -> M | I60: =DRENAGEM!DB30 -> 767 | J60: =INDEX('Orçamento Analítico'!$B:$M,MATCH(B60,'Orçamento Analítico'!$B:$B,0)+1,10) -> 33.84 | K60: =IF((OR($G60="MATERIAL",$G60="Equipamento")),K$5,K$4) -> 0.2423 | L60: =TRUNC(J60*(1+K60),2) -> 42.03 | M60: =TRUNC($I60 * J60, 2) -> 25955.28 | N60: =TRUNC($I60 * L60, 2) -> 32237.01 | O60: =N60/$M$135 -> 0.0041568529 | P60: =INDEX('Orçamento Analítico'!$B:$M,MATCH(B60,'Orçamento Analítico'!$B:$B,0)+1,12) -> 32.75 | Q60: =IF((OR($G60="MATERIAL",$G60="Equipamento")),Q$5,Q$4) -> 0.3066 | R60: =TRUNC(P60*(1+Q60),2) -> 42.79 | S60: =TRUNC($I60 * P60, 2) -> 25119.25 | T60: =TRUNC($I60 * R60, 2) -> 32819.93 | U60: =T60/$S$135 -> 0.0040722696
B61: 2.2.9 | C61: =INDEX('Orçamento Analítico'!$B:$M,MATCH('ORÇ. SINTÉTICO'!B61,'Orçamento Analítico'!$B:$B,0)+1,2) -> 00007791 | D61: =INDEX('Orçamento Analítico'!$B:$M,MATCH('ORÇ. SINTÉTICO'!B61,'Orçamento Analítico'!$B:$B,0)+1,3) -> SINAPI | E61: =INDEX('Orçamento Analítico'!$B:$M,MATCH('ORÇ. SINTÉTICO'!B61,'Orçamento Analítico'!$B:$B,0)+1,4) -> TUBO DE CONCRETO SIMPLES PARA AGUAS PLUVIAIS, CLASSE PS1, COM ENCAIXE PONTA E BOLSA, DIAMETRO NOMINAL DE 600 MM | G61: =INDEX('Orçamento Analítico'!$B:$M,MATCH('ORÇ. SINTÉTICO'!$B61,'Orçamento Analítico'!$B:$B,0)+1,5) -> Material | H61: =INDEX('Orçamento Analítico'!$B:$M,MATCH('ORÇ. SINTÉTICO'!B61,'Orçamento Analítico'!$B:$B,0)+1,7) -> M | I61: =DRENAGEM!DC30-DRENAGEM!DC17 -> 628 | J61: =INDEX('Orçamento Analítico'!$B:$M,MATCH(B61,'Orçamento Analítico'!$B:$B,0)+1,10) -> 154.41 | K61: =IF((OR($G61="MATERIAL",$G61="Equipamento")),K$5,K$4) -> 0.1527 | L61: =TRUNC(J61*(1+K61),2) -> 177.98 | M61: =TRUNC($I61 * J61, 2) -> 96969.48 | N61: =TRUNC($I61 * L61, 2) -> 111771.44 | O61: =N61/$M$135 -> 0.014412547 | P61: =INDEX('Orçamento Analítico'!$B:$M,MATCH(B61,'Orçamento Analítico'!$B:$B,0)+1,12) -> 154.41 | Q61: =IF((OR($G61="MATERIAL",$G61="Equipamento")),Q$5,Q$4) -> 0.2092 | R61: =TRUNC(P61*(1+Q61),2) -> 186.71 | S61: =TRUNC($I61 * P61, 2) -> 96969.48 | T61: =TRUNC($I61 * R61, 2) -> 117253.88 | U61: =T61/$S$135 -> 0.014548764
B62: 2.2.10 | C62: =INDEX('Orçamento Analítico'!$B:$M,MATCH('ORÇ. SINTÉTICO'!B62,'Orçamento Analítico'!$B:$B,0)+1,2) -> 92811 | D62: =INDEX('Orçamento Analítico'!$B:$M,MATCH('ORÇ. SINTÉTICO'!B62,'Orçamento Analítico'!$B:$B,0)+1,3) -> SINAPI | E62: =INDEX('Orçamento Analítico'!$B:$M,MATCH('ORÇ. SINTÉTICO'!B62,'Orçamento Analítico'!$B:$B,0)+1,4) -> ASSENTAMENTO DE TUBO DE CONCRETO PARA REDES COLETORAS DE ÁGUAS PLUVIAIS, DIÂMETRO DE 600 MM, JUNTA RÍGIDA, INSTALADO EM LOCAL COM BAIXO NÍVEL DE INTERFERÊNCIAS (NÃO INCLUI FORNECIMENTO). AF_03/2024 | G62: =INDEX('Orçamento Analítico'!$B:$M,MATCH('ORÇ. SINTÉTICO'!$B62,'Orçamento Analítico'!$B:$B,0)+1,5) -> Assentamento de tubos de esgoto ou drenagem pluvial em concreto | H62: =INDEX('Orçamento Analítico'!$B:$M,MATCH('ORÇ. SINTÉTICO'!B62,'Orçamento Analítico'!$B:$B,0)+1,7) -> M | I62: =DRENAGEM!DC30-DRENAGEM!DC17 -> 628 | J62: =INDEX('Orçamento Analítico'!$B:$M,MATCH(B62,'Orçamento Analítico'!$B:$B,0)+1,10) -> 53.77 | K62: =IF((OR($G62="MATERIAL",$G62="Equipamento")),K$5,K$4) -> 0.2423 | L62: =TRUNC(J62*(1+K62),2) -> 66.79 | M62: =TRUNC($I62 * J62, 2) -> 33767.56 | N62: =TRUNC($I62 * L62, 2) -> 41944.12 | O62: =N62/$M$135 -> 0.0054085518 | P62: =INDEX('Orçamento Analítico'!$B:$M,MATCH(B62,'Orçamento Analítico'!$B:$B,0)+1,12) -> 52.08 | Q62: =IF((OR($G62="MATERIAL",$G62="Equipamento")),Q$5,Q$4) -> 0.3066 | R62: =TRUNC(P62*(1+Q62),2) -> 68.04 | S62: =TRUNC($I62 * P62, 2) -> 32706.24 | T62: =TRUNC($I62 * R62, 2) -> 42729.12 | U62: =T62/$S$135 -> 0.0053017937
B63: 2.2.11 | C63: =INDEX('Orçamento Analítico'!$B:$M,MATCH('ORÇ. SINTÉTICO'!B63,'Orçamento Analítico'!$B:$B,0)+1,2) -> 00007750 | D63: =INDEX('Orçamento Analítico'!$B:$M,MATCH('ORÇ. SINTÉTICO'!B63,'Orçamento Analítico'!$B:$B,0)+1,3) -> SINAPI | E63: =INDEX('Orçamento Analítico'!$B:$M,MATCH('ORÇ. SINTÉTICO'!B63,'Orçamento Analítico'!$B:$B,0)+1,4) -> TUBO DE CONCRETO ARMADO PARA AGUAS PLUVIAIS, CLASSE PA-1, COM ENCAIXE PONTA E BOLSA, DIAMETRO NOMINAL DE 800 MM | G63: =INDEX('Orçamento Analítico'!$B:$M,MATCH('ORÇ. SINTÉTICO'!$B63,'Orçamento Analítico'!$B:$B,0)+1,5) -> Material | H63: =INDEX('Orçamento Analítico'!$B:$M,MATCH('ORÇ. SINTÉTICO'!B63,'Orçamento Analítico'!$B:$B,0)+1,7) -> M | I63: =DRENAGEM!DD30 -> 77 | J63: =INDEX('Orçamento Analítico'!$B:$M,MATCH(B63,'Orçamento Analítico'!$B:$B,0)+1,10) -> 414.3 | K63: =IF((OR($G63="MATERIAL",$G63="Equipamento")),K$5,K$4) -> 0.1527 | L63: =TRUNC(J63*(1+K63),2) -> 477.56 | M63: =TRUNC($I63 * J63, 2) -> 31901.1 | N63: =TRUNC($I63 * L63, 2) -> 36772.12 | O63: =N63/$M$135 -> 0.0047416399 | P63: =INDEX('Orçamento Analítico'!$B:$M,MATCH(B63,'Orçamento Analítico'!$B:$B,0)+1,12) -> 414.3 | Q63: =IF((OR($G63="MATERIAL",$G63="Equipamento")),Q$5,Q$4) -> 0.2092 | R63: =TRUNC(P63*(1+Q63),2) -> 500.97 | S63: =TRUNC($I63 * P63, 2) -> 31901.1 | T63: =TRUNC($I63 * R63, 2) -> 38574.69 | U63: =T63/$S$135 -> 0.0047863154
B64: 2.2.12 | C64: =INDEX('Orçamento Analítico'!$B:$M,MATCH('ORÇ. SINTÉTICO'!B64,'Orçamento Analítico'!$B:$B,0)+1,2) -> 92813 | D64: =INDEX('Orçamento Analítico'!$B:$M,MATCH('ORÇ. SINTÉTICO'!B64,'Orçamento Analítico'!$B:$B,0)+1,3) -> SINAPI | E64: =INDEX('Orçamento Analítico'!$B:$M,MATCH('ORÇ. SINTÉTICO'!B64,'Orçamento Analítico'!$B:$B,0)+1,4) -> ASSENTAMENTO DE TUBO DE CONCRETO PARA REDES COLETORAS DE ÁGUAS PLUVIAIS, DIÂMETRO DE 800 MM, JUNTA RÍGIDA, INSTALADO EM LOCAL COM BAIXO NÍVEL DE INTERFERÊNCIAS (NÃO INCLUI FORNECIMENTO). AF_03/2024 | G64: =INDEX('Orçamento Analítico'!$B:$M,MATCH('ORÇ. SINTÉTICO'!$B64,'Orçamento Analítico'!$B:$B,0)+1,5) -> Assentamento de tubos de esgoto ou drenagem pluvial em concreto | H64: =INDEX('Orçamento Analítico'!$B:$M,MATCH('ORÇ. SINTÉTICO'!B64,'Orçamento Analítico'!$B:$B,0)+1,7) -> M | I64: =DRENAGEM!DD30 -> 77 | J64: =INDEX('Orçamento Analítico'!$B:$M,MATCH(B64,'Orçamento Analítico'!$B:$B,0)+1,10) -> 74.74 | K64: =IF((OR($G64="MATERIAL",$G64="Equipamento")),K$5,K$4) -> 0.2423 | L64: =TRUNC(J64*(1+K64),2) -> 92.84 | M64: =TRUNC($I64 * J64, 2) -> 5754.98 | N64: =TRUNC($I64 * L64, 2) -> 7148.68 | O64: =N64/$M$135 -> 0.000921798 | P64: =INDEX('Orçamento Analítico'!$B:$M,MATCH(B64,'Orçamento Analítico'!$B:$B,0)+1,12) -> 72.43 | Q64: =IF((OR($G64="MATERIAL",$G64="Equipamento")),Q$5,Q$4) -> 0.3066 | R64: =TRUNC(P64*(1+Q64),2) -> 94.63 | S64: =TRUNC($I64 * P64, 2) -> 5577.11 | T64: =TRUNC($I64 * R64, 2) -> 7286.51 | U64: =T64/$S$135 -> 0.0009041041
B65: 2.2.13 | C65: =INDEX('Orçamento Analítico'!$B:$M,MATCH('ORÇ. SINTÉTICO'!B65,'Orçamento Analítico'!$B:$B,0)+1,2) -> 00007753 | D65: =INDEX('Orçamento Analítico'!$B:$M,MATCH('ORÇ. SINTÉTICO'!B65,'Orçamento Analítico'!$B:$B,0)+1,3) -> SINAPI | E65: =INDEX('Orçamento Analítico'!$B:$M,MATCH('ORÇ. SINTÉTICO'!B65,'Orçamento Analítico'!$B:$B,0)+1,4) -> TUBO DE CONCRETO ARMADO PARA AGUAS PLUVIAIS, CLASSE PA-1, COM ENCAIXE PONTA E BOLSA, DIAMETRO NOMINAL DE 1000 MM | G65: =INDEX('Orçamento Analítico'!$B:$M,MATCH('ORÇ. SINTÉTICO'!$B65,'Orçamento Analítico'!$B:$B,0)+1,5) -> Material | H65: =INDEX('Orçamento Analítico'!$B:$M,MATCH('ORÇ. SINTÉTICO'!B65,'Orçamento Analítico'!$B:$B,0)+1,7) -> M | I65: =DRENAGEM!DE30-DRENAGEM!DE14-DRENAGEM!DE15-DRENAGEM!DE16 -> 121 | J65: =INDEX('Orçamento Analítico'!$B:$M,MATCH(B65,'Orçamento Analítico'!$B:$B,0)+1,10) -> 485.44 | K65: =IF((OR($G65="MATERIAL",$G65="Equipamento")),K$5,K$4) -> 0.1527 | L65: =TRUNC(J65*(1+K65),2) -> 559.56 | M65: =TRUNC($I65 * J65, 2) -> 58738.24 | N65: =TRUNC($I65 * L65, 2) -> 67706.76 | O65: =N65/$M$135 -> 0.0087305567 | P65: =INDEX('Orçamento Analítico'!$B:$M,MATCH(B65,'Orçamento Analítico'!$B:$B,0)+1,12) -> 485.44 | Q65: =IF((OR($G65="MATERIAL",$G65="Equipamento")),Q$5,Q$4) -> 0.2092 | R65: =TRUNC(P65*(1+Q65),2) -> 586.99 | S65: =TRUNC($I65 * P65, 2) -> 58738.24 | T65: =TRUNC($I65 * R65, 2) -> 71025.79 | U65: =T65/$S$135 -> 0.0088128209
B66: 2.2.14 | C66: =INDEX('Orçamento Analítico'!$B:$M,MATCH('ORÇ. SINTÉTICO'!B66,'Orçamento Analítico'!$B:$B,0)+1,2) -> 92848 | D66: =INDEX('Orçamento Analítico'!$B:$M,MATCH('ORÇ. SINTÉTICO'!B66,'Orçamento Analítico'!$B:$B,0)+1,3) -> SINAPI | E66: =INDEX('Orçamento Analítico'!$B:$M,MATCH('ORÇ. SINTÉTICO'!B66,'Orçamento Analítico'!$B:$B,0)+1,4) -> ASSENTAMENTO DE TUBO DE CONCRETO PARA REDES COLETORAS DE ESGOTO SANITÁRIO, DIÂMETRO DE 1000 MM, JUNTA ELÁSTICA, INSTALADO EM LOCAL COM BAIXO NÍVEL DE INTERFERÊNCIAS (NÃO INCLUI FORNECIMENTO). AF_03/2024 | G66: =INDEX('Orçamento Analítico'!$B:$M,MATCH('ORÇ. SINTÉTICO'!$B66,'Orçamento Analítico'!$B:$B,0)+1,5) -> Assentamento de tubos de esgoto ou drenagem pluvial em concreto | H66: =INDEX('Orçamento Analítico'!$B:$M,MATCH('ORÇ. SINTÉTICO'!B66,'Orçamento Analítico'!$B:$B,0)+1,7) -> M | I66: =DRENAGEM!DE30-DRENAGEM!DE14-DRENAGEM!DE15-DRENAGEM!DE16 -> 121 | J66: =INDEX('Orçamento Analítico'!$B:$M,MATCH(B66,'Orçamento Analítico'!$B:$B,0)+1,10) -> 79.9 | K66: =IF((OR($G66="MATERIAL",$G66="Equipamento")),K$5,K$4) -> 0.2423 | L66: =TRUNC(J66*(1+K66),2) -> 99.25 | M66: =TRUNC($I66 * J66, 2) -> 9667.9 | N66: =TRUNC($I66 * L66, 2) -> 12009.25 | O66: =N66/$M$135 -> 0.001548552 | P66: =INDEX('Orçamento Analítico'!$B:$M,MATCH(B66,'Orçamento Analítico'!$B:$B,0)+1,12) -> 78.48 | Q66: =IF((OR($G66="MATERIAL",$G66="Equipamento")),Q$5,Q$4) -> 0.3066 | R66: =TRUNC(P66*(1+Q66),2) -> 102.54 | S66: =TRUNC($I66 * P66, 2) -> 9496.08 | T66: =TRUNC($I66 * R66, 2) -> 12407.34 | U66: =T66/$S$135 -> 0.0015394924
B67: 2.2.15 | C67: =INDEX('Orçamento Analítico'!$B:$M,MATCH('ORÇ. SINTÉTICO'!B67,'Orçamento Analítico'!$B:$B,0)+1,2) -> 00007757 | D67: =INDEX('Orçamento Analítico'!$B:$M,MATCH('ORÇ. SINTÉTICO'!B67,'Orçamento Analítico'!$B:$B,0)+1,3) -> SINAPI | E67: =INDEX('Orçamento Analítico'!$B:$M,MATCH('ORÇ. SINTÉTICO'!B67,'Orçamento Analítico'!$B:$B,0)+1,4) -> TUBO DE CONCRETO ARMADO PARA AGUAS PLUVIAIS, CLASSE PA-1, COM ENCAIXE PONTA E BOLSA, DIAMETRO NOMINAL DE 1200 MM | G67: =INDEX('Orçamento Analítico'!$B:$M,MATCH('ORÇ. SINTÉTICO'!$B67,'Orçamento Analítico'!$B:$B,0)+1,5) -> Material | H67: =INDEX('Orçamento Analítico'!$B:$M,MATCH('ORÇ. SINTÉTICO'!B67,'Orçamento Analítico'!$B:$B,0)+1,7) -> M | I67: =DRENAGEM!DF30 -> 40 | J67: =INDEX('Orçamento Analítico'!$B:$M,MATCH(B67,'Orçamento Analítico'!$B:$B,0)+1,10) -> 725.02 | K67: =IF((OR($G65="MATERIAL",$G65="Equipamento")),K$5,K$4) -> 0.1527 | L67: =TRUNC(J67*(1+K67),2) -> 835.73 | M67: =TRUNC($I67 * J67, 2) -> 29000.8 | N67: =TRUNC($I67 * L67, 2) -> 33429.2 | O67: =N67/$M$135 -> 0.0043105818 | P67: =INDEX('Orçamento Analítico'!$B:$M,MATCH(B67,'Orçamento Analítico'!$B:$B,0)+1,12) -> 725.02 | Q67: =IF((OR($G67="MATERIAL",$G67="Equipamento")),Q$5,Q$4) -> 0.2092 | R67: =TRUNC(P67*(1+Q67),2) -> 876.69 | S67: =TRUNC($I67 * P67, 2) -> 29000.8 | T67: =TRUNC($I67 * R67, 2) -> 35067.6 | U67: =T67/$S$135 -> 0.0043511586
B68: 2.2.16 | C68: =INDEX('Orçamento Analítico'!$B:$M,MATCH('ORÇ. SINTÉTICO'!B68,'Orçamento Analítico'!$B:$B,0)+1,2) -> 92817 | D68: =INDEX('Orçamento Analítico'!$B:$M,MATCH('ORÇ. SINTÉTICO'!B68,'Orçamento Analítico'!$B:$B,0)+1,3) -> SINAPI | E68: =INDEX('Orçamento Analítico'!$B:$M,MATCH('ORÇ. SINTÉTICO'!B68,'Orçamento Analítico'!$B:$B,0)+1,4) -> ASSENTAMENTO DE TUBO DE CONCRETO PARA REDES COLETORAS DE ÁGUAS PLUVIAIS, DIÂMETRO DE 1200 MM, JUNTA RÍGIDA, INSTALADO EM LOCAL COM BAIXO NÍVEL DE INTERFERÊNCIAS (NÃO INCLUI FORNECIMENTO). AF_03/2024 | G68: =INDEX('Orçamento Analítico'!$B:$M,MATCH('ORÇ. SINTÉTICO'!$B68,'Orçamento Analítico'!$B:$B,0)+1,5) -> Assentamento de tubos de esgoto ou drenagem pluvial em concreto | H68: =INDEX('Orçamento Analítico'!$B:$M,MATCH('ORÇ. SINTÉTICO'!B68,'Orçamento Analítico'!$B:$B,0)+1,7) -> M | I68: =DRENAGEM!DF30 -> 40 | J68: =INDEX('Orçamento Analítico'!$B:$M,MATCH(B68,'Orçamento Analítico'!$B:$B,0)+1,10) -> 119.72 | K68: =IF((OR($G68="MATERIAL",$G68="Equipamento")),K$5,K$4) -> 0.2423 | L68: =TRUNC(J68*(1+K68),2) -> 148.72 | M68: =TRUNC($I68 * J68, 2) -> 4788.8 | N68: =TRUNC($I68 * L68, 2) -> 5948.8 | O68: =N68/$M$135 -> 0.00076707755 | P68: =INDEX('Orçamento Analítico'!$B:$M,MATCH(B68,'Orçamento Analítico'!$B:$B,0)+1,12) -> 116.12 | Q68: =IF((OR($G68="MATERIAL",$G68="Equipamento")),Q$5,Q$4) -> 0.3066 | R68: =TRUNC(P68*(1+Q68),2) -> 151.72 | S68: =TRUNC($I68 * P68, 2) -> 4644.8 | T68: =TRUNC($I68 * R68, 2) -> 6068.8 | U68: =T68/$S$135 -> 0.00075301165
B69: 2.2.17 | C69: =INDEX('Orçamento Analítico'!$B:$M,MATCH('ORÇ. SINTÉTICO'!B69,'Orçamento Analítico'!$B:$B,0)+1,2) -> 100947 | D69: =INDEX('Orçamento Analítico'!$B:$M,MATCH('ORÇ. SINTÉTICO'!B69,'Orçamento Analítico'!$B:$B,0)+1,3) -> SINAPI | E69: =INDEX('Orçamento Analítico'!$B:$M,MATCH('ORÇ. SINTÉTICO'!B69,'Orçamento Analítico'!$B:$B,0)+1,4) -> TRANSPORTE COM CAMINHÃO CARROCERIA 9T, EM VIA URBANA PAVIMENTADA, DMT ATÉ 30KM (UNIDADE: TXKM). AF_07/2020 | F69: 30 | G69: =INDEX('Orçamento Analítico'!$B:$M,MATCH('ORÇ. SINTÉTICO'!$B69,'Orçamento Analítico'!$B:$B,0)+1,5) -> Transporte, Carga e Descarga de Materiais | H69: =INDEX('Orçamento Analítico'!$B:$M,MATCH('ORÇ. SINTÉTICO'!B69,'Orçamento Analítico'!$B:$B,0)+1,7) -> TXKM | I69: =DRENAGEM!AW46 -> 16496.1 | J69: =INDEX('Orçamento Analítico'!$B:$M,MATCH(B69,'Orçamento Analítico'!$B:$B,0)+1,10) -> 2.26 | K69: =IF((OR($G69="MATERIAL",$G69="Equipamento")),K$5,K$4) -> 0.2423 | L69: =TRUNC(J69*(1+K69),2) -> 2.8 | M69: =TRUNC($I69 * J69, 2) -> 37281.18 | N69: =TRUNC($I69 * L69, 2) -> 46189.08 | O69: =N69/$M$135 -> 0.0059559249 | P69: =INDEX('Orçamento Analítico'!$B:$M,MATCH(B69,'Orçamento Analítico'!$B:$B,0)+1,12) -> 2.23 | Q69: =IF((OR($G69="MATERIAL",$G69="Equipamento")),Q$5,Q$4) -> 0.3066 | R69: =TRUNC(P69*(1+Q69),2) -> 2.91 | S69: =TRUNC($I69 * P69, 2) -> 36786.3 | T69: =TRUNC($I69 * R69, 2) -> 48003.65 | U69: =T69/$S$135 -> 0.005956253
B70: 2.2.18 | C70: =INDEX('Orçamento Analítico'!$B:$M,MATCH('ORÇ. SINTÉTICO'!B70,'Orçamento Analítico'!$B:$B,0)+1,2) -> 100948 | D70: =INDEX('Orçamento Analítico'!$B:$M,MATCH('ORÇ. SINTÉTICO'!B70,'Orçamento Analítico'!$B:$B,0)+1,3) -> SINAPI | E70: =INDEX('Orçamento Analítico'!$B:$M,MATCH('ORÇ. SINTÉTICO'!B70,'Orçamento Analítico'!$B:$B,0)+1,4) -> TRANSPORTE COM CAMINHÃO CARROCERIA 9T, EM VIA URBANA PAVIMENTADA, ADICIONAL PARA DMT EXCEDENTE A 30 KM (UNIDADE: TXKM). AF_07/2020 | F70: =DMT!F10-30 -> 301 | G70: =INDEX('Orçamento Analítico'!$B:$M,MATCH('ORÇ. SINTÉTICO'!$B70,'Orçamento Analítico'!$B:$B,0)+1,5) -> Transporte, Carga e Descarga de Materiais | H70: =INDEX('Orçamento Analítico'!$B:$M,MATCH('ORÇ. SINTÉTICO'!B70,'Orçamento Analítico'!$B:$B,0)+1,7) -> TXKM | I70: =DRENAGEM!AW47 -> 165510.87 | J70: =INDEX('Orçamento Analítico'!$B:$M,MATCH(B70,'Orçamento Analítico'!$B:$B,0)+1,10) -> 0.89 | K70: =IF((OR($G70="MATERIAL",$G70="Equipamento")),K$5,K$4) -> 0.2423 | L70: =TRUNC(J70*(1+K70),2) -> 1.1 | M70: =TRUNC($I70 * J70, 2) -> 147304.67 | N70: =TRUNC($I70 * L70, 2) -> 182061.95 | O70: =N70/$M$135 -> 0.02347627 | P70: =INDEX('Orçamento Analítico'!$B:$M,MATCH(B70,'Orçamento Analítico'!$B:$B,0)+1,12) -> 0.88 | Q70: =IF((OR($G70="MATERIAL",$G70="Equipamento")),Q$5,Q$4) -> 0.3066 | R70: =TRUNC(P70*(1+Q70),2) -> 1.14 | S70: =TRUNC($I70 * P70, 2) -> 145649.56 | T70: =TRUNC($I70 * R70, 2) -> 188682.39 | U70: =T70/$S$135 -> 0.023411554
B71: 2.2.19 | C71: =INDEX('Orçamento Analítico'!$B:$M,MATCH('ORÇ. SINTÉTICO'!B71,'Orçamento Analítico'!$B:$B,0)+1,2) -> DRE.BLSC-TL | D71: =INDEX('Orçamento Analítico'!$B:$M,MATCH('ORÇ. SINTÉTICO'!B71,'Orçamento Analítico'!$B:$B,0)+1,3) -> Próprio | E71: =INDEX('Orçamento Analítico'!$B:$M,MATCH('ORÇ. SINTÉTICO'!B71,'Orçamento Analítico'!$B:$B,0)+1,4) -> BLSC - BOCA-DE-LOBO SIMPLES, EM CONCRETO SIMPLES FCK 20 MPA, INCLUINDO ESCAVAÇÃO, FORMA, ARMAÇÃO, CALÇAMENTO AO REDOR E GRELHA EM FOFO TIPO PESADA, CONFORME PROJETO | G71: =INDEX('Orçamento Analítico'!$B:$M,MATCH('ORÇ. SINTÉTICO'!$B71,'Orçamento Analítico'!$B:$B,0)+1,5) -> DROP - DRENAGEM/OBRAS DE CONTENÇÃO / POÇOS DE VISITA E CAIXAS | H71: =INDEX('Orçamento Analítico'!$B:$M,MATCH('ORÇ. SINTÉTICO'!B71,'Orçamento Analítico'!$B:$B,0)+1,7) -> UND | I71: ='DISP. DRENAGEM'!C4 -> 18 | J71: =INDEX('Orçamento Analítico'!$B:$M,MATCH(B71,'Orçamento Analítico'!$B:$B,0)+1,10) -> 1831.84 | K71: =IF((OR($G71="MATERIAL",$G71="Equipamento")),K$5,K$4) -> 0.2423 | L71: =TRUNC(J71*(1+K71),2) -> 2275.69 | M71: =TRUNC($I71 * J71, 2) -> 32973.12 | N71: =TRUNC($I71 * L71, 2) -> 40962.42 | O71: =N71/$M$135 -> 0.0052819649 | P71: =INDEX('Orçamento Analítico'!$B:$M,MATCH(B71,'Orçamento Analítico'!$B:$B,0)+1,12) -> 1802.91 | Q71: =IF((OR($G71="MATERIAL",$G71="Equipamento")),Q$5,Q$4) -> 0.3066 | R71: =TRUNC(P71*(1+Q71),2) -> 2355.68 | S71: =TRUNC($I71 * P71, 2) -> 32452.38 | T71: =TRUNC($I71 * R71, 2) -> 42402.24 | U71: =T71/$S$135 -> 0.0052612347
B72: 2.2.20 | C72: =INDEX('Orçamento Analítico'!$B:$M,MATCH('ORÇ. SINTÉTICO'!B72,'Orçamento Analítico'!$B:$B,0)+1,2) -> DRE.BLDC-TL | D72: =INDEX('Orçamento Analítico'!$B:$M,MATCH('ORÇ. SINTÉTICO'!B72,'Orçamento Analítico'!$B:$B,0)+1,3) -> Próprio | E72: =INDEX('Orçamento Analítico'!$B:$M,MATCH('ORÇ. SINTÉTICO'!B72,'Orçamento Analítico'!$B:$B,0)+1,4) -> BLDC- TL - Boca-de-lobo dupla, em concreto simples fck 20 MPa, incluindo forma, escavação, calçamento ao redor e grelhas em FoFo tipo pesada, conforme projeto | G72: =INDEX('Orçamento Analítico'!$B:$M,MATCH('ORÇ. SINTÉTICO'!$B72,'Orçamento Analítico'!$B:$B,0)+1,5) -> SEDI - SERVIÇOS DIVERSOS | H72: =INDEX('Orçamento Analítico'!$B:$M,MATCH('ORÇ. SINTÉTICO'!B72,'Orçamento Analítico'!$B:$B,0)+1,7) -> un | I72: ='DISP. DRENAGEM'!C5 -> 20 | J72: =INDEX('Orçamento Analítico'!$B:$M,MATCH(B72,'Orçamento Analítico'!$B:$B,0)+1,10) -> 3569.1 | K72: =IF((OR($G72="MATERIAL",$G72="Equipamento")),K$5,K$4) -> 0.2423 | L72: =TRUNC(J72*(1+K72),2) -> 4433.89 | M72: =TRUNC($I72 * J72, 2) -> 71382 | N72: =TRUNC($I72 * L72, 2) -> 88677.8 | O72: =N72/$M$135 -> 0.011434701 | P72: =INDEX('Orçamento Analítico'!$B:$M,MATCH(B72,'Orçamento Analítico'!$B:$B,0)+1,12) -> 3514.21 | Q72: =IF((OR($G72="MATERIAL",$G72="Equipamento")),Q$5,Q$4) -> 0.3066 | R72: =TRUNC(P72*(1+Q72),2) -> 4591.66 | S72: =TRUNC($I72 * P72, 2) -> 70284.2 | T72: =TRUNC($I72 * R72, 2) -> 91833.2 | U72: =T72/$S$135 -> 0.011394587
B73: 2.2.21 | C73: =INDEX('Orçamento Analítico'!$B:$M,MATCH('ORÇ. SINTÉTICO'!B73,'Orçamento Analítico'!$B:$B,0)+1,2) -> DRE.BLTC - TL | D73: =INDEX('Orçamento Analítico'!$B:$M,MATCH('ORÇ. SINTÉTICO'!B73,'Orçamento Analítico'!$B:$B,0)+1,3) -> Próprio | E73: =INDEX('Orçamento Analítico'!$B:$M,MATCH('ORÇ. SINTÉTICO'!B73,'Orçamento Analítico'!$B:$B,0)+1,4) -> BLTC - TL - Boca-de-lobo tripla, em concreto simples fck 20 MPa, incluindo forma, escavação, calçamento ao redor e grelhas em f°f° tipo pesada, conforme projeto | G73: =INDEX('Orçamento Analítico'!$B:$M,MATCH('ORÇ. SINTÉTICO'!$B73,'Orçamento Analítico'!$B:$B,0)+1,5) -> SEDI - SERVIÇOS DIVERSOS | H73: =INDEX('Orçamento Analítico'!$B:$M,MATCH('ORÇ. SINTÉTICO'!B73,'Orçamento Analítico'!$B:$B,0)+1,7) -> un | I73: ='DISP. DRENAGEM'!C6 -> 14 | J73: =INDEX('Orçamento Analítico'!$B:$M,MATCH(B73,'Orçamento Analítico'!$B:$B,0)+1,10) -> 5214.94 | K73: =IF((OR($G73="MATERIAL",$G73="Equipamento")),K$5,K$4) -> 0.2423 | L73: =TRUNC(J73*(1+K73),2) -> 6478.51 | M73: =TRUNC($I73 * J73, 2) -> 73009.16 | N73: =TRUNC($I73 * L73, 2) -> 90699.14 | O73: =N73/$M$135 -> 0.011695346 | P73: =INDEX('Orçamento Analítico'!$B:$M,MATCH(B73,'Orçamento Analítico'!$B:$B,0)+1,12) -> 5136.23 | Q73: =IF((OR($G73="MATERIAL",$G73="Equipamento")),Q$5,Q$4) -> 0.3066 | R73: =TRUNC(P73*(1+Q73),2) -> 6710.99 | S73: =TRUNC($I73 * P73, 2) -> 71907.22 | T73: =TRUNC($I73 * R73, 2) -> 93953.86 | U73: =T73/$S$135 -> 0.011657717
B74: 2.2.22 | C74: =INDEX('Orçamento Analítico'!$B:$M,MATCH('ORÇ. SINTÉTICO'!B74,'Orçamento Analítico'!$B:$B,0)+1,2) -> COT.GREL-PAR | D74: =INDEX('Orçamento Analítico'!$B:$M,MATCH('ORÇ. SINTÉTICO'!B74,'Orçamento Analítico'!$B:$B,0)+1,3) -> Próprio | E74: =INDEX('Orçamento Analítico'!$B:$M,MATCH('ORÇ. SINTÉTICO'!B74,'Orçamento Analítico'!$B:$B,0)+1,4) -> GRELHAS 50X100 ARTICULADA - FERRO FUNDIDO | G74: =INDEX('Orçamento Analítico'!$B:$M,MATCH('ORÇ. SINTÉTICO'!$B74,'Orçamento Analítico'!$B:$B,0)+1,5) -> Material | H74: =INDEX('Orçamento Analítico'!$B:$M,MATCH('ORÇ. SINTÉTICO'!B74,'Orçamento Analítico'!$B:$B,0)+1,7) -> und | I74: ='DISP. DRENAGEM'!C14 -> 100 | J74: =INDEX('Orçamento Analítico'!$B:$M,MATCH(B74,'Orçamento Analítico'!$B:$B,0)+1,10) -> 802.02 | K74: =IF((OR($G65="MATERIAL",$G65="Equipamento")),K$5,K$4) -> 0.1527 | L74: =TRUNC(J74*(1+K74),2) -> 924.48 | M74: =TRUNC($I74 * J74, 2) -> 80202 | N74: =TRUNC($I74 * L74, 2) -> 92448 | O74: =N74/$M$135 -> 0.011920856 | P74: =INDEX('Orçamento Analítico'!$B:$M,MATCH(B74,'Orçamento Analítico'!$B:$B,0)+1,12) -> 802.02 | Q74: =IF((OR($G74="MATERIAL",$G74="Equipamento")),Q$5,Q$4) -> 0.2092 | R74: =TRUNC(P74*(1+Q74),2) -> 969.8 | S74: =TRUNC($I74 * P74, 2) -> 80202 | T74: =TRUNC($I74 * R74, 2) -> 96980 | U74: =T74/$S$135 -> 0.012033198
B75: 2.2.23 | C75: =INDEX('Orçamento Analítico'!$B:$M,MATCH('ORÇ. SINTÉTICO'!B75,'Orçamento Analítico'!$B:$B,0)+1,2) -> 100947 | D75: =INDEX('Orçamento Analítico'!$B:$M,MATCH('ORÇ. SINTÉTICO'!B75,'Orçamento Analítico'!$B:$B,0)+1,3) -> SINAPI | E75: =INDEX('Orçamento Analítico'!$B:$M,MATCH('ORÇ. SINTÉTICO'!B75,'Orçamento Analítico'!$B:$B,0)+1,4) -> TRANSPORTE COM CAMINHÃO CARROCERIA 9T, EM VIA URBANA PAVIMENTADA, DMT ATÉ 30KM (UNIDADE: TXKM). AF_07/2020 | F75: =30 -> 30 | G75: =INDEX('Orçamento Analítico'!$B:$M,MATCH('ORÇ. SINTÉTICO'!$B75,'Orçamento Analítico'!$B:$B,0)+1,5) -> Transporte, Carga e Descarga de Materiais | H75: =INDEX('Orçamento Analítico'!$B:$M,MATCH('ORÇ. SINTÉTICO'!B75,'Orçamento Analítico'!$B:$B,0)+1,7) -> TXKM | I75: ='DISP. DRENAGEM'!D38 -> 120 | J75: =INDEX('Orçamento Analítico'!$B:$M,MATCH(B75,'Orçamento Analítico'!$B:$B,0)+1,10) -> 2.26 | K75: =IF((OR($G75="MATERIAL",$G75="Equipamento")),K$5,K$4) -> 0.2423 | L75: =TRUNC(J75*(1+K75),2) -> 2.8 | M75: =TRUNC($I75 * J75, 2) -> 271.2 | N75: =TRUNC($I75 * L75, 2) -> 336 | O75: =N75/$M$135 -> 4.3326059e-05 | P75: =INDEX('Orçamento Analítico'!$B:$M,MATCH(B75,'Orçamento Analítico'!$B:$B,0)+1,12) -> 2.23 | Q75: =IF((OR($G75="MATERIAL",$G75="Equipamento")),Q$5,Q$4) -> 0.3066 | R75: =TRUNC(P75*(1+Q75),2) -> 2.91 | S75: =TRUNC($I75 * P75, 2) -> 267.6 | T75: =TRUNC($I75 * R75, 2) -> 349.2 | U75: =T75/$S$135 -> 4.3328445e-05
B76: 2.2.24 | C76: =INDEX('Orçamento Analítico'!$B:$M,MATCH('ORÇ. SINTÉTICO'!B76,'Orçamento Analítico'!$B:$B,0)+1,2) -> 100948 | D76: =INDEX('Orçamento Analítico'!$B:$M,MATCH('ORÇ. SINTÉTICO'!B76,'Orçamento Analítico'!$B:$B,0)+1,3) -> SINAPI | E76: =INDEX('Orçamento Analítico'!$B:$M,MATCH('ORÇ. SINTÉTICO'!B76,'Orçamento Analítico'!$B:$B,0)+1,4) -> TRANSPORTE COM CAMINHÃO CARROCERIA 9T, EM VIA URBANA PAVIMENTADA, ADICIONAL PARA DMT EXCEDENTE A 30 KM (UNIDADE: TXKM). AF_07/2020 | F76: =DMT!F14-30 -> 733 | G76: =INDEX('Orçamento Analítico'!$B:$M,MATCH('ORÇ. SINTÉTICO'!$B76,'Orçamento Analítico'!$B:$B,0)+1,5) -> Transporte, Carga e Descarga de Materiais | H76: =INDEX('Orçamento Analítico'!$B:$M,MATCH('ORÇ. SINTÉTICO'!B76,'Orçamento Analítico'!$B:$B,0)+1,7) -> TXKM | I76: ='DISP. DRENAGEM'!D39 -> 2932 | J76: =INDEX('Orçamento Analítico'!$B:$M,MATCH(B76,'Orçamento Analítico'!$B:$B,0)+1,10) -> 0.89 | K76: =IF((OR($G76="MATERIAL",$G76="Equipamento")),K$5,K$4) -> 0.2423 | L76: =TRUNC(J76*(1+K76),2) -> 1.1 | M76: =TRUNC($I76 * J76, 2) -> 2609.48 | N76: =TRUNC($I76 * L76, 2) -> 3225.2 | O76: =N76/$M$135 -> 0.00041587858 | P76: =INDEX('Orçamento Analítico'!$B:$M,MATCH(B76,'Orçamento Analítico'!$B:$B,0)+1,12) -> 0.88 | Q76: =IF((OR($G76="MATERIAL",$G76="Equipamento")),Q$5,Q$4) -> 0.3066 | R76: =TRUNC(P76*(1+Q76),2) -> 1.14 | S76: =TRUNC($I76 * P76, 2) -> 2580.16 | T76: =TRUNC($I76 * R76, 2) -> 3342.48 | U76: =T76/$S$135 -> 0.00041473214
B77: 2.2.25 | C77: =INDEX('Orçamento Analítico'!$B:$M,MATCH('ORÇ. SINTÉTICO'!B77,'Orçamento Analítico'!$B:$B,0)+1,2) -> DRE.PV-01 | D77: =INDEX('Orçamento Analítico'!$B:$M,MATCH('ORÇ. SINTÉTICO'!B77,'Orçamento Analítico'!$B:$B,0)+1,3) -> Próprio | E77: =INDEX('Orçamento Analítico'!$B:$M,MATCH('ORÇ. SINTÉTICO'!B77,'Orçamento Analítico'!$B:$B,0)+1,4) -> PV-1 - POÇO DE VISITA 2,32 X 2,32 M, EM ALV. DE TIJ. COM. DE 1 VEZ ASS. E REV. INTERNO COM ARG. DE CIMENTO 1:3, LASTRO BRITA 12 CM, BERÇO 18 CM EM CONC. FCK=15 MPA, LAJE 12 CM EM CONC. ARMADO FCK=20 MPA, INCL. FORMA, ESC. MANUAL E REATERRO | G77: =INDEX('Orçamento Analítico'!$B:$M,MATCH('ORÇ. SINTÉTICO'!$B77,'Orçamento Analítico'!$B:$B,0)+1,5) -> SEDI - SERVIÇOS DIVERSOS | H77: =INDEX('Orçamento Analítico'!$B:$M,MATCH('ORÇ. SINTÉTICO'!B77,'Orçamento Analítico'!$B:$B,0)+1,7) -> un | I77: ='DISP. DRENAGEM'!C9 -> 17 | J77: =INDEX('Orçamento Analítico'!$B:$M,MATCH(B77,'Orçamento Analítico'!$B:$B,0)+1,10) -> 5472.65 | K77: =IF((OR($G77="MATERIAL",$G77="Equipamento")),K$5,K$4) -> 0.2423 | L77: =TRUNC(J77*(1+K77),2) -> 6798.67 | M77: =TRUNC($I77 * J77, 2) -> 93035.05 | N77: =TRUNC($I77 * L77, 2) -> 115577.39 | O77: =N77/$M$135 -> 0.014903312 | P77: =INDEX('Orçamento Analítico'!$B:$M,MATCH(B77,'Orçamento Analítico'!$B:$B,0)+1,12) -> 5309.49 | Q77: =IF((OR($G77="MATERIAL",$G77="Equipamento")),Q$5,Q$4) -> 0.3066 | R77: =TRUNC(P77*(1+Q77),2) -> 6937.37 | S77: =TRUNC($I77 * P77, 2) -> 90261.33 | T77: =TRUNC($I77 * R77, 2) -> 117935.29 | U77: =T77/$S$135 -> 0.014633313
B78: 2.2.26 | C78: =INDEX('Orçamento Analítico'!$B:$M,MATCH('ORÇ. SINTÉTICO'!B78,'Orçamento Analítico'!$B:$B,0)+1,2) -> 99319 | D78: =INDEX('Orçamento Analítico'!$B:$M,MATCH('ORÇ. SINTÉTICO'!B78,'Orçamento Analítico'!$B:$B,0)+1,3) -> SINAPI | E78: =INDEX('Orçamento Analítico'!$B:$M,MATCH('ORÇ. SINTÉTICO'!B78,'Orçamento Analítico'!$B:$B,0)+1,4) -> CHAMINÉ CIRCULAR PARA POÇO DE VISITA PARA DRENAGEM, EM ALVENARIA COM TIJOLOS CERÂMICOS MACIÇOS, DIÂMETRO INTERNO = 0,6 M. AF_12/2020 | G78: =INDEX('Orçamento Analítico'!$B:$M,MATCH('ORÇ. SINTÉTICO'!$B78,'Orçamento Analítico'!$B:$B,0)+1,5) -> Poços de Visita e Caixas para Bocas de Lobo | H78: =INDEX('Orçamento Analítico'!$B:$M,MATCH('ORÇ. SINTÉTICO'!B78,'Orçamento Analítico'!$B:$B,0)+1,7) -> M | I78: ='DISP. DRENAGEM'!C15 -> 13.2 | J78: =INDEX('Orçamento Analítico'!$B:$M,MATCH(B78,'Orçamento Analítico'!$B:$B,0)+1,10) -> 928.23 | K78: =IF((OR($G78="MATERIAL",$G78="Equipamento")),K$5,K$4) -> 0.2423 | L78: =TRUNC(J78*(1+K78),2) -> 1153.14 | M78: =TRUNC($I78 * J78, 2) -> 12252.63 | N78: =TRUNC($I78 * L78, 2) -> 15221.44 | O78: =N78/$M$135 -> 0.001962753 | P78: =INDEX('Orçamento Analítico'!$B:$M,MATCH(B78,'Orçamento Analítico'!$B:$B,0)+1,12) -> 900 | Q78: =IF((OR($G78="MATERIAL",$G78="Equipamento")),Q$5,Q$4) -> 0.3066 | R78: =TRUNC(P78*(1+Q78),2) -> 1175.94 | S78: =TRUNC($I78 * P78, 2) -> 11880 | T78: =TRUNC($I78 * R78, 2) -> 15522.4 | U78: =T78/$S$135 -> 0.0019260065
B79: 2.2.27 | C79: =INDEX('Orçamento Analítico'!$B:$M,MATCH('ORÇ. SINTÉTICO'!B79,'Orçamento Analítico'!$B:$B,0)+1,2) -> 98114 | D79: =INDEX('Orçamento Analítico'!$B:$M,MATCH('ORÇ. SINTÉTICO'!B79,'Orçamento Analítico'!$B:$B,0)+1,3) -> SINAPI | E79: =INDEX('Orçamento Analítico'!$B:$M,MATCH('ORÇ. SINTÉTICO'!B79,'Orçamento Analítico'!$B:$B,0)+1,4) -> TAMPA CIRCULAR PARA ESGOTO E DRENAGEM, EM FERRO FUNDIDO, DIÂMETRO INTERNO = 0,6 M. AF_12/2020 | G79: =INDEX('Orçamento Analítico'!$B:$M,MATCH('ORÇ. SINTÉTICO'!$B79,'Orçamento Analítico'!$B:$B,0)+1,5) -> Caixas Enterradas | H79: =INDEX('Orçamento Analítico'!$B:$M,MATCH('ORÇ. SINTÉTICO'!B79,'Orçamento Analítico'!$B:$B,0)+1,7) -> UN | I79: ='DISP. DRENAGEM'!C16 -> 16 | J79: =INDEX('Orçamento Analítico'!$B:$M,MATCH(B79,'Orçamento Analítico'!$B:$B,0)+1,10) -> 592.81 | K79: =IF((OR($G79="MATERIAL",$G79="Equipamento")),K$5,K$4) -> 0.2423 | L79: =TRUNC(J79*(1+K79),2) -> 736.44 | M79: =TRUNC($I79 * J79, 2) -> 9484.96 | N79: =TRUNC($I79 * L79, 2) -> 11783.04 | O79: =N79/$M$135 -> 0.001519383 | P79: =INDEX('Orçamento Analítico'!$B:$M,MATCH(B79,'Orçamento Analítico'!$B:$B,0)+1,12) -> 589.72 | Q79: =IF((OR($G79="MATERIAL",$G79="Equipamento")),Q$5,Q$4) -> 0.3066 | R79: =TRUNC(P79*(1+Q79),2) -> 770.52 | S79: =TRUNC($I79 * P79, 2) -> 9435.52 | T79: =TRUNC($I79 * R79, 2) -> 12328.32 | U79: =T79/$S$135 -> 0.0015296877
B80: 2.2.28 | C80: =INDEX('Orçamento Analítico'!$B:$M,MATCH('ORÇ. SINTÉTICO'!B80,'Orçamento Analítico'!$B:$B,0)+1,2) -> DRE.ALTE | D80: =INDEX('Orçamento Analítico'!$B:$M,MATCH('ORÇ. SINTÉTICO'!B80,'Orçamento Analítico'!$B:$B,0)+1,3) -> Próprio | E80: =INDEX('Orçamento Analítico'!$B:$M,MATCH('ORÇ. SINTÉTICO'!B80,'Orçamento Analítico'!$B:$B,0)+1,4) -> ALONGAMENTO DE CHAMINÉ D=0,60 M PARA POÇO DE VISITA, EM ALVENARIA | G80: =INDEX('Orçamento Analítico'!$B:$M,MATCH('ORÇ. SINTÉTICO'!$B80,'Orçamento Analítico'!$B:$B,0)+1,5) -> SEDI - SERVIÇOS DIVERSOS | H80: =INDEX('Orçamento Analítico'!$B:$M,MATCH('ORÇ. SINTÉTICO'!B80,'Orçamento Analítico'!$B:$B,0)+1,7) -> UND | I80: ='DISP. DRENAGEM'!C17 -> 22 | J80: =INDEX('Orçamento Analítico'!$B:$M,MATCH(B80,'Orçamento Analítico'!$B:$B,0)+1,10) -> 338.62 | K80: =IF((OR($G80="MATERIAL",$G80="Equipamento")),K$5,K$4) -> 0.2423 | L80: =TRUNC(J80*(1+K80),2) -> 420.66 | M80: =TRUNC($I80 * J80, 2) -> 7449.64 | N80: =TRUNC($I80 * L80, 2) -> 9254.52 | O80: =N80/$M$135 -> 0.0011933389 | P80: =INDEX('Orçamento Analítico'!$B:$M,MATCH(B80,'Orçamento Analítico'!$B:$B,0)+1,12) -> 329.72 | Q80: =IF((OR($G80="MATERIAL",$G80="Equipamento")),Q$5,Q$4) -> 0.3066 | R80: =TRUNC(P80*(1+Q80),2) -> 430.81 | S80: =TRUNC($I80 * P80, 2) -> 7253.84 | T80: =TRUNC($I80 * R80, 2) -> 9477.82 | U80: =T80/$S$135 -> 0.001176
B81: 2.2.29 | C81: =INDEX('Orçamento Analítico'!$B:$M,MATCH('ORÇ. SINTÉTICO'!B81,'Orçamento Analítico'!$B:$B,0)+1,2) -> COT.EAI.MS | D81: =INDEX('Orçamento Analítico'!$B:$M,MATCH('ORÇ. SINTÉTICO'!B81,'Orçamento Analítico'!$B:$B,0)+1,3) -> Próprio | E81: =INDEX('Orçamento Analítico'!$B:$M,MATCH('ORÇ. SINTÉTICO'!B81,'Orçamento Analítico'!$B:$B,0)+1,4) -> EMULSÃO ASFALTICA PARA IMPRIMAÇÃO | G81: =INDEX('Orçamento Analítico'!$B:$M,MATCH('ORÇ. SINTÉTICO'!$B81,'Orçamento Analítico'!$B:$B,0)+1,5) -> Material | H81: =INDEX('Orçamento Analítico'!$B:$M,MATCH('ORÇ. SINTÉTICO'!B81,'Orçamento Analítico'!$B:$B,0)+1,7) -> T | I81: ='DISP. DRENAGEM'!G33 -> 0.02 | J81: =INDEX('Orçamento Analítico'!$B:$M,MATCH(B81,'Orçamento Analítico'!$B:$B,0)+1,10) -> 3000 | K81: =IF((OR($G81="MATERIAL",$G81="Equipamento")),K$5,K$4) -> 0.1527 | L81: =TRUNC(J81*(1+K81),2) -> 3458.1 | M81: =TRUNC($I81 * J81, 2) -> 60 | N81: =TRUNC($I81 * L81, 2) -> 69.16 | O81: =N81/$M$135 -> 8.917947e-06 | P81: =INDEX('Orçamento Analítico'!$B:$M,MATCH(B81,'Orçamento Analítico'!$B:$B,0)+1,12) -> 3000 | Q81: =IF((OR($G81="MATERIAL",$G81="Equipamento")),Q$5,Q$4) -> 0.2092 | R81: =TRUNC(P81*(1+Q81),2) -> 3627.6 | S81: =TRUNC($I81 * P81, 2) -> 60 | T81: =TRUNC($I81 * R81, 2) -> 72.55 | U81: =T81/$S$135 -> 9.0019436e-06
B82: 2.2.30 | C82: =INDEX('Orçamento Analítico'!$B:$M,MATCH('ORÇ. SINTÉTICO'!B82,'Orçamento Analítico'!$B:$B,0)+1,2) -> 102330 | D82: =INDEX('Orçamento Analítico'!$B:$M,MATCH('ORÇ. SINTÉTICO'!B82,'Orçamento Analítico'!$B:$B,0)+1,3) -> SINAPI | E82: =INDEX('Orçamento Analítico'!$B:$M,MATCH('ORÇ. SINTÉTICO'!B82,'Orçamento Analítico'!$B:$B,0)+1,4) -> TRANSPORTE COM CAMINHÃO TANQUE DE TRANSPORTE DE MATERIAL ASFÁLTICO DE 30000 L, EM VIA URBANA PAVIMENTADA, DMT ATÉ 30KM (UNIDADE: TXKM). AF_07/2020 | F82: =30 -> 30 | G82: =INDEX('Orçamento Analítico'!$B:$M,MATCH('ORÇ. SINTÉTICO'!$B82,'Orçamento Analítico'!$B:$B,0)+1,5) -> Transporte, Carga e Descarga de Materiais | H82: =INDEX('Orçamento Analítico'!$B:$M,MATCH('ORÇ. SINTÉTICO'!B82,'Orçamento Analítico'!$B:$B,0)+1,7) -> TXKM | I82: ='DISP. DRENAGEM'!H33 -> 0.41 | J82: =INDEX('Orçamento Analítico'!$B:$M,MATCH(B82,'Orçamento Analítico'!$B:$B,0)+1,10) -> 1.41 | K82: =IF((OR($G82="MATERIAL",$G82="Equipamento")),K$5,K$4) -> 0.2423 | L82: =TRUNC(J82*(1+K82),2) -> 1.75 | M82: =TRUNC($I82 * J82, 2) -> 0.57 | N82: =TRUNC($I82 * L82, 2) -> 0.71 | O82: =N82/$M$135 -> 9.1552088e-08 | P82: =INDEX('Orçamento Analítico'!$B:$M,MATCH(B82,'Orçamento Analítico'!$B:$B,0)+1,12) -> 1.4 | Q82: =IF((OR($G82="MATERIAL",$G82="Equipamento")),Q$5,Q$4) -> 0.3066 | R82: =TRUNC(P82*(1+Q82),2) -> 1.82 | S82: =TRUNC($I82 * P82, 2) -> 0.57 | T82: =TRUNC($I82 * R82, 2) -> 0.74 | U82: =T82/$S$135 -> 9.1818584e-08
B83: 2.2.31 | C83: =INDEX('Orçamento Analítico'!$B:$M,MATCH('ORÇ. SINTÉTICO'!B83,'Orçamento Analítico'!$B:$B,0)+1,2) -> 102331 | D83: =INDEX('Orçamento Analítico'!$B:$M,MATCH('ORÇ. SINTÉTICO'!B83,'Orçamento Analítico'!$B:$B,0)+1,3) -> SINAPI | E83: =INDEX('Orçamento Analítico'!$B:$M,MATCH('ORÇ. SINTÉTICO'!B83,'Orçamento Analítico'!$B:$B,0)+1,4) -> TRANSPORTE COM CAMINHÃO TANQUE DE TRANSPORTE DE MATERIAL ASFÁLTICO DE 30000 L, EM VIA URBANA PAVIMENTADA, ADICIONAL PARA DMT EXCEDENTE A 30 KM (UNIDADE: TXKM). AF_07/2020 | F83: =DMT!F7-30 -> 308 | G83: =INDEX('Orçamento Analítico'!$B:$M,MATCH('ORÇ. SINTÉTICO'!$B83,'Orçamento Analítico'!$B:$B,0)+1,5) -> Transporte, Carga e Descarga de Materiais | H83: =INDEX('Orçamento Analítico'!$B:$M,MATCH('ORÇ. SINTÉTICO'!B83,'Orçamento Analítico'!$B:$B,0)+1,7) -> TXKM | I83: ='DISP. DRENAGEM'!I33 -> 129.28 | J83: =INDEX('Orçamento Analítico'!$B:$M,MATCH(B83,'Orçamento Analítico'!$B:$B,0)+1,10) -> 0.55 | K83: =IF((OR($G83="MATERIAL",$G83="Equipamento")),K$5,K$4) -> 0.2423 | L83: =TRUNC(J83*(1+K83),2) -> 0.68 | M83: =TRUNC($I83 * J83, 2) -> 71.1 | N83: =TRUNC($I83 * L83, 2) -> 87.91 | O83: =N83/$M$135 -> 1.1335696e-05 | P83: =INDEX('Orçamento Analítico'!$B:$M,MATCH(B83,'Orçamento Analítico'!$B:$B,0)+1,12) -> 0.54 | Q83: =IF((OR($G83="MATERIAL",$G83="Equipamento")),Q$5,Q$4) -> 0.3066 | R83: =TRUNC(P83*(1+Q83),2) -> 0.7 | S83: =TRUNC($I83 * P83, 2) -> 69.81 | T83: =TRUNC($I83 * R83, 2) -> 90.49 | U83: =T83/$S$135 -> 1.1227924e-05
B84: 2.2.32 | C84: =INDEX('Orçamento Analítico'!$B:$M,MATCH('ORÇ. SINTÉTICO'!B84,'Orçamento Analítico'!$B:$B,0)+1,2) -> 94293 | D84: =INDEX('Orçamento Analítico'!$B:$M,MATCH('ORÇ. SINTÉTICO'!B84,'Orçamento Analítico'!$B:$B,0)+1,3) -> SINAPI | E84: =INDEX('Orçamento Analítico'!$B:$M,MATCH('ORÇ. SINTÉTICO'!B84,'Orçamento Analítico'!$B:$B,0)+1,4) -> EXECUÇÃO DE SARJETÃO DE CONCRETO USINADO, MOLDADA IN LOCO EM TRECHO RETO, 100 CM BASE X 20 CM ALTURA. AF_01/2024 | G84: =INDEX('Orçamento Analítico'!$B:$M,MATCH('ORÇ. SINTÉTICO'!$B84,'Orçamento Analítico'!$B:$B,0)+1,5) -> Guias e sarjetas | H84: =INDEX('Orçamento Analítico'!$B:$M,MATCH('ORÇ. SINTÉTICO'!B84,'Orçamento Analítico'!$B:$B,0)+1,7) -> M | I84: ='DISP. DRENAGEM'!C27 -> 85 | J84: =INDEX('Orçamento Analítico'!$B:$M,MATCH(B84,'Orçamento Analítico'!$B:$B,0)+1,10) -> 194.18 | K84: =IF((OR($G84="MATERIAL",$G84="Equipamento")),K$5,K$4) -> 0.2423 | L84: =TRUNC(J84*(1+K84),2) -> 241.22 | M84: =TRUNC($I84 * J84, 2) -> 16505.3 | N84: =TRUNC($I84 * L84, 2) -> 20503.7 | O84: =N84/$M$135 -> 0.0026438825 | P84: =INDEX('Orçamento Analítico'!$B:$M,MATCH(B84,'Orçamento Analítico'!$B:$B,0)+1,12) -> 191.98 | Q84: =IF((OR($G84="MATERIAL",$G84="Equipamento")),Q$5,Q$4) -> 0.3066 | R84: =TRUNC(P84*(1+Q84),2) -> 250.84 | S84: =TRUNC($I84 * P84, 2) -> 16318.3 | T84: =TRUNC($I84 * R84, 2) -> 21321.4 | U84: =T84/$S$135 -> 0.0026455416
B85: 2.2.33 | C85: =INDEX('Orçamento Analítico'!$B:$M,MATCH('ORÇ. SINTÉTICO'!B85,'Orçamento Analítico'!$B:$B,0)+1,2) -> 91093 | D85: =INDEX('Orçamento Analítico'!$B:$M,MATCH('ORÇ. SINTÉTICO'!B85,'Orçamento Analítico'!$B:$B,0)+1,3) -> SINAPI | E85: =INDEX('Orçamento Analítico'!$B:$M,MATCH('ORÇ. SINTÉTICO'!B85,'Orçamento Analítico'!$B:$B,0)+1,4) -> EXECUÇÃO DE REVESTIMENTO DE CONCRETO PROJETADO COM ESPESSURA DE 10 CM, ARMADO COM TELA, INCLINAÇÃO DE 90°, APLICAÇÃO DESCONTÍNUA, UTILIZANDO EQUIPAMENTO DE PROJEÇÃO COM 3 M3/H DE CAPACIDADE. AF_07/2024 | G85: =INDEX('Orçamento Analítico'!$B:$M,MATCH('ORÇ. SINTÉTICO'!$B85,'Orçamento Analítico'!$B:$B,0)+1,5) -> Concreto Projetado | H85: =INDEX('Orçamento Analítico'!$B:$M,MATCH('ORÇ. SINTÉTICO'!B85,'Orçamento Analítico'!$B:$B,0)+1,7) -> m² | I85: ='DISP. DRENAGEM'!C32 -> 19.12 | J85: =INDEX('Orçamento Analítico'!$B:$M,MATCH(B85,'Orçamento Analítico'!$B:$B,0)+1,10) -> 317.21 | K85: =IF((OR($G85="MATERIAL",$G85="Equipamento")),K$5,K$4) -> 0.2423 | L85: =TRUNC(J85*(1+K85),2) -> 394.06 | M85: =TRUNC($I85 * J85, 2) -> 6065.05 | N85: =TRUNC($I85 * L85, 2) -> 7534.42 | O85: =N85/$M$135 -> 0.00097153786 | P85: =INDEX('Orçamento Analítico'!$B:$M,MATCH(B85,'Orçamento Analítico'!$B:$B,0)+1,12) -> 305.21 | Q85: =IF((OR($G85="MATERIAL",$G85="Equipamento")),Q$5,Q$4) -> 0.3066 | R85: =TRUNC(P85*(1+Q85),2) -> 398.78 | S85: =TRUNC($I85 * P85, 2) -> 5835.61 | T85: =TRUNC($I85 * R85, 2) -> 7624.67 | U85: =T85/$S$135 -> 0.00094606271
B86: 2.2.34 | C86: =INDEX('Orçamento Analítico'!$B:$M,MATCH('ORÇ. SINTÉTICO'!B86,'Orçamento Analítico'!$B:$B,0)+1,2) -> 100978 | D86: =INDEX('Orçamento Analítico'!$B:$M,MATCH('ORÇ. SINTÉTICO'!B86,'Orçamento Analítico'!$B:$B,0)+1,3) -> SINAPI | E86: =INDEX('Orçamento Analítico'!$B:$M,MATCH('ORÇ. SINTÉTICO'!B86,'Orçamento Analítico'!$B:$B,0)+1,4) -> CARGA, MANOBRA E DESCARGA DE SOLOS E MATERIAIS GRANULARES EM CAMINHÃO BASCULANTE 10 M³ - CARGA COM ESCAVADEIRA HIDRÁULICA (CAÇAMBA DE 1,20 M³ / 155 HP) E DESCARGA LIVRE (UNIDADE: M3). AF_07/2020 | G86: =INDEX('Orçamento Analítico'!$B:$M,MATCH('ORÇ. SINTÉTICO'!$B86,'Orçamento Analítico'!$B:$B,0)+1,5) -> Transporte, Carga e Descarga de Materiais | H86: =INDEX('Orçamento Analítico'!$B:$M,MATCH('ORÇ. SINTÉTICO'!B86,'Orçamento Analítico'!$B:$B,0)+1,7) -> m³ | I86: ='DISP. DRENAGEM'!J33 -> 79.7 | J86: =INDEX('Orçamento Analítico'!$B:$M,MATCH(B86,'Orçamento Analítico'!$B:$B,0)+1,10) -> 7.03 | K86: =IF((OR($G86="MATERIAL",$G86="Equipamento")),K$5,K$4) -> 0.2423 | L86: =TRUNC(J86*(1+K86),2) -> 8.73 | M86: =TRUNC($I86 * J86, 2) -> 560.29 | N86: =TRUNC($I86 * L86, 2) -> 695.78 | O86: =N86/$M$135 -> 8.9718467e-05 | P86: =INDEX('Orçamento Analítico'!$B:$M,MATCH(B86,'Orçamento Analítico'!$B:$B,0)+1,12) -> 6.95 | Q86: =IF((OR($G86="MATERIAL",$G86="Equipamento")),Q$5,Q$4) -> 0.3066 | R86: =TRUNC(P86*(1+Q86),2) -> 9.08 | S86: =TRUNC($I86 * P86, 2) -> 553.91 | T86: =TRUNC($I86 * R86, 2) -> 723.67 | U86: =T86/$S$135 -> 8.9792372e-05
B87: 2.2.35 | C87: =INDEX('Orçamento Analítico'!$B:$M,MATCH('ORÇ. SINTÉTICO'!B87,'Orçamento Analítico'!$B:$B,0)+1,2) -> 95875 | D87: =INDEX('Orçamento Analítico'!$B:$M,MATCH('ORÇ. SINTÉTICO'!B87,'Orçamento Analítico'!$B:$B,0)+1,3) -> SINAPI | E87: =INDEX('Orçamento Analítico'!$B:$M,MATCH('ORÇ. SINTÉTICO'!B87,'Orçamento Analítico'!$B:$B,0)+1,4) -> TRANSPORTE COM CAMINHÃO BASCULANTE DE 10 M³, EM VIA URBANA PAVIMENTADA, DMT ATÉ 30 KM (UNIDADE: M3XKM). AF_07/2020 | F87: =DMT!F9 -> 18.2 | G87: =INDEX('Orçamento Analítico'!$B:$M,MATCH('ORÇ. SINTÉTICO'!$B87,'Orçamento Analítico'!$B:$B,0)+1,5) -> Transporte, Carga e Descarga de Materiais | H87: =INDEX('Orçamento Analítico'!$B:$M,MATCH('ORÇ. SINTÉTICO'!B87,'Orçamento Analítico'!$B:$B,0)+1,7) -> M3XKM | I87: ='DISP. DRENAGEM'!K33 -> 1450.53 | J87: =INDEX('Orçamento Analítico'!$B:$M,MATCH(B87,'Orçamento Analítico'!$B:$B,0)+1,10) -> 2.5 | K87: =IF((OR($G87="MATERIAL",$G87="Equipamento")),K$5,K$4) -> 0.2423 | L87: =TRUNC(J87*(1+K87),2) -> 3.1 | M87: =TRUNC($I87 * J87, 2) -> 3626.32 | N87: =TRUNC($I87 * L87, 2) -> 4496.64 | O87: =N87/$M$135 -> 0.00057982645 | P87: =INDEX('Orçamento Analítico'!$B:$M,MATCH(B87,'Orçamento Analítico'!$B:$B,0)+1,12) -> 2.48 | Q87: =IF((OR($G87="MATERIAL",$G87="Equipamento")),Q$5,Q$4) -> 0.3066 | R87: =TRUNC(P87*(1+Q87),2) -> 3.24 | S87: =TRUNC($I87 * P87, 2) -> 3597.31 | T87: =TRUNC($I87 * R87, 2) -> 4699.71 | U87: =T87/$S$135 -> 0.00058313611
B88: 3 | E88: PAVIMENTAÇÃO ASFÁLTICA | I88: 1 | M88: =TRUNC(M89+M96+M111,2) -> 3466590.1 | N88: =TRUNC(N89+N96+N111,2) -> 4292066.5 | O88: =N88/$M$135 -> 0.55344739 | S88: =TRUNC(S89+S96+S111,2) -> 3443522.1 | T88: =TRUNC(T89+T96+T111,2) -> 4484712.8 | U88: =T88/$M$135 -> 0.57828848
B89: 3.1 | E89: PAVIMENTAÇÃO - TERRAPLENAGEM | I89: 1 | M89: =TRUNC(SUM(M90:M95),2) -> 224262.77 | N89: =TRUNC(SUM(N90:N95),2) -> 278211.86 | O89: =N89/$M$135 -> 0.035874474 | S89: =TRUNC(SUM(S90:S95),2) -> 221710.34 | T89: =TRUNC(SUM(T90:T95),2) -> 289578.32 | U89: =T89/$M$135 -> 0.037340141
B90: 3.1.1 | C90: =INDEX('Orçamento Analítico'!$B:$M,MATCH('ORÇ. SINTÉTICO'!B90,'Orçamento Analítico'!$B:$B,0)+1,2) -> 101138 | D90: =INDEX('Orçamento Analítico'!$B:$M,MATCH('ORÇ. SINTÉTICO'!B90,'Orçamento Analítico'!$B:$B,0)+1,3) -> SINAPI | E90: =INDEX('Orçamento Analítico'!$B:$M,MATCH('ORÇ. SINTÉTICO'!B90,'Orçamento Analítico'!$B:$B,0)+1,4) -> ESCAVAÇÃO HORIZONTAL, INCLUINDO CARGA, DESCARGA E TRANSPORTE EM SOLO DE 1A CATEGORIA COM TRATOR DE ESTEIRAS (125HP/LÂMINA: 2,70M3) E CAMINHÃO BASCULANTE DE 10M3, DMT ATÉ 200M. AF_07/2020 | G90: =INDEX('Orçamento Analítico'!$B:$M,MATCH('ORÇ. SINTÉTICO'!$B90,'Orçamento Analítico'!$B:$B,0)+1,5) -> Escavação Horizontal | H90: =INDEX('Orçamento Analítico'!$B:$M,MATCH('ORÇ. SINTÉTICO'!B90,'Orçamento Analítico'!$B:$B,0)+1,7) -> m³ | I90: =PAVIMENTAÇÃO!R20 -> 121.74 | J90: =INDEX('Orçamento Analítico'!$B:$M,MATCH(B90,'Orçamento Analítico'!$B:$B,0)+1,10) -> 15.25 | K90: =IF((OR($G90="MATERIAL",$G90="Equipamento")),K$5,K$4) -> 0.2423 | L90: =TRUNC(J90*(1+K90),2) -> 18.94 | M90: =TRUNC($I90 * J90, 2) -> 1856.53 | N90: =TRUNC($I90 * L90, 2) -> 2305.75 | O90: =N90/$M$135 -> 0.00029731863 | P90: =INDEX('Orçamento Analítico'!$B:$M,MATCH(B90,'Orçamento Analítico'!$B:$B,0)+1,12) -> 15.03 | Q90: =IF((OR($G90="MATERIAL",$G90="Equipamento")),Q$5,Q$4) -> 0.3066 | R90: =TRUNC(P90*(1+Q90),2) -> 19.63 | S90: =TRUNC($I90 * P90, 2) -> 1829.75 | T90: =TRUNC($I90 * R90, 2) -> 2389.75 | U90: =T90/$S$135 -> 0.00029651819
B91: 3.1.2 | C91: =INDEX('Orçamento Analítico'!$B:$M,MATCH('ORÇ. SINTÉTICO'!B91,'Orçamento Analítico'!$B:$B,0)+1,2) -> 101118 | D91: =INDEX('Orçamento Analítico'!$B:$M,MATCH('ORÇ. SINTÉTICO'!B91,'Orçamento Analítico'!$B:$B,0)+1,3) -> SINAPI | E91: =INDEX('Orçamento Analítico'!$B:$M,MATCH('ORÇ. SINTÉTICO'!B91,'Orçamento Analítico'!$B:$B,0)+1,4) -> ESCAVAÇÃO HORIZONTAL EM SOLO DE 1A CATEGORIA COM TRATOR DE ESTEIRAS (125HP/LÂMINA: 2,70M3). AF_07/2020 | G91: =INDEX('Orçamento Analítico'!$B:$M,MATCH('ORÇ. SINTÉTICO'!$B91,'Orçamento Analítico'!$B:$B,0)+1,5) -> Escavação Horizontal | H91: =INDEX('Orçamento Analítico'!$B:$M,MATCH('ORÇ. SINTÉTICO'!B91,'Orçamento Analítico'!$B:$B,0)+1,7) -> m³ | I91: =PAVIMENTAÇÃO!R21 -> 7818.46 | J91: =INDEX('Orçamento Analítico'!$B:$M,MATCH(B91,'Orçamento Analítico'!$B:$B,0)+1,10) -> 3.91 | K91: =IF((OR($G91="MATERIAL",$G91="Equipamento")),K$5,K$4) -> 0.2423 | L91: =TRUNC(J91*(1+K91),2) -> 4.85 | M91: =TRUNC($I91 * J91, 2) -> 30570.17 | N91: =TRUNC($I91 * L91, 2) -> 37919.53 | O91: =N91/$M$135 -> 0.0048895946 | P91: =INDEX('Orçamento Analítico'!$B:$M,MATCH(B91,'Orçamento Analítico'!$B:$B,0)+1,12) -> 3.83 | Q91: =IF((OR($G91="MATERIAL",$G91="Equipamento")),Q$5,Q$4) -> 0.3066 | R91: =TRUNC(P91*(1+Q91),2) -> 5 | S91: =TRUNC($I91 * P91, 2) -> 29944.7 | T91: =TRUNC($I91 * R91, 2) -> 39092.3 | U91: =T91/$S$135 -> 0.0048505401
B92: 3.1.3 | C92: =INDEX('Orçamento Analítico'!$B:$M,MATCH('ORÇ. SINTÉTICO'!B92,'Orçamento Analítico'!$B:$B,0)+1,2) -> 96386 | D92: =INDEX('Orçamento Analítico'!$B:$M,MATCH('ORÇ. SINTÉTICO'!B92,'Orçamento Analítico'!$B:$B,0)+1,3) -> SINAPI | E92: =INDEX('Orçamento Analítico'!$B:$M,MATCH('ORÇ. SINTÉTICO'!B92,'Orçamento Analítico'!$B:$B,0)+1,4) -> EXECUÇÃO E COMPACTAÇÃO DE CORPO DE ATERRO (95% DE ENERGIA DO PROCTOR NORMAL) COM SOLO PREDOMINANTEMENTE ARENOSO ESPESSURA 15CM - EXCLUSIVE MATERIAL, ESCAVAÇÃO, CARGA E TRANSPORTE. AF_09/2024 | G92: =INDEX('Orçamento Analítico'!$B:$M,MATCH('ORÇ. SINTÉTICO'!$B92,'Orçamento Analítico'!$B:$B,0)+1,5) -> Aterros, Bases, Sub bases e Imprimações | H92: =INDEX('Orçamento Analítico'!$B:$M,MATCH('ORÇ. SINTÉTICO'!B92,'Orçamento Analítico'!$B:$B,0)+1,7) -> m³ | I92: =PAVIMENTAÇÃO!R22 -> 93.65 | J92: =INDEX('Orçamento Analítico'!$B:$M,MATCH(B92,'Orçamento Analítico'!$B:$B,0)+1,10) -> 6.83 | K92: =IF((OR($G92="MATERIAL",$G92="Equipamento")),K$5,K$4) -> 0.2423 | L92: =TRUNC(J92*(1+K92),2) -> 8.48 | M92: =TRUNC($I92 * J92, 2) -> 639.62 | N92: =TRUNC($I92 * L92, 2) -> 794.15 | O92: =N92/$M$135 -> 0.00010240294 | P92: =INDEX('Orçamento Analítico'!$B:$M,MATCH(B92,'Orçamento Analítico'!$B:$B,0)+1,12) -> 6.71 | Q92: =IF((OR($G92="MATERIAL",$G92="Equipamento")),Q$5,Q$4) -> 0.3066 | R92: =TRUNC(P92*(1+Q92),2) -> 8.76 | S92: =TRUNC($I92 * P92, 2) -> 628.39 | T92: =TRUNC($I92 * R92, 2) -> 820.37 | U92: =T92/$S$135 -> 0.00010179083
B93: 3.1.4 | C93: =INDEX('Orçamento Analítico'!$B:$M,MATCH('ORÇ. SINTÉTICO'!B93,'Orçamento Analítico'!$B:$B,0)+1,2) -> 100978 | D93: =INDEX('Orçamento Analítico'!$B:$M,MATCH('ORÇ. SINTÉTICO'!B93,'Orçamento Analítico'!$B:$B,0)+1,3) -> SINAPI | E93: =INDEX('Orçamento Analítico'!$B:$M,MATCH('ORÇ. SINTÉTICO'!B93,'Orçamento Analítico'!$B:$B,0)+1,4) -> CARGA, MANOBRA E DESCARGA DE SOLOS E MATERIAIS GRANULARES EM CAMINHÃO BASCULANTE 10 M³ - CARGA COM ESCAVADEIRA HIDRÁULICA (CAÇAMBA DE 1,20 M³ / 155 HP) E DESCARGA LIVRE (UNIDADE: M3). AF_07/2020 | G93: =INDEX('Orçamento Analítico'!$B:$M,MATCH('ORÇ. SINTÉTICO'!$B93,'Orçamento Analítico'!$B:$B,0)+1,5) -> Transporte, Carga e Descarga de Materiais | H93: =INDEX('Orçamento Analítico'!$B:$M,MATCH('ORÇ. SINTÉTICO'!B93,'Orçamento Analítico'!$B:$B,0)+1,7) -> m³ | I93: =PAVIMENTAÇÃO!R23 -> 8991.22 | J93: =INDEX('Orçamento Analítico'!$B:$M,MATCH(B93,'Orçamento Analítico'!$B:$B,0)+1,10) -> 7.03 | K93: =IF((OR($G93="MATERIAL",$G93="Equipamento")),K$5,K$4) -> 0.2423 | L93: =TRUNC(J93*(1+K93),2) -> 8.73 | M93: =TRUNC($I93 * J93, 2) -> 63208.27 | N93: =TRUNC($I93 * L93, 2) -> 78493.35 | O93: =N93/$M$135 -> 0.010121451 | P93: =INDEX('Orçamento Analítico'!$B:$M,MATCH(B93,'Orçamento Analítico'!$B:$B,0)+1,12) -> 6.95 | Q93: =IF((OR($G93="MATERIAL",$G93="Equipamento")),Q$5,Q$4) -> 0.3066 | R93: =TRUNC(P93*(1+Q93),2) -> 9.08 | S93: =TRUNC($I93 * P93, 2) -> 62488.97 | T93: =TRUNC($I93 * R93, 2) -> 81640.27 | U93: =T93/$S$135 -> 0.010129857
B94: 3.1.5 | C94: =INDEX('Orçamento Analítico'!$B:$M,MATCH('ORÇ. SINTÉTICO'!B94,'Orçamento Analítico'!$B:$B,0)+1,2) -> 95875 | D94: =INDEX('Orçamento Analítico'!$B:$M,MATCH('ORÇ. SINTÉTICO'!B94,'Orçamento Analítico'!$B:$B,0)+1,3) -> SINAPI | E94: =INDEX('Orçamento Analítico'!$B:$M,MATCH('ORÇ. SINTÉTICO'!B94,'Orçamento Analítico'!$B:$B,0)+1,4) -> TRANSPORTE COM CAMINHÃO BASCULANTE DE 10 M³, EM VIA URBANA PAVIMENTADA, DMT ATÉ 30 KM (UNIDADE: M3XKM). AF_07/2020 | F94: =DMT!F13 -> 4.6 | G94: =INDEX('Orçamento Analítico'!$B:$M,MATCH('ORÇ. SINTÉTICO'!$B94,'Orçamento Analítico'!$B:$B,0)+1,5) -> Transporte, Carga e Descarga de Materiais | H94: =INDEX('Orçamento Analítico'!$B:$M,MATCH('ORÇ. SINTÉTICO'!B94,'Orçamento Analítico'!$B:$B,0)+1,7) -> M3XKM | I94: =PAVIMENTAÇÃO!R24 -> 46754.39 | J94: =INDEX('Orçamento Analítico'!$B:$M,MATCH(B94,'Orçamento Analítico'!$B:$B,0)+1,10) -> 2.5 | K94: =IF((OR($G94="MATERIAL",$G94="Equipamento")),K$5,K$4) -> 0.2423 | L94: =TRUNC(J94*(1+K94),2) -> 3.1 | M94: =TRUNC($I94 * J94, 2) -> 116885.97 | N94: =TRUNC($I94 * L94, 2) -> 144938.6 | O94: =N94/$M$135 -> 0.01868934 | P94: =INDEX('Orçamento Analítico'!$B:$M,MATCH(B94,'Orçamento Analítico'!$B:$B,0)+1,12) -> 2.48 | Q94: =IF((OR($G94="MATERIAL",$G94="Equipamento")),Q$5,Q$4) -> 0.3066 | R94: =TRUNC(P94*(1+Q94),2) -> 3.24 | S94: =TRUNC($I94 * P94, 2) -> 115950.88 | T94: =TRUNC($I94 * R94, 2) -> 151484.22
B95: 3.1.6 | C95: =INDEX('Orçamento Analítico'!$B:$M,MATCH('ORÇ. SINTÉTICO'!B95,'Orçamento Analítico'!$B:$B,0)+1,2) -> 100574 | D95: =INDEX('Orçamento Analítico'!$B:$M,MATCH('ORÇ. SINTÉTICO'!B95,'Orçamento Analítico'!$B:$B,0)+1,3) -> SINAPI | E95: =INDEX('Orçamento Analítico'!$B:$M,MATCH('ORÇ. SINTÉTICO'!B95,'Orçamento Analítico'!$B:$B,0)+1,4) -> ESPALHAMENTO DE MATERIAL COM TRATOR DE ESTEIRAS. AF_09/2024 | G95: =INDEX('Orçamento Analítico'!$B:$M,MATCH('ORÇ. SINTÉTICO'!$B95,'Orçamento Analítico'!$B:$B,0)+1,5) -> Aterros, Bases, Sub bases e Imprimações | H95: =INDEX('Orçamento Analítico'!$B:$M,MATCH('ORÇ. SINTÉTICO'!B95,'Orçamento Analítico'!$B:$B,0)+1,7) -> m³ | I95: =PAVIMENTAÇÃO!R25 -> 7818.46 | J95: =INDEX('Orçamento Analítico'!$B:$M,MATCH(B95,'Orçamento Analítico'!$B:$B,0)+1,10) -> 1.42 | K95: =IF((OR($G95="MATERIAL",$G95="Equipamento")),K$5,K$4) -> 0.2423 | L95: =TRUNC(J95*(1+K95),2) -> 1.76 | M95: =TRUNC($I95 * J95, 2) -> 11102.21 | N95: =TRUNC($I95 * L95, 2) -> 13760.48 | O95: =N95/$M$135 -> 0.0017743671 | P95: =INDEX('Orçamento Analítico'!$B:$M,MATCH(B95,'Orçamento Analítico'!$B:$B,0)+1,12) -> 1.39 | Q95: =IF((OR($G95="MATERIAL",$G95="Equipamento")),Q$5,Q$4) -> 0.3066 | R95: =TRUNC(P95*(1+Q95),2) -> 1.81 | S95: =TRUNC($I95 * P95, 2) -> 10867.65 | T95: =TRUNC($I95 * R95, 2) -> 14151.41 | U95: =T95/$S$135 -> 0.0017558952
B96: 3.2 | E96: PAVIMENTAÇÃO - IMPLANTAÇÃO | M96: =TRUNC(SUM(M97:M110),2) -> 2735179.2 | N96: =TRUNC(SUM(N97:N110),2) -> 3383900.6 | O96: =N96/$M$135 -> 0.43634249 | S96: =TRUNC(SUM(S97:S110),2) -> 2725660.3 | T96: =TRUNC(SUM(T97:T110),2) -> 3546870.1 | U96: =T96/$M$135 -> 0.45735685
B97: 3.2.1 | C97: =INDEX('Orçamento Analítico'!$B:$M,MATCH('ORÇ. SINTÉTICO'!B97,'Orçamento Analítico'!$B:$B,0)+1,2) -> 100577 | D97: =INDEX('Orçamento Analítico'!$B:$M,MATCH('ORÇ. SINTÉTICO'!B97,'Orçamento Analítico'!$B:$B,0)+1,3) -> SINAPI | E97: =INDEX('Orçamento Analítico'!$B:$M,MATCH('ORÇ. SINTÉTICO'!B97,'Orçamento Analítico'!$B:$B,0)+1,4) -> REGULARIZAÇÃO E COMPACTAÇÃO DE SUBLEITO DE SOLO PREDOMINANTEMENTE ARENOSO, PARA OBRAS DE CONSTRUÇÃO DE PAVIMENTOS. AF_09/2024 | G97: =INDEX('Orçamento Analítico'!$B:$M,MATCH('ORÇ. SINTÉTICO'!$B97,'Orçamento Analítico'!$B:$B,0)+1,5) -> Aterros, Bases, Sub bases e Imprimações | H97: =INDEX('Orçamento Analítico'!$B:$M,MATCH('ORÇ. SINTÉTICO'!B97,'Orçamento Analítico'!$B:$B,0)+1,7) -> m² | I97: =PAVIMENTAÇÃO!P18 -> 31000.51 | J97: =INDEX('Orçamento Analítico'!$B:$M,MATCH(B97,'Orçamento Analítico'!$B:$B,0)+1,10) -> 1.49 | K97: =IF((OR($G97="MATERIAL",$G97="Equipamento")),K$5,K$4) -> 0.2423 | L97: =TRUNC(J97*(1+K97),2) -> 1.85 | M97: =TRUNC($I97 * J97, 2) -> 46190.75 | N97: =TRUNC($I97 * L97, 2) -> 57350.94 | O97: =N97/$M$135 -> 0.0073952089 | P97: =INDEX('Orçamento Analítico'!$B:$M,MATCH(B97,'Orçamento Analítico'!$B:$B,0)+1,12) -> 1.46 | Q97: =IF((OR($G97="MATERIAL",$G97="Equipamento")),Q$5,Q$4) -> 0.3066 | R97: =TRUNC(P97*(1+Q97),2) -> 1.9 | S97: =TRUNC($I97 * P97, 2) -> 45260.74 | T97: =TRUNC($I97 * R97, 2) -> 58900.96 | U97: =T97/$S$135 -> 0.0073083821
B98: 3.2.2 | C98: =INDEX('Orçamento Analítico'!$B:$M,MATCH('ORÇ. SINTÉTICO'!B98,'Orçamento Analítico'!$B:$B,0)+1,2) -> 96396 | D98: =INDEX('Orçamento Analítico'!$B:$M,MATCH('ORÇ. SINTÉTICO'!B98,'Orçamento Analítico'!$B:$B,0)+1,3) -> SINAPI | E98: =INDEX('Orçamento Analítico'!$B:$M,MATCH('ORÇ. SINTÉTICO'!B98,'Orçamento Analítico'!$B:$B,0)+1,4) -> CONSTRUÇÃO DE BASE E SUB-BASE PARA PAVIMENTAÇÃO DE BRITA GRADUADA SIMPLES, COM ESPESSURA DE 15 CM - EXCLUSIVE CARGA E TRANSPORTE. AF_09/2024 | G98: =INDEX('Orçamento Analítico'!$B:$M,MATCH('ORÇ. SINTÉTICO'!$B98,'Orçamento Analítico'!$B:$B,0)+1,5) -> Aterros, Bases, Sub bases e Imprimações | H98: =INDEX('Orçamento Analítico'!$B:$M,MATCH('ORÇ. SINTÉTICO'!B98,'Orçamento Analítico'!$B:$B,0)+1,7) -> m³ | I98: =PAVIMENTAÇÃO!W18 -> 4157.86 | J98: =INDEX('Orçamento Analítico'!$B:$M,MATCH(B98,'Orçamento Analítico'!$B:$B,0)+1,10) -> 172.61 | K98: =IF((OR($G98="MATERIAL",$G98="Equipamento")),K$5,K$4) -> 0.2423 | L98: =TRUNC(J98*(1+K98),2) -> 214.43 | M98: =TRUNC($I98 * J98, 2) -> 717688.21 | N98: =TRUNC($I98 * L98, 2) -> 891569.91 | O98: =N98/$M$135 -> 0.11496491 | P98: =INDEX('Orçamento Analítico'!$B:$M,MATCH(B98,'Orçamento Analítico'!$B:$B,0)+1,12) -> 172.13 | Q98: =IF((OR($G98="MATERIAL",$G98="Equipamento")),Q$5,Q$4) -> 0.3066 | R98: =TRUNC(P98*(1+Q98),2) -> 224.9 | S98: =TRUNC($I98 * P98, 2) -> 715692.44 | T98: =TRUNC($I98 * R98, 2) -> 935102.71 | U98: =T98/$S$135 -> 0.11602677
B99: 3.2.3 | C99: =INDEX('Orçamento Analítico'!$B:$M,MATCH('ORÇ. SINTÉTICO'!B99,'Orçamento Analítico'!$B:$B,0)+1,2) -> 100978 | D99: =INDEX('Orçamento Analítico'!$B:$M,MATCH('ORÇ. SINTÉTICO'!B99,'Orçamento Analítico'!$B:$B,0)+1,3) -> SINAPI | E99: =INDEX('Orçamento Analítico'!$B:$M,MATCH('ORÇ. SINTÉTICO'!B99,'Orçamento Analítico'!$B:$B,0)+1,4) -> CARGA, MANOBRA E DESCARGA DE SOLOS E MATERIAIS GRANULARES EM CAMINHÃO BASCULANTE 10 M³ - CARGA COM ESCAVADEIRA HIDRÁULICA (CAÇAMBA DE 1,20 M³ / 155 HP) E DESCARGA LIVRE (UNIDADE: M3). AF_07/2020 | G99: =INDEX('Orçamento Analítico'!$B:$M,MATCH('ORÇ. SINTÉTICO'!$B99,'Orçamento Analítico'!$B:$B,0)+1,5) -> Transporte, Carga e Descarga de Materiais | H99: =INDEX('Orçamento Analítico'!$B:$M,MATCH('ORÇ. SINTÉTICO'!B99,'Orçamento Analítico'!$B:$B,0)+1,7) -> m³ | I99: =PAVIMENTAÇÃO!W20 -> 6098.12 | J99: =INDEX('Orçamento Analítico'!$B:$M,MATCH(B99,'Orçamento Analítico'!$B:$B,0)+1,10) -> 7.03 | K99: =IF((OR($G99="MATERIAL",$G99="Equipamento")),K$5,K$4) -> 0.2423 | L99: =TRUNC(J99*(1+K99),2) -> 8.73 | M99: =TRUNC($I99 * J99, 2) -> 42869.78 | N99: =TRUNC($I99 * L99, 2) -> 53236.58 | O99: =N99/$M$135 -> 0.0068646761 | P99: =INDEX('Orçamento Analítico'!$B:$M,MATCH(B99,'Orçamento Analítico'!$B:$B,0)+1,12) -> 6.95 | Q99: =IF((OR($G99="MATERIAL",$G99="Equipamento")),Q$5,Q$4) -> 0.3066 | R99: =TRUNC(P99*(1+Q99),2) -> 9.08 | S99: =TRUNC($I99 * P99, 2) -> 42381.93 | T99: =TRUNC($I99 * R99, 2) -> 55370.92 | U99: =T99/$S$135 -> 0.0068703777
B100: 3.2.4 | C100: =INDEX('Orçamento Analítico'!$B:$M,MATCH('ORÇ. SINTÉTICO'!B100,'Orçamento Analítico'!$B:$B,0)+1,2) -> 95875 | D100: =INDEX('Orçamento Analítico'!$B:$M,MATCH('ORÇ. SINTÉTICO'!B100,'Orçamento Analítico'!$B:$B,0)+1,3) -> SINAPI | E100: =INDEX('Orçamento Analítico'!$B:$M,MATCH('ORÇ. SINTÉTICO'!B100,'Orçamento Analítico'!$B:$B,0)+1,4) -> TRANSPORTE COM CAMINHÃO BASCULANTE DE 10 M³, EM VIA URBANA PAVIMENTADA, DMT ATÉ 30 KM (UNIDADE: M3XKM). AF_07/2020 | F100: =DMT!F9 -> 18.2 | G100: =INDEX('Orçamento Analítico'!$B:$M,MATCH('ORÇ. SINTÉTICO'!$B100,'Orçamento Analítico'!$B:$B,0)+1,5) -> Transporte, Carga e Descarga de Materiais | H100: =INDEX('Orçamento Analítico'!$B:$M,MATCH('ORÇ. SINTÉTICO'!B100,'Orçamento Analítico'!$B:$B,0)+1,7) -> M3XKM | I100: =PAVIMENTAÇÃO!W21 -> 110985.78 | J100: =INDEX('Orçamento Analítico'!$B:$M,MATCH(B100,'Orçamento Analítico'!$B:$B,0)+1,10) -> 2.5 | K100: =IF((OR($G100="MATERIAL",$G100="Equipamento")),K$5,K$4) -> 0.2423 | L100: =TRUNC(J100*(1+K100),2) -> 3.1 | M100: =TRUNC($I100 * J100, 2) -> 277464.45 | N100: =TRUNC($I100 * L100, 2) -> 344055.91 | O100: =N100/$M$135 -> 0.044364841 | P100: =INDEX('Orçamento Analítico'!$B:$M,MATCH(B100,'Orçamento Analítico'!$B:$B,0)+1,12) -> 2.48 | Q100: =IF((OR($G100="MATERIAL",$G100="Equipamento")),Q$5,Q$4) -> 0.3066 | R100: =TRUNC(P100*(1+Q100),2) -> 3.24 | S100: =TRUNC($I100 * P100, 2) -> 275244.73 | T100: =TRUNC($I100 * R100, 2) -> 359593.92 | U100: =T100/$S$135 -> 0.044618114
B101: 3.2.5 | C101: =INDEX('Orçamento Analítico'!$B:$M,MATCH('ORÇ. SINTÉTICO'!B101,'Orçamento Analítico'!$B:$B,0)+1,2) -> PAV.IMPRIM. | D101: =INDEX('Orçamento Analítico'!$B:$M,MATCH('ORÇ. SINTÉTICO'!B101,'Orçamento Analítico'!$B:$B,0)+1,3) -> Próprio | E101: =INDEX('Orçamento Analítico'!$B:$M,MATCH('ORÇ. SINTÉTICO'!B101,'Orçamento Analítico'!$B:$B,0)+1,4) -> EXECUÇÃO DE IMPRIMAÇÃO COM EMULSÃO ASFÁLTICA A BASE DÁGUA. (SEM FORNECIMENTO DO EAI) | G101: =INDEX('Orçamento Analítico'!$B:$M,MATCH('ORÇ. SINTÉTICO'!$B101,'Orçamento Analítico'!$B:$B,0)+1,5) -> PAVI - PAVIMENTAÇÃO | H101: =INDEX('Orçamento Analítico'!$B:$M,MATCH('ORÇ. SINTÉTICO'!B101,'Orçamento Analítico'!$B:$B,0)+1,7) -> m² | I101: =PAVIMENTAÇÃO!X18 -> 27207.08 | J101: =INDEX('Orçamento Analítico'!$B:$M,MATCH(B101,'Orçamento Analítico'!$B:$B,0)+1,10) -> 1.14 | K101: =IF((OR($G101="MATERIAL",$G101="Equipamento")),K$5,K$4) -> 0.2423 | L101: =TRUNC(J101*(1+K101),2) -> 1.41 | M101: =TRUNC($I101 * J101, 2) -> 31016.07 | N101: =TRUNC($I101 * L101, 2) -> 38361.98 | O101: =N101/$M$135 -> 0.004946647 | P101: =INDEX('Orçamento Analítico'!$B:$M,MATCH(B101,'Orçamento Analítico'!$B:$B,0)+1,12) -> 1.12 | Q101: =IF((OR($G101="MATERIAL",$G101="Equipamento")),Q$5,Q$4) -> 0.3066 | R101: =TRUNC(P101*(1+Q101),2) -> 1.46 | S101: =TRUNC($I101 * P101, 2) -> 30471.92 | T101: =TRUNC($I101 * R101, 2) -> 39722.33 | U101: =T101/$S$135 -> 0.0049287137
B102: 3.2.6 | C102: =INDEX('Orçamento Analítico'!$B:$M,MATCH('ORÇ. SINTÉTICO'!B102,'Orçamento Analítico'!$B:$B,0)+1,2) -> COT.EAI.MS | D102: =INDEX('Orçamento Analítico'!$B:$M,MATCH('ORÇ. SINTÉTICO'!B102,'Orçamento Analítico'!$B:$B,0)+1,3) -> Próprio | E102: =INDEX('Orçamento Analítico'!$B:$M,MATCH('ORÇ. SINTÉTICO'!B102,'Orçamento Analítico'!$B:$B,0)+1,4) -> EMULSÃO ASFALTICA PARA IMPRIMAÇÃO | G102: =INDEX('Orçamento Analítico'!$B:$M,MATCH('ORÇ. SINTÉTICO'!$B102,'Orçamento Analítico'!$B:$B,0)+1,5) -> Material | H102: =INDEX('Orçamento Analítico'!$B:$M,MATCH('ORÇ. SINTÉTICO'!B102,'Orçamento Analítico'!$B:$B,0)+1,7) -> T | I102: =PAVIMENTAÇÃO!Y18 -> 32.64 | J102: =INDEX('Orçamento Analítico'!$B:$M,MATCH(B102,'Orçamento Analítico'!$B:$B,0)+1,10) -> 3000 | K102: =IF((OR($G102="MATERIAL",$G102="Equipamento")),K$5,K$4) -> 0.1527 | L102: =TRUNC(J102*(1+K102),2) -> 3458.1 | M102: =TRUNC($I102 * J102, 2) -> 97920 | N102: =TRUNC($I102 * L102, 2) -> 112872.38 | O102: =N102/$M$135 -> 0.01455451 | P102: =INDEX('Orçamento Analítico'!$B:$M,MATCH(B102,'Orçamento Analítico'!$B:$B,0)+1,12) -> 3000 | Q102: =IF((OR($G102="MATERIAL",$G102="Equipamento")),Q$5,Q$4) -> 0.2092 | R102: =TRUNC(P102*(1+Q102),2) -> 3627.6 | S102: =TRUNC($I102 * P102, 2) -> 97920 | T102: =TRUNC($I102 * R102, 2) -> 118404.86 | U102: =T102/$S$135 -> 0.014691577
...

Sheet Orçamento Analítico
B1: Obra | F1: Bancos | J1: Encargos Sociais: | L1: Encargos Sociais:
B2: ='ORÇ. SINTÉTICO'!B4 -> Projeto Executivo de Infraestrutura Urbana - Jardim Basilia - Três Lagoas R09 | F2: ='ORÇ. SINTÉTICO'!F4 -> SINAPI - 01/2026 - MS; SICRO3 - 10/2025 - MS; AGESUL 01/2026 | J2: Não Desonerado | L2: Desonerado
J3: BDI: | L3: BDI:
J4: Serviço: 24,23% | L4: Serviço: 30,66%
J5: Material: 15,27% | L5: Material: 20,92%
B6: Planilha Orçamentária Analítica
B7: 1 | E7: SERVIÇOS PRELIMINARES | K7: 91112.08 | M7: 93245.84
B8: 1.1 | E8: SERVIÇOS PRELIMINARES | K8: 74119.43 | M8: 76216.54
B9: 1.1.1 | C9: Código | D9: Banco | E9: Descrição | F9: Tipo | H9: Und | I9: Quant. | J9: Valor Unit | K9: Total | L9: Valor Unit | M9: Total
B10: Composição | C10: 103689 | D10: SINAPI | E10: FORNECIMENTO E INSTALAÇÃO DE PLACA DE OBRA COM CHAPA GALVANIZADA E ESTRUTURA DE MADEIRA. AF_03/2022_PS | F10: Sinalização Vertical Viária | H10: m² | I10: 1 | J10: 458.76 | K10: 458.76 | L10: 456.44 | M10: 456.44
B11: Composição Auxiliar | C11: 88262 | D11: SINAPI | E11: CARPINTEIRO DE FORMAS COM ENCARGOS COMPLEMENTARES | F11: Livro SINAPI: Cálculos e Parâmetros | H11: H | I11: 0.3729 | J11: 27.74 | K11: 10.34 | L11: 26.13 | M11: 9.74
B12: Composição Auxiliar | C12: 88316 | D12: SINAPI | E12: SERVENTE COM ENCARGOS COMPLEMENTARES | F12: Livro SINAPI: Cálculos e Parâmetros | H12: H | I12: 1.1186 | J12: 22.76 | K12: 25.45 | L12: 21.55 | M12: 24.1
B13: Composição Auxiliar | C13: 102234 | D13: SINAPI | E13: PINTURA IMUNIZANTE PARA MADEIRA, 2 DEMÃOS. AF_01/2021 | F13: Pintura em Madeira | H13: m² | I13: 0.5 | J13: 22.42 | K13: 11.21 | L13: 21.69 | M13: 10.84
B14: Insumo | C14: 00005069 | D14: SINAPI | E14: PREGO DE ACO POLIDO COM CABECA 17 X 27 (2 1/2 X 11) | F14: Material | H14: KG | I14: 0.0132 | J14: 20.74 | K14: 0.27 | L14: 20.74 | M14: 0.27
B15: Insumo | C15: 00004813 | D15: SINAPI | E15: PLACA DE OBRA (PARA CONSTRUCAO CIVIL) EM CHAPA GALVANIZADA *N. 22*, ADESIVADA, DE *2,4 X 1,2* M (SEM POSTES PARA FIXACAO) | F15: Material | H15: m² | I15: 1 | J15: 400 | K15: 400 | L15: 400 | M15: 400
B16: Insumo | C16: 00004509 | D16: SINAPI | E16: SARRAFO *2,5 X 10* CM EM PINUS, MISTA OU EQUIVALENTE DA REGIAO - BRUTA | F16: Material | H16: M | I16: 3.2083 | J16: 3.45 | K16: 11.06 | L16: 3.45 | M16: 11.06
B17: Insumo | C17: 00005065 | D17: SINAPI | E17: PREGO DE ACO POLIDO COM CABECA 10 X 10 (7/8 X 17) | F17: Material | H17: KG | I17: 0.0113 | J17: 38.7 | K17: 0.43 | L17: 38.7 | M17: 0.43
F18: MO sem LS => | G18: 31.03 | H18: LS => | I18: 0 | J18: MO com LS => | K18: 31.03 | L18: MO com LS => | M18: 28.71
F19: Valor do BDI => | G19: 115.74 | I19: Valor com BDI => | K19: 574.5 | M19: 596.38
H20: Quant. => | I20: 8,00 | J20: Preço Total => | K20: 4596 | L20: Preço Total => | M20: 4771.04
B22: 1.1.2 | C22: Código | D22: Banco | E22: Descrição | F22: Tipo | H22: Und | I22: Quant. | J22: Valor Unit | K22: Total | L22: Valor Unit | M22: Total
B23: Insumo | C23: 1616 | D23: AGESUL | E23: LOCACAO DE BANHEIRO QUIMICO, INCLUSO 4 HIGIENIZAÇOES, MOBILIZACAO E DESMOBILIZACAO | F23: Material | H23: MES | I23: 1 | J23: 800 | K23: 800 | L23: 800 | M23: 800
F24: MO sem LS => | G24: 0 | H24: LS => | I24: 0 | J24: MO com LS => | K24: 0 | L24: MO com LS => | M24: 0
F25: Valor do BDI => | I25: Valor com BDI => | K25: 922.16 | M25: 967.36
H26: Quant. => | I26: 8,00 | J26: Preço Total => | K26: 7377.28 | L26: Preço Total => | M26: 7738.88
B28: 1.1.3 | C28: Código | D28: Banco | E28: Descrição | F28: Tipo | H28: Und | I28: Quant. | J28: Valor Unit | K28: Total | L28: Valor Unit | M28: Total
B29: Insumo | C29: 00010776 | D29: SINAPI | E29: LOCACAO DE CONTAINER 2,30 X 6,00 M, ALT. 2,50 M, PARA ESCRITORIO, SEM DIVISORIAS INTERNAS E SEM SANITARIO (NAO INCLUI MOBILIZACAO/DESMOBILIZACAO) | F29: Equipamento | H29: MES | I29: 1 | J29: 725.58 | K29: 725.58 | L29: 725.58 | M29: 725.58
F30: MO sem LS => | G30: 0 | H30: LS => | I30: 0 | J30: MO com LS => | K30: 0 | L30: MO com LS => | M30: 0
F31: Valor do BDI => | I31: Valor com BDI => | K31: 836.37 | M31: 877.37
H32: Quant. => | I32: 8,00 | J32: Preço Total => | K32: 6690.96 | L32: Preço Total => | M32: 7018.96
B34: 1.1.4 | C34: Código | D34: Banco | E34: Descrição | F34: Tipo | H34: Und | I34: Quant. | J34: Valor Unit | K34: Total | L34: Valor Unit | M34: Total
B35: Composição | C35: PRE.LIG.ÁGUA | D35: Próprio | E35: LIGAÇÃO PROVISORIA DE ÁGUA | F35: SEDI - SERVIÇOS DIVERSOS | H35: un | I35: 1 | J35: 995.63 | K35: 995.63 | L35: 969.34 | M35: 969.34
B36: Composição Auxiliar | C36: AUX.PRE.LIG | D36: Próprio | E36: LIGACAO DA REDE 75MM AO RAMAL PREDIAL 1/2" | F36: LIPR - LIGAÇÕES PREDIAIS ÁGUA/ESGOTO/ENERGIA/TELEFONE | H36: UN | I36: 1 | J36: 67.64 | K36: 67.64 | L36: 65.95 | M36: 65.95
B37: Composição Auxiliar | C37: 95676 | D37: SINAPI | E37: CAIXA EM CONCRETO PRÉ-MOLDADO PARA ABRIGO DE HIDRÔMETRO COM DN 20 MM - FORNECIMENTO E INSTALAÇÃO. AF_03/2024 | F37: Sistemas de Medição | H37: UN | I37: 1 | J37: 141 | K37: 141 | L37: 140.24 | M37: 140.24
B38: Composição Auxiliar | C38: 95674 | D38: SINAPI | E38: HIDRÔMETRO DN 1/2", 3,0 M3/H - FORNECIMENTO E INSTALAÇÃO. AF_03/2024 | F38: Sistemas de Medição | H38: UN | I38: 1 | J38: 134.79 | K38: 134.79 | L38: 133.54 | M38: 133.54
B39: Composição Auxiliar | C39: AUX.PRE.RAMAL | D39: Próprio | E39: RAMAL PREDIAL EM TUBO PEAD 20MM - FORNECIMENTO, INSTALAÇÃO, ESCAVAÇÃO E REATERRO (af 01/2024) | F39: LIPR - LIGAÇÕES PREDIAIS ÁGUA/ESGOTO/ENERGIA/TELEFONE | H39: M | I39: 15 | J39: 28.64 | K39: 429.6 | L39: 27.42 | M39: 411.3
B40: Composição Auxiliar | C40: 95635 | D40: SINAPI | E40: KIT CAVALETE PARA MEDIÇÃO DE ÁGUA - ENTRADA PRINCIPAL, EM PVC 25 MM (3/4") - FORNECIMENTO E INSTALAÇÃO (EXCLUSIVE HIDRÔMETRO). AF_03/2024 | F40: Sistemas de Medição | H40: UN | I40: 1 | J40: 222.6 | K40: 222.6 | L40: 218.31 | M40: 218.31
F41: MO sem LS => | G41: 350.4 | H41: LS => | I41: 0 | J41: MO com LS => | K41: 350.4 | L41: MO com LS => | M41: 324.4
F42: Valor do BDI => | G42: 251.19 | I42: Valor com BDI => | K42: 1246.82 | M42: 1266.53
H43: Quant. => | I43: 1,00 | J43: Preço Total => | K43: 1246.82 | L43: Preço Total => | M43: 1266.53
B45: 1.1.5 | C45: Código | D45: Banco | E45: Descrição | F45: Tipo | H45: Und | I45: Quant. | J45: Valor Unit | K45: Total | L45: Valor Unit | M45: Total
B46: Insumo | C46: 00005033 | D46: SINAPI | E46: POSTE DE CONCRETO ARMADO DE SECAO DUPLO T, EXTENSAO DE 9,00 M, RESISTENCIA DE 300 A 400 DAN, TIPO B OU D | F46: Material | H46: UN | I46: 1 | J46: 1149 | K46: 1149 | L46: 1149 | M46: 1149
F47: MO sem LS => | G47: 0 | H47: LS => | I47: 0 | J47: MO com LS => | K47: 0 | L47: MO com LS => | M47: 0
F48: Valor do BDI => | I48: Valor com BDI => | K48: 1324.45 | M48: 1389.37
H49: Quant. => | I49: 1,00 | J49: Preço Total => | K49: 1324.45 | L49: Preço Total => | M49: 1389.37
B51: 1.1.6 | C51: Código | D51: Banco | E51: Descrição | F51: Tipo | H51: Und | I51: Quant. | J51: Valor Unit | K51: Total | L51: Valor Unit | M51: Total
B52: Composição | C52: 101507 | D52: SINAPI | E52: ENTRADA DE ENERGIA ELÉTRICA, AÉREA, TRIFÁSICA, COM CAIXA DE SOBREPOR, CABO DE 25 MM2 E DISJUNTOR DIN 50A (NÃO INCLUSO O POSTE DE CONCRETO). AF_07/2020_PS | F52: Instalações Elétricas - Rede de Distribuição | H52: UN | I52: 1 | J52: 2256.74 | K52: 2256.74 | L52: 2225.68 | M52: 2225.68
B53: Composição Auxiliar | C53: 93673 | D53: SINAPI | E53: DISJUNTOR TRIPOLAR TIPO DIN, CORRENTE NOMINAL DE 50A - FORNECIMENTO E INSTALAÇÃO. AF_07/2025 | F53: Instalações Elétricas - Quadros, Cabos, Disjuntores, Contatores e Barramentos Blindados | H53: UN | I53: 1 | J53: 101.05 | K53: 101.05 | L53: 99.41 | M53: 99.41
B54: Composição Auxiliar | C54: 100578 | D54: SINAPI | E54: ASSENTAMENTO DE POSTE DE CONCRETO COM COMPRIMENTO NOMINAL DE 9 M, CARGA NOMINAL MENOR OU IGUAL A 1000 DAN, ENGASTAMENTO SIMPLES COM 1,5 M DE SOLO (NÃO INCLUI FORNECIMENTO). AF_04/2025 | F54: Postes de Concreto e Metálicos | H54: UN | I54: 1 | J54: 615.08 | K54: 615.08 | L54: 604.58 | M54: 604.58
B55: Composição Auxiliar | C55: 96977 | D55: SINAPI | E55: CORDOALHA DE COBRE NU 50 MM², ENTERRADA - FORNECIMENTO E INSTALAÇÃO. AF_08/2023 | F55: Sistema de Proteção contra Descargas Atmosféricas - SPDA | H55: M | I55: 1.95 | J55: 64.03 | K55: 124.85 | L55: 63.93 | M55: 124.66
B56: Composição Auxiliar | C56: 91919 | D56: SINAPI | E56: CURVA 180 GRAUS PARA ELETRODUTO, PVC, ROSCÁVEL, DN 32 MM (1"), PARA CIRCUITOS TERMINAIS, INSTALADA EM PAREDE - FORNECIMENTO E INSTALAÇÃO. AF_03/2023 | F56: Instalações Elétricas - Eletrodutos Embutidos, Cabos, Caixas, Tomadas e Interruptores | H56: UN | I56: 1 | J56: 22.56 | K56: 22.56 | L56: 21.54 | M56: 21.54
B57: Composição Auxiliar | C57: 92984 | D57: SINAPI | E57: CABO DE COBRE FLEXÍVEL ISOLADO, 25 MM², ANTI-CHAMA 0,6/1,0 KV, PARA REDE ENTERRADA DE DISTRIBUIÇÃO DE ENERGIA ELÉTRICA - FORNECIMENTO E INSTALAÇÃO. AF_12/2021 | F57: Redes Enterradas de Distribuição Elétrica | H57: M | I57: 22.2 | J57: 30.74 | K57: 682.42 | L57: 30.56 | M57: 678.43
B58: Composição Auxiliar | C58: 91917 | D58: SINAPI | E58: CURVA 90 GRAUS PARA ELETRODUTO, PVC, ROSCÁVEL, DN 32 MM (1"), PARA CIRCUITOS TERMINAIS, INSTALADA EM PAREDE - FORNECIMENTO E INSTALAÇÃO. AF_03/2023 | F58: Instalações Elétricas - Eletrodutos Embutidos, Cabos, Caixas, Tomadas e Interruptores | H58: UN | I58: 1 | J58: 21.09 | K58: 21.09 | L58: 20.07 | M58: 20.07
B59: Composição Auxiliar | C59: 96986 | D59: SINAPI | E59: HASTE DE ATERRAMENTO, DIÂMETRO 3/4", COM 3 METROS - FORNECIMENTO E INSTALAÇÃO. AF_08/2023 | F59: Sistema de Proteção contra Descargas Atmosféricas - SPDA | H59: UN | I59: 1 | J59: 104.9 | K59: 104.9 | L59: 103.7 | M59: 103.7
B60: Composição Auxiliar | C60: 88247 | D60: SINAPI | E60: AUXILIAR DE ELETRICISTA COM ENCARGOS COMPLEMENTARES | F60: Livro SINAPI: Cálculos e Parâmetros | H60: H | I60: 0.6314 | J60: 23.83 | K60: 15.04 | L60: 22.54 | M60: 14.23
B61: Composição Auxiliar | C61: 104749 | D61: SINAPI | E61: CONECTOR GRAMPO METÁLICO TIPO OLHAL, PARA SPDA, PARA HASTE DE ATERRAMENTO DE 3/4'' E CABOS DE 10 A 50 MM2 - FORNECIMENTO E INSTALAÇÃO. AF_08/2023 | F61: Sistema de Proteção contra Descargas Atmosféricas - SPDA | H61: UN | I61: 1 | J61: 18.87 | K61: 18.87 | L61: 18.29 | M61: 18.29
B62: Composição Auxiliar | C62: 91885 | D62: SINAPI | E62: LUVA PARA ELETRODUTO, PVC, ROSCÁVEL, DN 32 MM (1"), PARA CIRCUITOS TERMINAIS, INSTALADA EM PAREDE - FORNECIMENTO E INSTALAÇÃO. AF_03/2023 | F62: Instalações Elétricas - Eletrodutos Embutidos, Cabos, Caixas, Tomadas e Interruptores | H62: UN | I62: 1 | J62: 13.24 | K62: 13.24 | L62: 12.57 | M62: 12.57
B63: Composição Auxiliar | C63: 88264 | D63: SINAPI | E63: ELETRICISTA COM ENCARGOS COMPLEMENTARES | F63: Livro SINAPI: Cálculos e Parâmetros | H63: H | I63: 3.1568 | J63: 31.14 | K63: 98.3 | L63: 29.32 | M63: 92.55
... B74: Insumo | C74: 00039809 | D74: SINAPI | E74: CAIXA PARA MEDIDOR POLIFASICO, EM POLICARBONATO / TERMOPLASTICO, PARA ALOJAR 1 DISJUNTOR (PADRAO DA CONCESSIONARIA LOCAL) | F74: Material | H74: UN | I74: 1 | J74: 191.1 | K74: 191.1 | L74: 191.1 | M74: 191.1
F75: MO sem LS => | G75: 418.65 | H75: LS => | I75: 0 | J75: MO com LS => | K75: 418.65 | L75: MO com LS => | M75: 387.29
F76: Valor do BDI => | G76: 569.37 | I76: Valor com BDI => | K76: 2826.11 | M76: 2908.07
H77: Quant. => | I77: 1,00 | J77: Preço Total => | K77: 2826.11 | L77: Preço Total => | M77: 2908.07
B79: 1.1.7 | C79: Código | D79: Banco | E79: Descrição | F79: Tipo | H79: Und | I79: Quant. | J79: Valor Unit | K79: Total | L79: Valor Unit | M79: Total
B80: Composição | C80: 101203 | D80: SINAPI | E80: CERCA COM MOURÕES DE MADEIRA ROLIÇA, DIÂMETRO 11 CM, ESPAÇAMENTO DE 2,5 M, ALTURA LIVRE DE 1,7 M, CRAVADOS 0,5 M, COM 5 FIOS DE ARAME DE AÇO OVALADO 15X17 - FORNECIMENTO E INSTALAÇÃO. AF_05/2020 | F80: Cercas, Protetores e Alambrados | H80: M | I80: 1 | J80: 38.51 | K80: 38.51 | L80: 37.43 | M80: 37.43
B81: Composição Auxiliar | C81: 88262 | D81: SINAPI | E81: CARPINTEIRO DE FORMAS COM ENCARGOS COMPLEMENTARES | F81: Livro SINAPI: Cálculos e Parâmetros | H81: H | I81: 0.4844393 | J81: 27.74 | K81: 13.43 | L81: 26.13 | M81: 12.65
B82: Composição Auxiliar | C82: 88239 | D82: SINAPI | E82: AJUDANTE DE CARPINTEIRO COM ENCARGOS COMPLEMENTARES | F82: Livro SINAPI: Cálculos e Parâmetros | H82: H | I82: 0.2422196 | J82: 22.98 | K82: 5.56 | L82: 21.72 | M82: 5.26
B83: Insumo | C83: 00005076 | D83: SINAPI | E83: GRAMPO DE ACO POLIDO 1" X 9 | F83: Material | H83: KG | I83: 0.011976 | J83: 20.55 | K83: 0.24 | L83: 20.55 | M83: 0.24
B84: Insumo | C84: 00000346 | D84: SINAPI | E84: ARAME DE ACO OVALADO 15 X 17 (45,7 KG, 700 KGF), ROLO 1000 M | F84: Material | H84: KG | I84: 0.225 | J84: 24.2 | K84: 5.44 | L84: 24.2 | M84: 5.44
B85: Insumo | C85: 00021138 | D85: SINAPI | E85: MOURAO ROLICO DE MADEIRA TRATADA, D = 8 A 11 CM, H = 2,20 M, EM EUCALIPTO OU EQUIVALENTE DA REGIAO (PARA CERCA) | F85: Material | H85: M | I85: 0.88 | J85: 15.73 | K85: 13.84 | L85: 15.73 | M85: 13.84
F86: MO sem LS => | G86: 14.46 | H86: LS => | I86: 0 | J86: MO com LS => | K86: 14.46 | L86: MO com LS => | M86: 13.37
F87: Valor do BDI => | G87: 9.71 | I87: Valor com BDI => | K87: 48.22 | M87: 48.9
H88: Quant. => | I88: 400,00 | J88: Preço Total => | K88: 19288 | L88: Preço Total => | M88: 19560
B90: 1.1.8 | C90: Código | D90: Banco | E90: Descrição | F90: Tipo | H90: Und | I90: Quant. | J90: Valor Unit | K90: Total | L90: Valor Unit | M90: Total
B91: Composição | C91: 96622 | D91: SINAPI | E91: LASTRO COM MATERIAL GRANULAR, APLICADO EM PISOS OU LAJES SOBRE SOLO, ESPESSURA DE *5 CM*. AF_01/2024 | F91: Lastro | H91: m³ | I91: 1 | J91: 209.31 | K91: 209.31 | L91: 205.22 | M91: 205.22
B92: Composição Auxiliar | C92: 91278 | D92: SINAPI | E92: PLACA VIBRATÓRIA REVERSÍVEL COM MOTOR 4 TEMPOS A GASOLINA, FORÇA CENTRÍFUGA DE 25 KN (2500 KGF), POTÊNCIA 5,5 CV - CHI DIURNO. AF_08/2015 | F92: Custos Horários Produtivo e Improdutivo dos Equipamentos | H92: CHI | I92: 0.03 | J92: 0.66 | K92: 0.01 | L92: 0.66 | M92: 0.01
B93: Composição Auxiliar | C93: 88316 | D93: SINAPI | E93: SERVENTE COM ENCARGOS COMPLEMENTARES | F93: Livro SINAPI: Cálculos e Parâmetros | H93: H | I93: 0.765 | J93: 22.76 | K93: 17.41 | L93: 21.55 | M93: 16.48
B94: Composição Auxiliar | C94: 91277 | D94: SINAPI | E94: PLACA VIBRATÓRIA REVERSÍVEL COM MOTOR 4 TEMPOS A GASOLINA, FORÇA CENTRÍFUGA DE 25 KN (2500 KGF), POTÊNCIA 5,5 CV - CHP DIURNO. AF_08/2015 | F94: Custos Horários Produtivo e Improdutivo dos Equipamentos | H94: CHP | I94: 0.032 | J94: 10.05 | K94: 0.32 | L94: 10.05 | M94: 0.32
B95: Composição Auxiliar | C95: 88309 | D95: SINAPI | E95: PEDREIRO COM ENCARGOS COMPLEMENTARES | F95: Livro SINAPI: Cálculos e Parâmetros | H95: H | I95: 1.942 | J95: 28.5 | K95: 55.34 | L95: 26.87 | M95: 52.18
B96: Insumo | C96: 00004718 | D96: SINAPI | E96: PEDRA BRITADA N. 2 (19 A 38 MM) POSTO PEDREIRA/FORNECEDOR, SEM FRETE | F96: Material | H96: m³ | I96: 1.38 | J96: 98.72 | K96: 136.23 | L96: 98.72 | M96: 136.23
F97: MO sem LS => | G97: 54.56 | H97: LS => | I97: 0 | J97: MO com LS => | K97: 54.56 | L97: MO com LS => | M97: 50.47
F98: Valor do BDI => | G98: 52.8 | I98: Valor com BDI => | K98: 262.11 | M98: 268.14
H99: Quant. => | I99: 7,50 | J99: Preço Total => | K99: 1965.82 | L99: Preço Total => | M99: 2011.05
B101: 1.1.9 | C101: Código | D101: Banco | E101: Descrição | F101: Tipo | H101: Und | I101: Quant. | J101: Valor Unit | K101: Total | L101: Valor Unit | M101: Total
B102: Composição | C102: 100982 | D102: SINAPI | E102: CARGA, MANOBRA E DESCARGA DE ENTULHO EM CAMINHÃO BASCULANTE 10 M³ - CARGA COM ESCAVADEIRA HIDRÁULICA (CAÇAMBA DE 0,80 M³ / 111 HP) E DESCARGA LIVRE (UNIDADE: M3). AF_07/2020 | F102: Transporte, Carga e Descarga de Materiais | H102: m³ | I102: 1 | J102: 9.07 | K102: 9.07 | L102: 8.97 | M102: 8.97
B103: Composição Auxiliar | C103: 5631 | D103: SINAPI | E103: ESCAVADEIRA HIDRÁULICA SOBRE ESTEIRAS, CAÇAMBA 0,80 M3, PESO OPERACIONAL 17 T, POTENCIA BRUTA 111 HP - CHP DIURNO. AF_06/2014 | F103: Custos Horários Produtivo e Improdutivo dos Equipamentos | H103: CHP | I103: 0.0083 | J103: 211.46 | K103: 1.75 | L103: 209.33 | M103: 1.73
B104: Composição Auxiliar | C104: 91386 | D104: SINAPI | E104: CAMINHÃO BASCULANTE 10 M3, TRUCADO CABINE SIMPLES, PESO BRUTO TOTAL 23.000 KG, CARGA ÚTIL MÁXIMA 15.935 KG, DISTÂNCIA ENTRE EIXOS 4,80 M, POTÊNCIA 230 CV INCLUSIVE CAÇAMBA METÁLICA - CHP DIURNO. AF_06/2014 | F104: Custos Horários Produtivo e Improdutivo dos Equipamentos | H104: CHP | I104: 0.0198 | J104: 270.25 | K104: 5.35 | L104: 268.58 | M104: 5.31
B105: Composição Auxiliar | C105: 5632 | D105: SINAPI | E105: ESCAVADEIRA HIDRÁULICA SOBRE ESTEIRAS, CAÇAMBA 0,80 M3, PESO OPERACIONAL 17 T, POTENCIA BRUTA 111 HP - CHI DIURNO. AF_06/2014 | F105: Custos Horários Produtivo e Improdutivo dos Equipamentos | H105: CHI | I105: 0.0105 | J105: 91.03 | K105: 0.95 | L105: 88.9 | M105: 0.93
B106: Composição Auxiliar | C106: 91387 | D106: SINAPI | E106: CAMINHÃO BASCULANTE 10 M3, TRUCADO CABINE SIMPLES, PESO BRUTO TOTAL 23.000 KG, CARGA ÚTIL MÁXIMA 15.935 KG, DISTÂNCIA ENTRE EIXOS 4,80 M, POTÊNCIA 230 CV INCLUSIVE CAÇAMBA METÁLICA - CHI DIURNO. AF_06/2014 | F106: Custos Horários Produtivo e Improdutivo dos Equipamentos | H106: CHI | I106: 0.0138 | J106: 74.48 | K106: 1.02 | L106: 72.81 | M106: 1
F107: MO sem LS => | G107: 1.25 | H107: LS => | I107: 0 | J107: MO com LS => | K107: 1.25 | L107: MO com LS => | M107: 1.16
F108: Valor do BDI => | G108: 2.28 | I108: Valor com BDI => | K108: 11.35 | M108: 11.72
H109: Quant. => | I109: 10,35 | J109: Preço Total => | K109: 117.47 | L109: Preço Total => | M109: 121.3
B111: 1.1.10 | C111: Código | D111: Banco | E111: Descrição | F111: Tipo | H111: Und | I111: Quant. | J111: Valor Unit | K111: Total | L111: Valor Unit | M111: Total
B112: Composição | C112: 95875 | D112: SINAPI | E112: TRANSPORTE COM CAMINHÃO BASCULANTE DE 10 M³, EM VIA URBANA PAVIMENTADA, DMT ATÉ 30 KM (UNIDADE: M3XKM). AF_07/2020 | F112: Transporte, Carga e Descarga de Materiais | H112: M3XKM | I112: 1 | J112: 2.5 | K112: 2.5 | L112: 2.48 | M112: 2.48
B113: Composição Auxiliar | C113: 91387 | D113: SINAPI | E113: CAMINHÃO BASCULANTE 10 M3, TRUCADO CABINE SIMPLES, PESO BRUTO TOTAL 23.000 KG, CARGA ÚTIL MÁXIMA 15.935 KG, DISTÂNCIA ENTRE EIXOS 4,80 M, POTÊNCIA 230 CV INCLUSIVE CAÇAMBA METÁLICA - CHI DIURNO. AF_06/2014 | F113: Custos Horários Produtivo e Improdutivo dos Equipamentos | H113: CHI | I113: 0.0036 | J113: 74.48 | K113: 0.26 | L113: 72.81 | M113: 0.26
B114: Composição Auxiliar | C114: 91386 | D114: SINAPI | E114: CAMINHÃO BASCULANTE 10 M3, TRUCADO CABINE SIMPLES, PESO BRUTO TOTAL 23.000 KG, CARGA ÚTIL MÁXIMA 15.935 KG, DISTÂNCIA ENTRE EIXOS 4,80 M, POTÊNCIA 230 CV INCLUSIVE CAÇAMBA METÁLICA - CHP DIURNO. AF_06/2014 | F114: Custos Horários Produtivo e Improdutivo dos Equipamentos | H114: CHP | I114: 0.0083 | J114: 270.25 | K114: 2.24 | L114: 268.58 | M114: 2.22
F115: MO sem LS => | G115: 0.25 | H115: LS => | I115: 0 | J115: MO com LS => | K115: 0.25 | L115: MO com LS => | M115: 0.24
F116: Valor do BDI => | G116: 0.63 | I116: Valor com BDI => | K116: 3.13 | M116: 3.24
H117: Quant. => | I117: 188,37 | J117: Preço Total => | K117: 589.59 | L117: Preço Total => | M117: 610.31
B119: 1.1.11 | C119: Código | D119: Banco | E119: Descrição | F119: Tipo | H119: Und | I119: Quant. | J119: Valor Unit | K119: Total | L119: Valor Unit | M119: Total
B120: Composição | C120: PRE.SIN.ADVERT. | D120: Próprio | E120: SINALIZAÇÃO DE ADVERTÊNCIA DE OBRA COM PLACA (FUNDO LARANJA) SOBRE CAVALETE, CONFORME ABNT-NBR-7678 | F120: SEDI - SERVIÇOS DIVERSOS | H120: un | I120: 1 | J120: 492.48 | K120: 492.48 | L120: 489.04 | M120: 489.04
...

Sheet CFF
B2: Obra | D2: Bancos | E2: B.D.I. | F2: Encargos Sociais
B3: =RESUMO!B3 -> Projeto Executivo de Infraestrutura Urbana - Jardim Basilia - Três Lagoas R09 | D3: =RESUMO!D3 -> SINAPI - 01/2026 - MS; SICRO3 - 10/2025 - MS; AGESUL 01/2026 | E3: =RESUMO!E3 -> Serviço: 24,23% Material: 15,27% | F3: Não Desonerado
B4: Cronograma Físico e Financeiro
B5: Item | C5: Descrição | D5: Total Por Etapa | E5: 30 DIAS | F5: 60 DIAS | G5: 90 DIAS | H5: 120 DIAS | I5: 150 DIAS | J5: 180 DIAS | K5: 210 DIAS | L5: 240 DIAS
B6: 1 | C6: SERVIÇOS PRELIMINARES | D6: =SUM(E6:L6) -> 1 | E6: 1
D7: =RESUMO!I6 -> 90506.22 | E7: =E6*D7 -> 90506.22
B8: 2 | C8: DRENAGEM DE ÁGUAS PLUVIAIS | D8: =SUM(E8:L8) -> 1 | E8: 0.1 | F8: 0.15 | G8: 0.2 | H8: 0.2 | I8: 0.15 | J8: 0.1 | K8: 0.1
D9: =RESUMO!I7 -> 2741273.4 | E9: =E8*$D$9 -> 274127.34 | F9: =F8*$D$9 -> 411191.01 | G9: =G8*$D$9 -> 548254.68 | H9: =H8*$D$9 -> 548254.68 | I9: =I8*$D$9 -> 411191.01 | J9: =J8*$D$9 -> 274127.34 | K9: =K8*$D$9 -> 274127.34
B10: 3 | C10: PAVIMENTAÇÃO ASFÁLTICA | D10: =SUM(E10:L10) -> 1 | F10: 0.15 | G10: 0.15 | H10: 0.2 | I10: 0.2 | J10: 0.15 | K10: 0.15
D11: =RESUMO!I8 -> 4292066.5 | F11: =F10*$D$11 -> 643809.97 | G11: =G10*$D$11 -> 643809.97 | H11: =H10*$D$11 -> 858413.29 | I11: =I10*$D$11 -> 858413.29 | J11: =J10*$D$11 -> 643809.97 | K11: =K10*$D$11 -> 643809.97
B12: 4 | C12: CALÇADA E ACESSIBILIDADE | D12: =SUM(E12:L12) -> 1 | K12: 0.5 | L12: 0.5
D13: =RESUMO!I9 -> 133824.13 | K13: =K12*$D$13 -> 66912.065 | L13: =L12*$D$13 -> 66912.065
B14: 5 | C14: SINALIZAÇÃO VIÁRIA PERMANENTE | D14: =SUM(E14:L14) -> 1 | K14: 0.75 | L14: 0.25
D15: =RESUMO!I10 -> 113286.68 | K15: =K14*$D$15 -> 84965.01 | L15: =L14*$D$15 -> 28321.67
B16: 6 | C16: ADMINISTRAÇÃO LOCAL DO CANTEIRO DE OBRAS | D16: =SUM(E16:L16) -> 1 | E16: 0.0496 | F16: 0.1432 | G16: 0.1617 | H16: 0.1908 | I16: 0.1722 | J16: 0.1245 | K16: 0.1451 | L16: 0.0129
D17: =RESUMO!I11 -> 384191.21 | E17: =E16*$D$17 -> 19055.884 | F17: =F16*$D$17 -> 55016.181 | G17: =G16*$D$17 -> 62123.719 | H17: =H16*$D$17 -> 73303.683 | I17: =I16*$D$17 -> 66157.726 | J17: =J16*$D$17 -> 47831.806 | K17: =K16*$D$17 -> 55746.145 | L17: =L16*$D$17 -> 4956.0666
B18: Porcentagem | E18: =E19/$L$21 -> 0.04947545 | F18: =F19/$L$21 -> 0.14313294 | G18: =G19/$L$21 -> 0.16172333 | H18: =H19/$L$21 -> 0.19083732 | I18: =I19/$L$21 -> 0.17224198 | J18: =J19/$L$21 -> 0.12453265 | K18: =K19/$L$21 -> 0.14513721 | L18: =L19/$L$21 -> 0.012919135
B19: Custo | E19: =E7+E9+E11+E13+E15+E17 -> 383689.44 | F19: =F7+F9+F11+F13+F15+F17 -> 1110017.2 | G19: =G7+G9+G11+G13+G15+G17 -> 1254188.4 | H19: =H7+H9+H11+H13+H15+H17 -> 1479971.7 | I19: =I7+I9+I11+I13+I15+I17 -> 1335762 | J19: =J7+J9+J11+J13+J15+J17 -> 965769.11 | K19: =K7+K9+K11+K13+K15+K17 -> 1125560.5 | L19: =L7+L9+L11+L13+L15+L17 -> 100189.8
B20: Porcentagem Acumulado | E20: =E21/$L$21 -> 0.04947545 | F20: =F21/$L$21 -> 0.19260839 | G20: =G21/$L$21 -> 0.35433172 | H20: =H21/$L$21 -> 0.54516904 | I20: =I21/$L$21 -> 0.71741101 | J20: =J21/$L$21 -> 0.84194366 | K20: =K21/$L$21 -> 0.98708087 | L20: =L21/$L$21 -> 1
B21: Custo Acumulado | E21: =E19 -> 383689.44 | F21: =E21+F19 -> 1493706.6 | G21: =F21+G19 -> 2747895 | H21: =G21+H19 -> 4227866.6 | I21: =H21+I19 -> 5563628.6 | J21: =I21+J19 -> 6529397.8 | K21: =J21+K19 -> 7654958.3 | L21: =K21+L19 -> 7755148.1 | M21: =L21='ORÇ. SINTÉTICO'!M135 -> TRUE
E25: =E19-E17 -> 364633.56 | F25: =F19-F17 -> 1055001 | G25: =G19-G17 -> 1192064.6 | H25: =H19-H17 -> 1406668 | I25: =I19-I17 -> 1269604.3 | J25: =J19-J17 -> 917937.31 | K25: =K19-K17 -> 1069814.4 | L25: =L19-L17 -> 95233.735 | M25: =SUM(E25:L25) -> 7370956.9
E26: =E25/$M$25 -> 0.049468958 | F26: =F25/$M$25 -> 0.14312945 | G26: =G25/$M$25 -> 0.16172454 | H26: =H25/$M$25 -> 0.19083926 | I26: =I25/$M$25 -> 0.17224416 | J26: =J25/$M$25 -> 0.12453435 | K26: =K25/$M$25 -> 0.14513915 | L26: =L25/$M$25 -> 0.012920132

Sheet CPU
B3: Composições Analíticas com Preço Unitário | F3: Bancos | H3: B.D.I. | J3: Encargos Sociais
B4: =RESUMO!B3 -> Projeto Executivo de Infraestrutura Urbana - Jardim Basilia - Três Lagoas R09 | F4: =RESUMO!D3 -> SINAPI - 01/2026 - MS; SICRO3 - 10/2025 - MS; AGESUL 01/2026 | H4: =RESUMO!E3 -> Serviço: 24,23% Material: 15,27% | J4: Não Desonerado
B5: Composições Analíticas com Preço Unitário
B6: Composições Principais
C7: Código | D7: Banco | E7: Descrição | F7: Tipo | H7: Und | I7: Quant. | J7: Valor Unit | K7: Total
B8: 1.1.4 | C8: Código | D8: Banco | E8: Descrição | F8: Tipo | H8: Und | I8: Quant. | J8: Valor Unit | K8: Total
B9: Composição | C9: PRE.LIG.ÁGUA | D9: Próprio | E9: LIGAÇÃO PROVISORIA DE ÁGUA | F9: SEDI - SERVIÇOS DIVERSOS | H9: un | I9: 1 | J9: 995.63 | K9: 995.63
B10: Composição Auxiliar | C10: AUX.PRE.LIG | D10: Próprio | E10: LIGACAO DA REDE 75MM AO RAMAL PREDIAL 1/2" | F10: LIPR - LIGAÇÕES PREDIAIS ÁGUA/ESGOTO/ENERGIA/TELEFONE | H10: UN | I10: 1 | J10: 67.64 | K10: 67.64
B11: Composição Auxiliar | C11: 95676 | D11: SINAPI | E11: CAIXA EM CONCRETO PRÉ-MOLDADO PARA ABRIGO DE HIDRÔMETRO COM DN 20 MM - FORNECIMENTO E INSTALAÇÃO. AF_03/2024 | F11: Sistemas de Medição | H11: UN | I11: 1 | J11: 141 | K11: 141
B12: Composição Auxiliar | C12: 95674 | D12: SINAPI | E12: HIDRÔMETRO DN 1/2", 3,0 M3/H - FORNECIMENTO E INSTALAÇÃO. AF_03/2024 | F12: Sistemas de Medição | H12: UN | I12: 1 | J12: 134.79 | K12: 134.79
B13: Composição Auxiliar | C13: AUX.PRE.RAMAL | D13: Próprio | E13: RAMAL PREDIAL EM TUBO PEAD 20MM - FORNECIMENTO, INSTALAÇÃO, ESCAVAÇÃO E REATERRO (af 01/2024) | F13: LIPR - LIGAÇÕES PREDIAIS ÁGUA/ESGOTO/ENERGIA/TELEFONE | H13: M | I13: 15 | J13: 28.64 | K13: 429.6
B14: Composição Auxiliar | C14: 95635 | D14: SINAPI | E14: KIT CAVALETE PARA MEDIÇÃO DE ÁGUA - ENTRADA PRINCIPAL, EM PVC 25 MM (3/4") - FORNECIMENTO E INSTALAÇÃO (EXCLUSIVE HIDRÔMETRO). AF_03/2024 | F14: Sistemas de Medição | H14: UN | I14: 1 | J14: 222.6 | K14: 222.6
F15: MO sem LS => | G15: 350.4 | H15: LS => | I15: 0 | J15: MO com LS => | K15: 350.4
F16: Valor do BDI => | G16: 241.24 | I16: Valor com BDI => | K16: 1236.87
B18: 1.1.11 | C18: Código | D18: Banco | E18: Descrição | F18: Tipo | H18: Und | I18: Quant. | J18: Valor Unit | K18: Total
B19: Composição | C19: PRE.SIN.ADVERT. | D19: Próprio | E19: SINALIZAÇÃO DE ADVERTÊNCIA DE OBRA COM PLACA (FUNDO LARANJA) SOBRE CAVALETE, CONFORME ABNT-NBR-7678 | F19: SEDI - SERVIÇOS DIVERSOS | H19: un | I19: 1 | J19: 492.48 | K19: 492.48
B20: Composição Auxiliar | C20: 88262 | D20: SINAPI | E20: CARPINTEIRO DE FORMAS COM ENCARGOS COMPLEMENTARES | F20: Livro SINAPI: Cálculos e Parâmetros | H20: H | I20: 1 | J20: 27.74 | K20: 27.74
B21: Composição Auxiliar | C21: 88316 | D21: SINAPI | E21: SERVENTE COM ENCARGOS COMPLEMENTARES | F21: Livro SINAPI: Cálculos e Parâmetros | H21: H | I21: 1.5 | J21: 22.76 | K21: 34.14
B22: Composição Auxiliar | C22: 73467 | D22: SINAPI | E22: CAMINHÃO TOCO, PBT 14.300 KG, CARGA ÚTIL MÁX. 9.710 KG, DIST. ENTRE EIXOS 3,56 M, POTÊNCIA 185 CV, INCLUSIVE CARROCERIA FIXA ABERTA DE MADEIRA P/ TRANSPORTE GERAL DE CARGA SECA, DIMEN. APROX. 2,50 X 6,50 X 0,50 M - CHP DIURNO. AF_06/2014 | F22: Custos Horários Produtivo e Improdutivo dos Equipamentos | H22: CHP | I22: 0.01 | J22: 248.87 | K22: 2.48
B23: Insumo | C23: 00004433 | D23: SINAPI | E23: CAIBRO NAO APARELHADO *6 X 6* CM, EM MACARANDUBA/MASSARANDUBA, ANGELIM OU EQUIVALENTE DA REGIAO - BRUTA | F23: Material | H23: M | I23: 1 | J23: 28.12 | K23: 28.12
B24: Insumo | C24: 00004813 | D24: SINAPI | E24: PLACA DE OBRA (PARA CONSTRUCAO CIVIL) EM CHAPA GALVANIZADA *N. 22*, ADESIVADA, DE *2,4 X 1,2* M (SEM POSTES PARA FIXACAO) | F24: Material | H24: m² | I24: 1 | J24: 400 | K24: 400
F25: MO sem LS => | G25: 46.04 | H25: LS => | I25: 0 | J25: MO com LS => | K25: 46.04
F26: Valor do BDI => | G26: 119.32 | I26: Valor com BDI => | K26: 611.8
B28: 1.1.12 | C28: Código | D28: Banco | E28: Descrição | F28: Tipo | H28: Und | I28: Quant. | J28: Valor Unit | K28: Total
B29: Composição | C29: PRE.ISOL.OBRA | D29: Próprio | E29: ISOLAMENTO DE OBRA COM TELA PLASTICA COM MALHA DE 5MM | F29: SERP - SERVIÇOS PRELIMINARES | H29: m² | I29: 1 | J29: 9.52 | K29: 9.52
B30: Composição Auxiliar | C30: 88262 | D30: SINAPI | E30: CARPINTEIRO DE FORMAS COM ENCARGOS COMPLEMENTARES | F30: Livro SINAPI: Cálculos e Parâmetros | H30: H | I30: 0.06 | J30: 27.74 | K30: 1.66
B31: Composição Auxiliar | C31: 88316 | D31: SINAPI | E31: SERVENTE COM ENCARGOS COMPLEMENTARES | F31: Livro SINAPI: Cálculos e Parâmetros | H31: H | I31: 0.18 | J31: 22.76 | K31: 4.09
B32: Insumo | C32: 00000345 | D32: SINAPI | E32: ARAME GALVANIZADO 18 BWG, D = 1,24MM (0,009 KG/M) | F32: Material | H32: KG | I32: 0.04 | J32: 29.14 | K32: 1.16
B33: Insumo | C33: 00007170 | D33: SINAPI | E33: TELA FACHADEIRA EM POLIETILENO, ROLO DE 3 X 100 M (L X C), COR BRANCA, SEM LOGOMARCA - PARA PROTECAO DE OBRAS | F33: Material | H33: m² | I33: 1.1 | J33: 2.38 | K33: 2.61
F34: MO sem LS => | G34: 4.2 | H34: LS => | I34: 0 | J34: MO com LS => | K34: 4.2
F35: Valor do BDI => | G35: 2.3 | I35: Valor com BDI => | K35: 11.82
B37: 1.1.13 | C37: Código | D37: Banco | E37: Descrição | F37: Tipo | H37: Und | I37: Quant. | J37: Valor Unit | K37: Total
B38: Composição | C38: PRE.SIN.TRANS. | D38: Próprio | E38: SINALIZACAO DE TRANSITO - NOTURNA (AF.06/2024) | F38: SERP - SERVIÇOS PRELIMINARES | H38: M | I38: 1 | J38: 4.04 | K38: 4.04
B39: Composição Auxiliar | C39: 88264 | D39: SINAPI | E39: ELETRICISTA COM ENCARGOS COMPLEMENTARES | F39: Livro SINAPI: Cálculos e Parâmetros | H39: H | I39: 0.05 | J39: 31.14 | K39: 1.55
B40: Composição Auxiliar | C40: 88316 | D40: SINAPI | E40: SERVENTE COM ENCARGOS COMPLEMENTARES | F40: Livro SINAPI: Cálculos e Parâmetros | H40: H | I40: 0.05 | J40: 22.76 | K40: 1.13
B41: Insumo | C41: 00039387 | D41: SINAPI | E41: LAMPADA LED TUBULAR BIVOLT 18/20 W, BASE G13 | F41: Material | H41: UN | I41: 0.009 | J41: 9.39 | K41: 0.08
B42: Insumo | C42: 00002705 | D42: SINAPI | E42: ENERGIA ELETRICA ATE 2000 KWH INDUSTRIAL, SEM DEMANDA | F42: Franquia | H42: KWH | I42: 0.24 | J42: 1.13 | K42: 0.27
B43: Insumo | C43: 00000939 | D43: SINAPI | E43: FIO DE COBRE, SOLIDO, CLASSE 1, ISOLACAO EM PVC/A, ANTICHAMA BWF-B, 450/750V, SECAO NOMINAL 2,5 MM2 | F43: Material | H43: M | I43: 0.3 | J43: 2.81 | K43: 0.84
B44: Insumo | C44: 00012294 | D44: SINAPI | E44: SOQUETE DE PORCELANA BASE E27, PARA USO AO TEMPO, PARA LAMPADAS | F44: Material | H44: UN | I44: 0.009 | J44: 9.11 | K44: 0.08
B45: Insumo | C45: 00004815 | D45: SINAPI | E45: BALDE VERMELHO PARA SINALIZACAO DE VIAS | F45: Material | H45: UN | I45: 0.009 | J45: 10.46 | K45: 0.09
F46: MO sem LS => | G46: 2.03 | H46: LS => | I46: 0 | J46: MO com LS => | K46: 2.03
F47: Valor do BDI => | G47: 0.97 | I47: Valor com BDI => | K47: 5.01
B49: 1.2.1 | C49: Código | D49: Banco | E49: Descrição | F49: Tipo | H49: Und | I49: Quant. | J49: Valor Unit | K49: Total
B50: Composição | C50: DEM.CONCR.S | D50: Próprio | E50: DEMOLICAO DE CONCRETO SIMPLES, DE FORMA MANUAL, SEM REAPROVEITAMENTO (Ref. SINAPI 73616-11/2017) | F50: SERP - SERVIÇOS PRELIMINARES | H50: m³ | I50: 1 | J50: 332.93 | K50: 332.93
B51: Composição Auxiliar | C51: 88316 | D51: SINAPI | E51: SERVENTE COM ENCARGOS COMPLEMENTARES | F51: Livro SINAPI: Cálculos e Parâmetros | H51: H | I51: 13 | J51: 22.76 | K51: 295.88
B52: Composição Auxiliar | C52: 88309 | D52: SINAPI | E52: PEDREIRO COM ENCARGOS COMPLEMENTARES | F52: Livro SINAPI: Cálculos e Parâmetros | H52: H | I52: 1.3 | J52: 28.5 | K52: 37.05
F53: MO sem LS => | G53: 239.08 | H53: LS => | I53: 0 | J53: MO com LS => | K53: 239.08
F54: Valor do BDI => | G54: 80.66 | I54: Valor com BDI => | K54: 413.59
B56: 2.2.2 | C56: Código | D56: Banco | E56: Descrição | F56: Tipo | H56: Und | I56: Quant. | J56: Valor Unit | K56: Total
B57: Composição | C57: DRE. PEAD 600 | D57: Próprio | E57: ASSENTAMENTO DE TUBO DE PEAD CORRUGADO DE DUPLA PAREDE DE ESGOTO, DN 600 MM, JUNTA ELÁSTICA INTEGRADA (NÃO INCLUI FORNECIMENTO) (REF. SINAPI 90747) | F57: ASTU - ASSENTAMENTO DE TUBOS E PECAS | H57: M | I57: 1 | J57: 16.85 | K57: 16.85
B58: Composição Auxiliar | C58: 88316 | D58: SINAPI | E58: SERVENTE COM ENCARGOS COMPLEMENTARES | F58: Livro SINAPI: Cálculos e Parâmetros | H58: H | I58: 0.1301 | J58: 22.76 | K58: 2.96
B59: Composição Auxiliar | C59: 5631 | D59: SINAPI | E59: ESCAVADEIRA HIDRÁULICA SOBRE ESTEIRAS, CAÇAMBA 0,80 M3, PESO OPERACIONAL 17 T, POTENCIA BRUTA 111 HP - CHP DIURNO. AF_06/2014 | F59: Custos Horários Produtivo e Improdutivo dos Equipamentos | H59: CHP | I59: 0.0422 | J59: 211.46 | K59: 8.92
B60: Composição Auxiliar | C60: 5632 | D60: SINAPI | E60: ESCAVADEIRA HIDRÁULICA SOBRE ESTEIRAS, CAÇAMBA 0,80 M3, PESO OPERACIONAL 17 T, POTENCIA BRUTA 111 HP - CHI DIURNO. AF_06/2014 | F60: Custos Horários Produtivo e Improdutivo dos Equipamentos | H60: CHI | I60: 0.0262 | J60: 91.03 | K60: 2.38
B61: Composição Auxiliar | C61: 88246 | D61: SINAPI | E61: ASSENTADOR DE TUBOS COM ENCARGOS COMPLEMENTARES | F61: Livro SINAPI: Cálculos e Parâmetros | H61: H | I61: 0.1301 | J61: 19.96 | K61: 2.59
F62: MO sem LS => | G62: 5.93 | H62: LS => | I62: 0 | J62: MO com LS => | K62: 5.93
F63: Valor do BDI => | G63: 4.08 | I63: Valor com BDI => | K63: 20.93
B65: 2.2.4 | C65: Código | D65: Banco | E65: Descrição | F65: Tipo | H65: Und | I65: Quant. | J65: Valor Unit | K65: Total
B66: Composição | C66: DRE. PEAD 1000 | D66: Próprio | E66: ASSENTAMENTO DE TUBO DE PEAD CORRUGADO DE DUPLA PAREDE, DN 1000 MM, JUNTA ELÁSTICA INTEGRADA (NÃO INCLUI FORNECIMENTO). (REF. SINAPI 94880) | F66: ASTU - ASSENTAMENTO DE TUBOS E PECAS | H66: M | I66: 1 | J66: 43.34 | K66: 43.34
B67: Composição Auxiliar | C67: 5631 | D67: SINAPI | E67: ESCAVADEIRA HIDRÁULICA SOBRE ESTEIRAS, CAÇAMBA 0,80 M3, PESO OPERACIONAL 17 T, POTENCIA BRUTA 111 HP - CHP DIURNO. AF_06/2014 | F67: Custos Horários Produtivo e Improdutivo dos Equipamentos | H67: CHP | I67: 0.0917 | J67: 211.46 | K67: 19.39
B68: Composição Auxiliar | C68: 88246 | D68: SINAPI | E68: ASSENTADOR DE TUBOS COM ENCARGOS COMPLEMENTARES | F68: Livro SINAPI: Cálculos e Parâmetros | H68: H | I68: 0.283 | J68: 19.96 | K68: 5.64
B69: Composição Auxiliar | C69: 5632 | D69: SINAPI | E69: ESCAVADEIRA HIDRÁULICA SOBRE ESTEIRAS, CAÇAMBA 0,80 M3, PESO OPERACIONAL 17 T, POTENCIA BRUTA 111 HP - CHI DIURNO. AF_06/2014 | F69: Custos Horários Produtivo e Improdutivo dos Equipamentos | H69: CHI | I69: 0.057 | J69: 91.03 | K69: 5.18
B70: Composição Auxiliar | C70: 88316 | D70: SINAPI | E70: SERVENTE COM ENCARGOS COMPLEMENTARES | F70: Livro SINAPI: Cálculos e Parâmetros | H70: H | I70: 0.283 | J70: 22.76 | K70: 6.44
B71: Insumo | C71: 00020078 | D71: SINAPI | E71: PASTA LUBRIFICANTE PARA TUBOS E CONEXOES COM JUNTA ELASTICA, EMBALAGEM DE *400* GR (USO EM PVC, ACO, POLIETILENO E OUTROS) | F71: Material | H71: UN | I71: 0.2083 | J71: 32.13 | K71: 6.69
F72: MO sem LS => | G72: 12.92 | H72: LS => | I72: 0 | J72: MO com LS => | K72: 12.92
F73: Valor do BDI => | G73: 10.5 | I73: Valor com BDI => | K73: 53.84
B75: 2.2.19 | C75: Código | D75: Banco | E75: Descrição | F75: Tipo | H75: Und | I75: Quant. | J75: Valor Unit | K75: Total
B76: Composição | C76: DRE.BLSC-TL | D76: Próprio | E76: BLSC - BOCA-DE-LOBO SIMPLES, EM CONCRETO SIMPLES FCK 20 MPA, INCLUINDO ESCAVAÇÃO, FORMA, ARMAÇÃO, CALÇAMENTO AO REDOR E GRELHA EM FOFO TIPO PESADA, CONFORME PROJETO | F76: DROP - DRENAGEM/OBRAS DE CONTENÇÃO / POÇOS DE VISITA E CAIXAS | H76: UND | I76: 1 | J76: 1831.84 | K76: 1831.84
B77: Composição Auxiliar | C77: 93358 | D77: SINAPI | E77: ESCAVAÇÃO MANUAL DE VALA. AF_09/2024 | F77: Escavação de Valas | H77: m³ | I77: 0.95 | J77: 90.03 | K77: 85.52
B78: Composição Auxiliar | C78: DEM.REC.PAV. | D78: Próprio | E78: RECORTE MECÂNICO DE PAVIMENTO ASFÁLTICO OU PISO DE CONCRETO, COM SERRA DE DISCO DIAMANTADO PARA PISO/ASFALTO | F78: PAVI - PAVIMENTAÇÃO | H78: M | I78: 3.31 | J78: 3.22 | K78: 10.65
B79: Composição Auxiliar | C79: 94964 | D79: SINAPI | E79: CONCRETO FCK = 20MPA, TRAÇO 1:2,7:3 (EM MASSA SECA DE CIMENTO/ AREIA MÉDIA/ BRITA 1) - PREPARO MECÂNICO COM BETONEIRA 400 L. AF_05/2021 | F79: Produção de Concreto | H79: m³ | I79: 0.702 | J79: 491.72 | K79: 345.18
B80: Composição Auxiliar | C80: 5928 | D80: SINAPI | E80: GUINDAUTO HIDRÁULICO, CAPACIDADE MÁXIMA DE CARGA 6200 KG, MOMENTO MÁXIMO DE CARGA 11,7 TM, ALCANCE MÁXIMO HORIZONTAL 9,70 M, INCLUSIVE CAMINHÃO TOCO PBT 16.000 KG, POTÊNCIA DE 189 CV - CHP DIURNO. AF_06/2014 | F80: Custos Horários Produtivo e Improdutivo dos Equipamentos | H80: CHP | I80: 0.1 | J80: 276.67 | K80: 27.66
B81: Composição Auxiliar | C81: 92475 | D81: SINAPI | E81: MONTAGEM E DESMONTAGEM DE FÔRMA DE VIGA, ESCORAMENTO COM GARFO DE MADEIRA, PÉ-DIREITO SIMPLES, EM CHAPA DE MADEIRA PLASTIFICADA, 14 UTILIZAÇÕES. AF_09/2020 | F81: Fôrmas para Estruturas de Concreto Armado | H81: m² | I81: 3.04 | J81: 80.81 | K81: 245.66
B82: Composição Auxiliar | C82: 101616 | D82: SINAPI | E82: PREPARO DE FUNDO DE VALA COM LARGURA MENOR QUE 1,5 M (ACERTO DO SOLO NATURAL), EM LOCAL COM NÍVEL BAIXO DE INTERFERÊNCIA. AF_01/2026 | F82: Escoramento e Preparo de Fundo de Valas | H82: m² | I82: 2.06 | J82: 7.78 | K82: 16.02
B83: Composição Auxiliar | C83: 92915 | D83: SINAPI | E83: ARMAÇÃO DE ESTRUTURAS DIVERSAS DE CONCRETO ARMADO, EXCETO VIGAS, PILARES, LAJES E FUNDAÇÕES, UTILIZANDO AÇO CA-60 DE 5,0 MM - MONTAGEM. AF_06/2022 | F83: Armação para Estruturas de Concreto Armado | H83: KG | I83: 0.92 | J83: 16.92 | K83: 15.56
B84: Composição Auxiliar | C84: 103670 | D84: SINAPI | E84: LANÇAMENTO COM USO DE BALDES, ADENSAMENTO E ACABAMENTO DE CONCRETO EM ESTRUTURAS. AF_02/2022 | F84: Concretagem para Estruturas de Concreto Armado | H84: m³ | I84: 0.702 | J84: 308.54 | K84: 216.59
B85: Composição Auxiliar | C85: 92916 | D85: SINAPI | E85: ARMAÇÃO DE ESTRUTURAS DIVERSAS DE CONCRETO ARMADO, EXCETO VIGAS, PILARES, LAJES E FUNDAÇÕES, UTILIZANDO AÇO CA-50 DE 6,3 MM - MONTAGEM. AF_06/2022 | F85: Armação para Estruturas de Concreto Armado | H85: KG | I85: 2.79 | J85: 15.3 | K85: 42.68
B86: Insumo | C86: COT.GRELHA-TL | D86: Próprio | E86: GRELHA ARTICULADA 500X1000 MM - FERRO FUNDIDO NODULAR (DUCTIL) | F86: Material | H86: und | I86: 1 | J86: 826.32 | K86: 826.32
F87: MO sem LS => | G87: 386.6 | H87: LS => | I87: 0 | J87: MO com LS => | K87: 386.6
F88: Valor do BDI => | G88: 443.85 | I88: Valor com BDI => | K88: 2275.69
B90: 2.2.20 | C90: Código | D90: Banco | E90: Descrição | F90: Tipo | H90: Und | I90: Quant. | J90: Valor Unit | K90: Total
B91: Composição | C91: DRE.BLDC-TL | D91: Próprio | E91: BLDC- TL - Boca-de-lobo dupla, em concreto simples fck 20 MPa, incluindo forma, escavação, calçamento ao redor e grelhas em FoFo tipo pesada, conforme projeto | F91: SEDI - SERVIÇOS DIVERSOS | H91: un | I91: 1 | J91: 3569.1 | K91: 3569.1
B92: Composição Auxiliar | C92: 103670 | D92: SINAPI | E92: LANÇAMENTO COM USO DE BALDES, ADENSAMENTO E ACABAMENTO DE CONCRETO EM ESTRUTURAS. AF_02/2022 | F92: Concretagem para Estruturas de Concreto Armado | H92: m³ | I92: 1.272 | J92: 308.54 | K92: 392.46
B93: Composição Auxiliar | C93: 93358 | D93: SINAPI | E93: ESCAVAÇÃO MANUAL DE VALA. AF_09/2024 | F93: Escavação de Valas | H93: m³ | I93: 1.91 | J93: 90.03 | K93: 171.95
B94: Composição Auxiliar | C94: 5928 | D94: SINAPI | E94: GUINDAUTO HIDRÁULICO, CAPACIDADE MÁXIMA DE CARGA 6200 KG, MOMENTO MÁXIMO DE CARGA 11,7 TM, ALCANCE MÁXIMO HORIZONTAL 9,70 M, INCLUSIVE CAMINHÃO TOCO PBT 16.000 KG, POTÊNCIA DE 189 CV - CHP DIURNO. AF_06/2014 | F94: Custos Horários Produtivo e Improdutivo dos Equipamentos | H94: CHP | I94: 0.1 | J94: 276.67 | K94: 27.66
B95: Composição Auxiliar | C95: 92916 | D95: SINAPI | E95: ARMAÇÃO DE ESTRUTURAS DIVERSAS DE CONCRETO ARMADO, EXCETO VIGAS, PILARES, LAJES E FUNDAÇÕES, UTILIZANDO AÇO CA-50 DE 6,3 MM - MONTAGEM. AF_06/2022 | F95: Armação para Estruturas de Concreto Armado | H95: KG | I95: 4.41 | J95: 15.3 | K95: 67.47
B96: Composição Auxiliar | C96: 94964 | D96: SINAPI | E96: CONCRETO FCK = 20MPA, TRAÇO 1:2,7:3 (EM MASSA SECA DE CIMENTO/ AREIA MÉDIA/ BRITA 1) - PREPARO MECÂNICO COM BETONEIRA 400 L. AF_05/2021 | F96: Produção de Concreto | H96: m³ | I96: 1.272 | J96: 491.72 | K96: 625.46
B97: Composição Auxiliar | C97: 101616 | D97: SINAPI | E97: PREPARO DE FUNDO DE VALA COM LARGURA MENOR QUE 1,5 M (ACERTO DO SOLO NATURAL), EM LOCAL COM NÍVEL BAIXO DE INTERFERÊNCIA. AF_01/2026 | F97: Escoramento e Preparo de Fundo de Valas | H97: m² | I97: 3.02 | J97: 7.78 | K97: 23.49
B98: Composição Auxiliar | C98: 92915 | D98: SINAPI | E98: ARMAÇÃO DE ESTRUTURAS DIVERSAS DE CONCRETO ARMADO, EXCETO VIGAS, PILARES, LAJES E FUNDAÇÕES, UTILIZANDO AÇO CA-60 DE 5,0 MM - MONTAGEM. AF_06/2022 | F98: Armação para Estruturas de Concreto Armado | H98: KG | I98: 2.53 | J98: 16.92 | K98: 42.8
B99: Composição Auxiliar | C99: 92917 | D99: SINAPI | E99: ARMAÇÃO DE ESTRUTURAS DIVERSAS DE CONCRETO ARMADO, EXCETO VIGAS, PILARES, LAJES E FUNDAÇÕES, UTILIZANDO AÇO CA-50 DE 8,0 MM - MONTAGEM. AF_06/2022 | F99: Armação para Estruturas de Concreto Armado | H99: KG | I99: 1.48 | J99: 13.85 | K99: 20.49
B100: Composição Auxiliar | C100: 97636 | D100: SINAPI | E100: DEMOLIÇÃO PARCIAL DE PAVIMENTO ASFÁLTICO, DE FORMA MECANIZADA, SEM REAPROVEITAMENTO. AF_09/2023 | F100: Demolições e Remoções | H100: m² | I100: 4.51 | J100: 22.54 | K100: 101.65
B101: Composição Auxiliar | C101: 92431 | D101: SINAPI | E101: MONTAGEM E DESMONTAGEM DE FÔRMA DE PILARES RETANGULARES E ESTRUTURAS SIMILARES, PÉ-DIREITO SIMPLES, EM CHAPA DE MADEIRA COMPENSADA PLASTIFICADA, 10 UTILIZAÇÕES. AF_09/2020 | F101: Fôrmas para Estruturas de Concreto Armado | H101: m² | I101: 6.36 | J101: 69.66 | K101: 443.03
B102: Insumo | C102: COT.GRELHA-TL | D102: Próprio | E102: GRELHA ARTICULADA 500X1000 MM - FERRO FUNDIDO NODULAR (DUCTIL) | F102: Material | H102: und | I102: 2 | J102: 826.32 | K102: 1652.64
F103: MO sem LS => | G103: 732.53 | H103: LS => | I103: 0 | J103: MO com LS => | K103: 732.53
F104: Valor do BDI => | G104: 864.79 | I104: Valor com BDI => | K104: 4433.89
B106: 2.2.21 | C106: Código | D106: Banco | E106: Descrição | F106: Tipo | H106: Und | I106: Quant. | J106: Valor Unit | K106: Total
B107: Composição | C107: DRE.BLTC - TL | D107: Próprio | E107: BLTC - TL - Boca-de-lobo tripla, em concreto simples fck 20 MPa, incluindo forma, escavação, calçamento ao redor e grelhas em f°f° tipo pesada, conforme projeto | F107: SEDI - SERVIÇOS DIVERSOS | H107: un | I107: 1 | J107: 5214.94 | K107: 5214.94
B108: Composição Auxiliar | C108: 103670 | D108: SINAPI | E108: LANÇAMENTO COM USO DE BALDES, ADENSAMENTO E ACABAMENTO DE CONCRETO EM ESTRUTURAS. AF_02/2022 | F108: Concretagem para Estruturas de Concreto Armado | H108: m³ | I108: 1.815 | J108: 308.54 | K108: 560
B109: Composição Auxiliar | C109: 92915 | D109: SINAPI | E109: ARMAÇÃO DE ESTRUTURAS DIVERSAS DE CONCRETO ARMADO, EXCETO VIGAS, PILARES, LAJES E FUNDAÇÕES, UTILIZANDO AÇO CA-60 DE 5,0 MM - MONTAGEM. AF_06/2022 | F109: Armação para Estruturas de Concreto Armado | H109: KG | I109: 4.23 | J109: 16.92 | K109: 71.57
B110: Composição Auxiliar | C110: 94964 | D110: SINAPI | E110: CONCRETO FCK = 20MPA, TRAÇO 1:2,7:3 (EM MASSA SECA DE CIMENTO/ AREIA MÉDIA/ BRITA 1) - PREPARO MECÂNICO COM BETONEIRA 400 L. AF_05/2021 | F110: Produção de Concreto | H110: m³ | I110: 1.815 | J110: 491.72 | K110: 892.47
B111: Composição Auxiliar | C111: 92916 | D111: SINAPI | E111: ARMAÇÃO DE ESTRUTURAS DIVERSAS DE CONCRETO ARMADO, EXCETO VIGAS, PILARES, LAJES E FUNDAÇÕES, UTILIZANDO AÇO CA-50 DE 6,3 MM - MONTAGEM. AF_06/2022 | F111: Armação para Estruturas de Concreto Armado | H111: KG | I111: 6.03 | J111: 15.3 | K111: 92.25
...

Sheet DMT
B2: JARDIM BRASILIA
B3: QUADRO RESUMO DE DISTÂNCIAS DE TRANSPORTE
B4: MATERIAL | C4: PERCURSO | E4: TRANSPORTE COMERCIAL (km) | F4: DMT TOTAL (km)
C5: ORIGEM | D5: DESTINO
B6: CBUQ - COMERCIAL | C6: TRÊS LAGOAS | D6: TRÊS LAGOAS | E6: 10.9 | F6: =E6 -> 10.9
B7: EMULSÃO ASFÁLTICA | C7: CAMPO GRANDE/MS | D7: TRÊS LAGOAS | E7: 338 | F7: =E7 -> 338
B8: RR-2C | C8: CAMPO GRANDE/MS | D8: TRÊS LAGOAS | E8: 338 | F8: =E8 -> 338
B9: BRITA, BICA CORRIDA E RACHÃO OU PEDRA DE MÃO | C9: TRÊS LAGOAS | D9: TRÊS LAGOAS | E9: 18.2 | F9: =E9 -> 18.2
B10: TUBOS DE CONCRETO | C10: CAMPO GRANDE/MS | D10: TRÊS LAGOAS | E10: 331 | F10: =E10 -> 331
B11: TUBOS PEAD | C11: CAMPO GRANDE/MS | D11: TRÊS LAGOAS | E11: 328 | F11: =E11 -> 328
B12: PISO TÁTIL | C12: TRÊS LAGOAS | D12: TRÊS LAGOAS | E12: 5.1 | F12: =E12 -> 5.1
B13: BOTA FORA | C13: TRÊS LAGOAS | D13: TRÊS LAGOAS | E13: 4.6 | F13: =E13 -> 4.6
B14: GRELHA | C14: CURITIBA/PR | D14: TRÊS LAGOAS | E14: =GRELHA!G5 -> 763 | F14: =E14 -> 763
B16: *ATUALIZADO

Sheet MAT BET
B2: PREÇO MÉDIO DE AQUISIÇÃO DE MATERIAL BETUMINOSO
B3: Produto | C3: Período | D3: Empresa | E3: UF | F3: Valor R$/t | G3: DMT (km) | H3: TRANSPORTE DMT ATÉ 30 KM (R$/t) | I3: TRANSPORTE DMT EXCEDENTE A 30 KM (R$/t) | J3: Pedágio R$/t | K3: Total Aquisição + Pedágio (R$/t) | L3: Total Aquisição + Pedágio + Transporte (R$/t)
B4: EMULSÃO ASFÁLTICA PARA IMPRIMAÇÃO | C4: 46054 | D4: CBB Asfaltos | E4: Apucarana/PR | F4: 3810 | G4: 405 | H4: =1.41*30 -> 42.3 | I4: =(G4-30)*0.55 -> 206.25 | J4: =D17 -> 7.44 | K4: =F4+J4 -> 3817.44 | L4: =F4+H4+I4+J4 -> 4065.99
C5: =C4 -> 46054 | D5: Betunel | E5: Campo Grande/MS | F5: 3000 | G5: 338 | H5: =1.41*30 -> 42.3 | I5: =(G5-30)*0.55 -> 169.4 | J5: =E17 -> 0 | K5: =F5+J5 -> 3000 | L5: =F5+H5+I5+J5 -> 3211.7
C6: =C4 -> 46054 | D6: Greca Asfaltos | E6: Campo Grande/MS | F6: 3960 | G6: 358 | K6: =F6+J6 -> 3960 | L6: =F6 -> 3960
B7: PINTURA DE LIGAÇÃO - RR-2C | C7: =C5 -> 46054 | D7: =D4 -> CBB Asfaltos | E7: Apucarana/PR | F7: 4220 | G7: =G4 -> 405 | H7: =1.41*30 -> 42.3 | I7: =(G7-30)*0.55 -> 206.25 | J7: =D17 -> 7.44 | K7: =F7+J7 -> 4227.44 | L7: =F7+H7+I7+J7 -> 4475.99
C8: =C4 -> 46054 | D8: =D5 -> Betunel | E8: Campo Grande/MS | F8: 3700 | G8: =G5 -> 338 | H8: =1.41*30 -> 42.3 | I8: =(G8-30)*0.55 -> 169.4 | J8: =E17 -> 0 | K8: =F8+J8 -> 3700 | L8: =F8+H8+I8+J8 -> 3911.7
C9: =C8 -> 46054 | D9: =D6 -> Greca Asfaltos | E9: Campo Grande/MS | F9: 4560 | G9: =G6 -> 358 | K9: =F9+J9 -> 4560 | L9: =F9 -> 4560
K10: *Valor da Greca é CIF
B11: TRANSPORTE DE MATERIAL PARA MATERIAL BETUMINOSO - PEDÁGIO
B12: Descrição | D12: Apucarana/PR | E12: Campo Grande/MS | F12: Unidade
B13: Custo c/ Pedágio | C13: Ida | D13: 93 | E13: 0 | F13: R$/viagem
C14: Volta | D14: =D13 -> 93 | E14: =E13 -> 0 | F14: R$/viagem
C15: Total | D15: =D13+D14 -> 186 | E15: =E13+E14 -> 0 | F15: R$/viagem
B16: Capacidade da carreta 6 eixos: | D16: 25 | E16: 25 | F16: t/viagem
B17: Valor Total: | D17: =ROUND(D15/D16,2) -> 7.44 | E17: =ROUND(E15/E16,2) -> 0 | F17: R$/t
B19: Apucarana/PR | E19: Campo Grande/MS
B37: Fonte: https://rotasbrasil.com.br/
B38: Acessado em 06/03/2026.

Sheet GRELHA
B2: PREÇO MÉDIO DE AQUISIÇÃO DE GRELHAS PARA BOCAS DE LOBO
B3: Produto | C3: Período | D3: Empresa | E3: UF | F3: Valor R$/und | G3: DMT (km) | H3: TRANSPORTE DMT ATÉ 30 KM (R$/und) | I3: TRANSPORTE DMT EXCEDENTE A 30 KM (R$/und) | J3: Pedágio R$/t | K3: Total Aquisição + Pedágio (R$/t) | L3: Total Aquisição + Pedágio + Transporte (R$/t)
B4: GRELHAS | C4: 46082 | D4: ALEA | E4: Carmo da Mata/MG | F4: 350 | G4: 891 | H4: =$P$5*30*0.04 -> 2.676 | I4: =$P$6*(G4-30)*0.04 -> 30.3072 | J4: =D14 -> 3.32 | K4: =F4+J4 -> 353.32 | L4: =F4+H4+I4+J4 -> 386.3032 | N4: Código | O4: Composição | P4: R$
C5: 46082 | D5: LRG Metalurgica | E5: Curitiba/PR | F5: 801 | G5: 763 | H5: =$P$5*30*0.04 -> 2.676 | I5: =$P$6*(G5-30)*0.04 -> 25.8016 | J5: =E14 -> 1.33 | K5: =F5+J5 -> 802.33 | L5: =F5+H5+I5+J5 -> 830.8076 | N5: 100947 | O5: Caminhão carroceria 9t (Até 30km) | P5: 2.23
C6: 45931 | D6: Mais Fer | E6: Claudio/MG | F6: 795 | G6: 893 | H6: =$P$5*30*0.04 -> 2.676 | I6: =$P$6*(G6-30)*0.04 -> 30.3776 | J6: =F14 -> 3.32 | K6: =F6+J6 -> 798.32 | L6: =F6+H6+I6+J6 -> 831.3736 | N6: 100948 | O6: Caminhão carroceria 9t (Exc. À 30km 30km) | P6: 0.88
K7: *Foi utilizado a mediana
B8: TRANSPORTE DE MATERIAL PARA GRELHAS - PEDÁGIO
B9: Descrição | D9: =E4 -> Carmo da Mata/MG | E9: =E5 -> Curitiba/PR | F9: =E6 -> Claudio/MG | G9: Unidade | I9: Capacidade de carga carroceria 9T | K9: 9000 | L9: kg
B10: Custo c/ Pedágio | C10: Ida | D10: 374.05 | E10: 150 | F10: 374.05 | G10: R$/viagem | I10: Peso adotado p/ grelha | K10: 40 | L10: kg/unidade
C11: Volta | D11: =D10 -> 374.05 | E11: =E10 -> 150 | F11: =F10 -> 374.05 | G11: R$/viagem | I11: Capacidade de carga | K11: =K9/K10 -> 225 | L11: und
C12: Total | D12: =D10+D11 -> 748.1 | E12: =E10+E11 -> 300 | F12: =F10+F11 -> 748.1 | G12: R$/viagem
B13: Capacidade da carreta 3 eixos: | D13: =K11 -> 225 | E13: =K11 -> 225 | F13: =K11 -> 225 | G13: und/viagem
B14: Valor Total: | D14: =ROUND(D12/D13,2) -> 3.32 | E14: =ROUND(E12/E13,2) -> 1.33 | F14: =ROUND(F12/F13,2) -> 3.32 | G14: R$/t
C16: =E4 -> Carmo da Mata/MG | E16: =E5 -> Curitiba/PR | I16: =F9 -> Claudio/MG
B34: Fonte: https://rotasbrasil.com.br/
B35: Acessado em 06/03/2026.

Sheet PRELIMINARES
B2: =DMT!B2 -> JARDIM BRASILIA
B3: MEMORIAL DE CÁLCULO DE QUANTITATIVOS DE SERVIÇOS PRELIMINARES
B5: Extensão rede de drenagem | D5: =DRENAGEM!AV30 -> 2110
B6: Extensão pavimentação asfáltica | D6: =PAVIMENTAÇÃO!I18 -> 3647.53
B8: Serviço | C8: Critério | G8: Total
B9: Barracão de obra | C9: Implantação Asfáltica até 3.000m ou Rede drenagem até 3.000m ou Drenagem + Pavimentação até 4.000m | E9: 15 | F9: =D5+D6 -> 5757.53 | G9: N.A.
C10: Implantação Asfáltica até 6.000m ou Rede drenagem até 6.000m ou Drenagem + Pavimentação até 8.000m | E10: 30
C11: Implantação Asfáltica acima 6.000m ou Rede drenagem acima 6.000m ou Drenagem + Pavimentação acima 8.000m | E11: 45
C12: Cercamento de uma área de 10x15 m | G12: =100+100+100+100 -> 400
C13: Lastro de brita 5cm na area de convivencia | G13: =10*15*0.05 -> 7.5
B14: Placa de advertência fundo laranja | C14: 2 Placas de (2,0 x 1,125) m² a cada 200,00m de rede ou implantação (aproximandamente uma quadra fechada) | F14: =D5+D6 -> 5757.53 | G14: =ROUNDUP(F14/200,0) -> 29
B15: Tela plástica | C15: Rede de drenagem + dreno X 1,20m (Considerando que as redes e dreno sejam executados em 2 etapas, no mínimo) | F15: =D5 -> 2110 | G15: =ROUNDUP(F15*1.2/4,0) -> 633
B16: Sinalização noturna | C16: Rede de drenagem + dreno (Considerando que as redes e dreno sejam executados em 2 etapas, no mínimo) | F16: =D5 -> 2110 | G16: =ROUNDUP(F16/4,0) -> 528
E20: TRANSP. BRITA LASTRO DMT ATÉ 30km: | F20: =TRUNC(F21*(DMT!F9),2) -> 188.37 | G20: m³.km
E21: CARGA,MANOBRA E DESCARGA | F21: =TRUNC(G13*1.38,2) -> 10.35 | G21: m³

Sheet DEMOLIÇÕES E RETIRADAS
B2: =DMT!B2 -> JARDIM BRASILIA | F2: =B2 -> JARDIM BRASILIA
B4: POSTES A REMANEJAR | F4: ÁRVORES A REMOVER | J4: RESUMO DAS DEMOLIÇÕES
B5: DECRIÇÃO | C5: NORTE | D5: ESTE | F5: DECRIÇÃO | G5: NORTE | H5: ESTE | J5: ESTRUTURA | K5: QUANTIDADE | L5: UNIDADE | M5: CONCRETO SIMPLES (m³/unid) | N5: Espessura (m) | O5: TOTAL CONCRETO SIMPLES (m³) | P5: TOTAL PAVIMENTO ASFÁLTICO (m³)
F6: ÁRVORE 01 | G6: 7.698.976,54 | H6: 427.835,26 | J6: CALÇADA A DEMOLIR | K6: =0.95+4.08+8.52+4.77 -> 18.32 | L6: m² | N6: 0.06 | O6: =TRUNC(N6*K6,2) -> 1.09
F7: ÁRVORE 02 | G7: 7.698.972,28 | H7: 427.842,88 | J7: CONCRETO A DEMOLIR | K7: =7.92+6.2+5 -> 19.12 | L7: m² | N7: 0.2 | O7: =TRUNC(N7*K7,2) -> 3.82
F8: ÁRVORE 03 | G8: 7.698.954,46 | H8: 427.873,73 | J8: PAVIMENTO EXISTENTE | K8: 267.15 | L8: m² | N8: 0.03 | P8: =TRUNC(K8*N8,2) -> 8.01
F9: ÁRVORE 04 | G9: 7699212.9 | H9: 427873.73 | J9: MEIO-FIO EXISTENTE | K9: 172.75 | L9: m | M9: 0.0615 | O9: =TRUNC(M9*K9,2) -> 10.62
F10: ÁRVORE 05 | G10: 7.699.110,81 | H10: 427.838,73 | J10: ÁRVORES A REMOVER | K10: 8
F11: ÁRVORE 06 | G11: 7.699.188,05 | H11: 427.858,31 | J11: TOTAL | O11: =TRUNC(SUM(O6:O9),2) -> 15.53 | P11: =SUM(P6:P9) -> 8.01
F12: ÁRVORE 07 | G12: 7.699.575,26 | H12: 427.919,05
F13: ÁRVORE 08 | G13: 7.699.097,71 | H13: 427.810,97
N14: CARGA, MAN. E DESCARGA MATERIAL DEMOLIDO (EMP. 30%): | O14: =TRUNC(((O11+P11)*1.3),2) -> 30.6 | P14: m³
N15: TRANSP. BOTA-FORA (DMT ATÉ 30 Km): | O15: =TRUNC(O14*O16,2) -> 140.76 | P15: m³.km
N16: DMT BOTA FORA | O16: =DMT!F13 -> 4.6 | P16: km

Sheet DRENAGEM
B1: OBRA: | C1: Implantação de Pavimentação Asfáltica e Drenagem de Águas Pluviais - Jardim Brasilia
B2: CIDADE: | C2: Três Lagoas/MS
G3: Tempo de Retorno (anos): | K3: 10
B4: Equação da Chuva | G4: Vazão (Deflúvio a escoar): | K4: Q = 2,78 x n x I x A x f
G5: Tempo de Concentração - Formulação de Mc Cuen - (tc): L - comprimento talvegue (km) ; S - Declividade (m/m) | K5: Tc = 10,5721 x L⁰’⁵⁵⁵² x S¯⁰’²⁰⁷⁰
B6: a= | C6: 1155.98 | D6: tc= | E6: VAR | G6: Coeficiente de impermeabilidade (C): | K6: 0.6
B7: b= | C7: 0.155 | D7: c= | E7: 13 | G7: Coeficiente de Deflúvio ( f ): | K7: f = a x (I x tc)^1/3 | AL7: =#REF!+#REF! -> #REF!
B8: Tr= | C8: 10 | D8: d= | E8: 0.791 | G8: Fator impermeabilidade ( a ): | K8: a = (2,913 + 64,073 x C) x 10³
B10: PLANILHA DE DIMENSIONAMENTO DA REDE DE DRENAGEM | AU10: MEMORIAL DE CÁLCULO DE QUANTITATIVOS DE TERRAPLENAGEM DRENAGEM
B11: TRECHO | C11: EXTENSÃO (m) | D11: Área de Contribuição (ha) | F11: C Coef. Impermeabilidade | G11: n (A-0,15) Coef. Distribuição | H11: n (A-0,15) Coef. Distribuição | I11: f Coef. de Deflúvio | J11: I Precipitação (L/s/ha) | K11: Vazão Q (m³/s) | L11: Vazão Q Existente (m³/s) | M11: tc (min) | N11: te Tempo Percurso (min) | O11: Desnível (m) | P11: Declividade (%) | Q11: Vazão que Escoa Pela Rua (m³/s) | R11: Desnível Rua (m) | S11: Declividade da Rua (m/m) | T11: Diâmetro de Projeto (m) | U11: Linhas Existentes (und) | V11: Diâmetro Existente (m) | W11: Linhas a Implantar (und) | X11: Verificação Diâmetro 1 Linha | Y11: Diâmetro Comercial (m) | Z11: V (m/s) | AA11: FH | AB11: RH/D | AC11: Tirante y/D (%) | AD11: Tirante Normal Y (m) | AE11: RH | AF11: Vazão Máxima p/ h=0,94d (Projetada) (m³/s) | AG11: Vazão Máxima p/ h=0,94d (Existente) (m³/s) | AH11: Vazão Máxima TOTAL (m³/s) | AI11: Cota do Terreno ou Greide (m) | AK11: Profundidade PV (m) | AN11: Cota da Geratriz Inferior Externa (m) | AP11: Cota do Nível d'água (m) | AR11: Recobrimento da Galeria (m) | AU11: TRECHOS | AV11: EXTENSÃO | AX11: TUBULAÇÃO | BB11: PROFUNDIDADE DA LINHA D'ÁGUA | BD11: ESPESSURA LASTRO - BASE DA GALERIA (se for o caso) | BE11: INCLINAÇÃO TALUDE - 1:(V) | BF11: PRESENÇA DE ESCORAMENTO | BG11: PROFUNDIDADE DA VALA | BI11: LARGURA DA VALA | BK11: ESCAVAÇÃO MECÂNICA | BW11: BOTA-FORA | CB11: ESCORAMENTO (2 x Prof x Ext) | CH11: PREPARO DE FUNDO DA VALA | CJ11: LASTRO COM PREPARO DE FUNDO DE VALA (BASE DA GALERIA) (se for o caso) | CO11: REATERRO | DA11: TRANSPORTE DO TUBO | DB11: TUBOS DN 400MM: | DC11: TUBOS DN 600MM: | DD11: TUBOS DN 800MM: | DE11: TUBOS DN 1000MM: | DF11: TUBOS DN 1200MM: | DG11: TUBOS DN 1500MM: | DH11: CHAMINÉ PARA PV:
D12: SIMPLES | E12: ACUMULADA | AI12: Montante | AJ12: Jusante | AK12: Degrau | AL12: Montante | AM12: Jusante | AN12: Montante | AO12: Jusante | AP12: Montante | AQ12: Jusante | AR12: Montante | AS12: Jusante | AW12: Nº LINHAS EXISTENTE | AX12: Nº LINHAS | AY12: DIÂMETRO NOMINAL EXISTENTE | AZ12: DIÂMETRO NOMINAL | BA12: PS-1 / PA-1 / PA-2 / PVC | BB12: MONTANTE | BC12: JUSANTE | BG12: MÉDIA ENTRE MONTANTE E JUSANTE | BH12: TOTAL (MÉDIA + BOLSA + LASTRO) | BI12: INFERIOR (BASE DA VALA) | BJ12: SUPERIOR (TOPO DA VALA) | BK12: 0,00 < PROF ≤ 1,50 (0,00 < LARG ≤ 0,80) | BL12: 0,00 < PROF ≤ 1,50 (0,80 < LARG ≤ 1,50) | BM12: 0,00 < PROF ≤ 1,50 (1,50 < LARG ≤ 2,50) | BN12: 1,50 < PROF ≤ 3,00 (0,00 < LARG ≤ 0,80) | BO12: 1,50 < PROF ≤ 3,00 (0,80 < LARG ≤ 1,50) | BP12: 1,50 < PROF ≤ 3,00 (1,50 < LARG ≤ 2,50) | BQ12: 3,00 < PROF ≤ 4,50 (0,00 < LARG ≤ 0,80) | BR12: 3,00 < PROF ≤ 4,50 (0,80 < LARG ≤ 1,50) | BS12: 3,00 < PROF ≤ 4,50 (1,50 < LARG ≤ 2,50) | BT12: 4,50 < PROF ≤ 6,00 (0,00 < LARG ≤ 0,80) | BU12: 4,50 < PROF ≤ 6,00 (0,80 < LARG ≤ 1,50) | BV12: 4,50 < PROF ≤ 6,00 (1,50 < LARG ≤ 2,50) | BW12: VOLUME DO TUBO (SEÇÃO EXTERNA) | BX12: TAXA INSERVÍVEL DO MATERIAL ESCAVADO | BY12: FATOR DE EMPOLAMENTO MAT. ESCAVADO | BZ12: VOLUME ESCAVADO INSERVÍVEL | CA12: VOLUME TOTAL BOTA-FORA (EMPOLADO) | CB12: 0,00 < PROF ≤ 1,50 (0,00 < LARG ≤ 1,50) | CC12: 0,00 < PROF ≤ 1,50 (1,50 < LARG ≤ 2,50) | CD12: 1,50 < PROF ≤ 3,00 (0,00 < LARG ≤ 1,50) | CE12: 1,50 < PROF ≤ 3,00 (1,50 < LARG ≤ 2,50) | CF12: 3,00 < PROF ≤ 4,50 (0,00 < LARG ≤ 1,50) | CG12: 3,00 < PROF ≤ 4,50 (1,50 < LARG ≤ 2,50) | CH12: LARG. DA BASE < 1,50m | CI12: LARG. DA BASE ≥ 1,50m | CJ12: MATERIAL | CK12: VOLUME GEOMÉTRICO (BASE < 1,50m) | CL12: VOLUME GEOMÉTRICO (BASE ≥ 1,50m) | CM12: TAXA DE EMPOLAMENTO MATER. DA BASE | CN12: VOLUME EMPOLADO | CO12: 0,00 < PROF ≤ 1,50 (0,00 < LARG ≤ 0,80) | CP12: 0,00 < PROF ≤ 1,50 (0,80 < LARG ≤ 1,50) | CQ12: 0,00 < PROF ≤ 1,50 (1,50 < LARG ≤ 2,50) | CR12: 1,50 < PROF ≤ 3,00 (0,00 < LARG ≤ 0,80) | CS12: 1,50 < PROF ≤ 3,00 (0,80 < LARG ≤ 1,50) | CT12: 1,50 < PROF ≤ 3,00 (1,50 < LARG ≤ 2,50) | CU12: 3,00 < PROF ≤ 4,50 (0,00 < LARG ≤ 0,80) | CV12: 3,00 < PROF ≤ 4,50 (0,80 < LARG ≤ 1,50) | CW12: 3,00 < PROF ≤ 4,50 (1,50 < LARG ≤ 2,50) | CX12: 4,50 < PROF ≤ 6,00 (0,00 < LARG ≤ 0,80) | CY12: 4,50 < PROF ≤ 6,00 (0,80 < LARG ≤ 1,50) | CZ12: 4,50 < PROF ≤ 6,00 (1,50 < LARG ≤ 2,50)
AV13: m | AW13: und | AX13: und | AY13: mm | AZ13: mm | BA13: - | BB13: m | BC13: m | BD13: m | BE13: - | BF13: - | BG13: m | BH13: m | BI13: m | BJ13: m | BK13: m³ | BL13: m³ | BM13: m³ | BN13: m³ | BO13: m³ | BP13: m³ | BQ13: m³ | BR13: m³ | BS13: m³ | BT13: m³ | BU13: m³ | BV13: m³ | BW13: m³ | BX13: % | BY13: % | BZ13: m³ | CA13: m³ | CB13: m² | CC13: m² | CD13: m² | CE13: m² | CF13: m² | CG13: m² | CH13: m² | CI13: m² | CJ13: - | CK13: m³ | CL13: m³ | CM13: % | CN13: m³ | CO13: m³ | CP13: m³ | CQ13: m³ | CR13: m³ | CS13: m³ | CT13: m³ | CU13: m³ | CV13: m³ | CW13: m³ | CX13: m³ | CY13: m³ | CZ13: m³ | DA13: T | DB13: m | DC13: m | DD13: m | DE13: m | DF13: m | DG13: m | DH13: m
B14: TR-01 | C14: 119 | D14: 15.67 | E14: 15.67 | F14: 0.6 | G14: 0.66181964 | H14: 0.66181964 | I14: 0.47093113 | J14: 144.33656 | K14: 1.9596891 | L14: 0 | M14: 8.7907934 | N14: 0.7354053 | O14: 0.962 | P14: 0.0080840336 | Q14: 1.9596891 | R14: 0.162 | S14: 0.0013613445 | T14: 1.0191916 | U14: 0 | V14: 0 | W14: 1 | Y14: 1 | Z14: 2.6969255 | AA14: 0.32693724 | AB14: 0.3018 | AC14: 0.87 | AD14: 0.87 | AE14: 0.3018 | AF14: 2.0098516 | AG14: 0 | AH14: 2.0098516 | AI14: 317.58 | AJ14: 317.418 | AL14: 3.8 | AM14: 4.6 | AN14: 313.78 | AO14: 312.818 | AP14: 314.65 | AQ14: 313.688 | AR14: 2.695 | AS14: 3.495 | AU14: =B14 -> TR-01 | AV14: =C14 -> 119 | AW14: =U14 -> 0 | AX14: =W14 -> 1 | AY14: =V14 -> 0 | AZ14: =Y14*1000 -> 1000 | BA14: PEAD | BB14: =AL14 -> 3.8 | BC14: =AM14 -> 4.6 | BD14: =IF(AZ14>=1000,0.2,0) -> 0.2 | BE14: 4 | BF14: =IF(BG14>1.25,"Com","Sem") -> Com | BG14: =AVERAGE(BB14:BC14) -> 4.2 | BH14: =BG14+BD14+0.21*AZ14/1000 -> 4.61 | BI14: =IF(AX14=1,2*AZ14/1000,IF(AX14=2,((1.21*2*(AZ14/1000))+0.4),IF(AX14=3,((3*1.21*(AZ14/1000))+0.6),0))) -> 2 | BJ14: =IF(BE14=0,BI14,BI14+2*(1/BE14)*BH14) -> 4.305 | BK14: =IF(AND(BH14<=1.5,BJ14<=0.8),(BJ14+BI14)*BH14/2*AV14,"") | BL14: =IF(AND(BH14<=1.5,BJ14>0.8,BJ14<=1.5),(BJ14+BI14)*BH14/2*AV14,"") | BM14: =IF(AND(BH14<=1.5,BJ14>1.5),(BJ14+BI14)*BH14/2*AV14,"") | BN14: =IF(AND(BH14>1.5,BH14<=3,BJ14<=0.8),(BJ14+BI14)*BH14/2*AV14,"") | BO14: =IF(AND(BH14>1.5,BH14<=3,BJ14>0.8,BJ14<=1.5),(BJ14+BI14)*BH14/2*AV14,"") | BP14: =IF(AND(BH14>1.5,BH14<=3,BJ14>1.5),(BJ14+BI14)*BH14/2*AV14,"") | BQ14: =IF(AND(BH14>3,BH14<=4.5,BJ14<=0.8),(BJ14+BI14)*BH14/2*AV14,"") | BR14: =IF(AND(BH14>3,BH14<=4.5,BJ14>0.8,BJ14<=1.5),(BJ14+BI14)*BH14/2*AV14,"") | BS14: =IF(AND(BH14>3,BH14<=4.5,BJ14>1.5),(BJ14+BI14)*BH14/2*AV14,"") | BT14: =IF(AND(BH14>4.5,BJ14<=0.8),(BJ14+BI14)*BH14/2*AV14,"") | BU14: =IF(AND(BH14>4.5,BJ14>0.8,BJ14<=1.5),(BJ14+BI14)*BH14/2*AV14,"") | BV14: =IF(AND(BH14>4.5,BJ14>1.5),(BJ14+BI14)*BH14/2*AV14,"") -> 1729.43 | BW14: =(PI()*(AZ14/1000*1.21)^2/4*AV14)*AX14 -> 136.83827 | BX14: 0 | BY14: 0.15 | BZ14: =BX14*SUM(BK14:BV14) -> 0 | CA14: =MAX(BZ14,BW14)*(1+BY14) -> 157.36401 | CB14: =IF(BF14="Sem","",IF(AND(BH14<=1.5,BJ14<=1.5),2*BH14*AV14,"")) | CC14: =IF(BF14="Sem","",IF(AND(BH14<=1.5,BJ14>1.5),2*BH14*AV14,"")) | CD14: =IF(BF14="Sem","",IF(AND(BH14>1.5,BH14<=3,BJ14<=1.5),2*BH14*AV14,"")) | CE14: =IF(BF14="Sem","",IF(AND(BH14>1.5,BH14<=3,BJ14>1.5),2*BH14*AV14,"")) | CF14: =IF(BF14="Sem","",IF(AND(BH14>3,BJ14<=1.5),2*BH14*AV14,"")) | CG14: =IF(BF14="Sem","",IF(AND(BH14>3,BJ14>1.5),2*BH14*AV14,"")) -> 1097.18 | CH14: =IF(BD14<>0,"",IF(BI14<1.5,BI14*AV14,"")) | CI14: =IF(BD14<>0,"",IF(BI14>=1.5,BI14*AV14,"")) | CJ14: Brita | CK14: =IF(BD14=0,"",IF(BI14<1.5,BD14*BI14*AV14,"")) | CL14: =IF(BD14=0,"",IF(BI14>=1.5,BD14*BI14*AV14,"")) -> 47.6 | CM14: 0.1 | CN14: =SUM(CK14:CL14)*(1+CM14) -> 52.36 | CO14: =IF(AND(BH14<=1.5,BJ14<=0.8),SUM(BK14:BV14)-BW14,"") | CP14: =IF(AND(BH14<=1.5,BJ14>0.8,BJ14<=1.5),SUM(BK14:BV14)-BW14,"") | CQ14: =IF(AND(BH14<=1.5,BJ14>1.5),SUM(BK14:BV14)-BW14,"") | CR14: =IF(AND(BH14>1.5,BH14<=3,BJ14<=0.8),SUM(BK14:BV14)-BW14,"") | CS14: =IF(AND(BH14>1.5,BH14<=3,BJ14>0.8,BJ14<=1.5),SUM(BK14:BV14)-BW14,"") | CT14: =IF(AND(BH14>1.5,BH14<=3,BJ14>1.5),SUM(BK14:BV14)-BW14,"") | CU14: =IF(AND(BH14>3,BH14<=4.5,BJ14<=0.8),SUM(BK14:BV14)-BW14,"") | CV14: =IF(AND(BH14>3,BH14<=4.5,BJ14>0.8,BJ14<=1.5),SUM(BK14:BV14)-BW14,"") | CW14: =IF(AND(BH14>3,BH14<=4.5,BJ14>1.5),SUM(BK14:BV14)-BW14,"") | CX14: =IF(AND(BH14>4.5,BJ14<=0.8),SUM(BK14:BV14)-BW14,"") | CY14: =IF(AND(BH14>4.5,BJ14>0.8,BJ14<=1.5),SUM(BK14:BV14)-BW14,"") | CZ14: =IF(AND(BH14>4.5,BJ14>1.5),SUM(BK14:BV14)-BW14,"") -> 1592.5917 | DA14: =HLOOKUP(AZ14,$BC$37:$BE$38,2,FALSE)*AV14*AX14 -> 4.165 | DB14: =IF(AZ14=400,AV14*AX14,0) -> 0 | DC14: =IF($AZ14=600,$AV14*AX14,0) -> 0 | DD14: =IF($AZ14=800,$AV14*AX14,0) -> 0 | DE14: =IF($AZ14=1000,$AV14*AX14,0) -> 119 | DF14: =IF($AZ14=1200,$AV14*AX14,0) -> 0 | DH14: =IF(AL14=0,0,(IF(AL14<=1.9,0.3,AL14-1.5))) -> 2.3
B15: TR-02 | C15: 120 | D15: 4.52 | E15: 20.19 | F15: 0.6 | G15: 0.6371322 | H15: 0.6371322 | I15: 0.47949844 | J15: 140.59639 | K15: 2.4108603 | L15: 0 | M15: 9.5261987 | N15: 0.59832346 | O15: 1.485 | P15: 0.012375 | Q15: 0.53972702 | R15: 1.885 | S15: 0.015708333 | T15: 1.017017 | U15: 0 | V15: 0 | W15: 1 | Y15: 1 | Z15: 3.3426735 | AA15: 0.32508034 | AB15: 0.3026 | AC15: 0.86 | AD15: 0.86 | AE15: 0.3026 | AF15: 2.4866951 | AG15: 0 | AH15: 2.4866951 | AI15: 317.418 | AJ15: 315.533 | AL15: 4.6 | AM15: 4.2 | AN15: 312.818 | AO15: 311.333 | AP15: 313.678 | AQ15: 312.193 | AR15: 3.495 | AS15: 3.095 | AU15: =B15 -> TR-02 | AV15: =C15 -> 120 | AW15: =U15 -> 0 | AX15: =W15 -> 1 | AY15: =V15 -> 0 | AZ15: =Y15*1000 -> 1000 | BA15: PEAD | BB15: =AL15 -> 4.6 | BC15: =AM15 -> 4.2 | BD15: =IF(AZ15>=1000,0.2,0) -> 0.2 | BE15: 4 | BF15: =IF(BG15>1.25,"Com","Sem") -> Com | BG15: =AVERAGE(BB15:BC15) -> 4.4 | BH15: =BG15+BD15+0.21*AZ15/1000 -> 4.81 | BI15: =IF(AX15=1,2*AZ15/1000,IF(AX15=2,((1.21*2*(AZ15/1000))+0.4),IF(AX15=3,((3*1.21*(AZ15/1000))+0.6),0))) -> 2 | BJ15: =IF(BE15=0,BI15,BI15+2*(1/BE15)*BH15) -> 4.405 | BK15: =IF(AND(BH15<=1.5,BJ15<=0.8),(BJ15+BI15)*BH15/2*AV15,"") | BL15: =IF(AND(BH15<=1.5,BJ15>0.8,BJ15<=1.5),(BJ15+BI15)*BH15/2*AV15,"") | BM15: =IF(AND(BH15<=1.5,BJ15>1.5),(BJ15+BI15)*BH15/2*AV15,"") | BN15: =IF(AND(BH15>1.5,BH15<=3,BJ15<=0.8),(BJ15+BI15)*BH15/2*AV15,"") | BO15: =IF(AND(BH15>1.5,BH15<=3,BJ15>0.8,BJ15<=1.5),(BJ15+BI15)*BH15/2*AV15,"") | BP15: =IF(AND(BH15>1.5,BH15<=3,BJ15>1.5),(BJ15+BI15)*BH15/2*AV15,"") | BQ15: =IF(AND(BH15>3,BH15<=4.5,BJ15<=0.8),(BJ15+BI15)*BH15/2*AV15,"") | BR15: =IF(AND(BH15>3,BH15<=4.5,BJ15>0.8,BJ15<=1.5),(BJ15+BI15)*BH15/2*AV15,"") | BS15: =IF(AND(BH15>3,BH15<=4.5,BJ15>1.5),(BJ15+BI15)*BH15/2*AV15,"") | BT15: =IF(AND(BH15>4.5,BJ15<=0.8),(BJ15+BI15)*BH15/2*AV15,"") | BU15: =IF(AND(BH15>4.5,BJ15>0.8,BJ15<=1.5),(BJ15+BI15)*BH15/2*AV15,"") | BV15: =IF(AND(BH15>4.5,BJ15>1.5),(BJ15+BI15)*BH15/2*AV15,"") -> 1848.483 | BW15: =(PI()*(AZ15/1000*1.21)^2/4*AV15)*AX15 -> 137.98817 | BX15: 0 | BY15: 0.15 | BZ15: =BX15*SUM(BK15:BV15) -> 0 | CA15: =MAX(BZ15,BW15)*(1+BY15) -> 158.6864 | CB15: =IF(BF15="Sem","",IF(AND(BH15<=1.5,BJ15<=1.5),2*BH15*AV15,"")) | CC15: =IF(BF15="Sem","",IF(AND(BH15<=1.5,BJ15>1.5),2*BH15*AV15,"")) | CD15: =IF(BF15="Sem","",IF(AND(BH15>1.5,BH15<=3,BJ15<=1.5),2*BH15*AV15,"")) | CE15: =IF(BF15="Sem","",IF(AND(BH15>1.5,BH15<=3,BJ15>1.5),2*BH15*AV15,"")) | CF15: =IF(BF15="Sem","",IF(AND(BH15>3,BJ15<=1.5),2*BH15*AV15,"")) | CG15: =IF(BF15="Sem","",IF(AND(BH15>3,BJ15>1.5),2*BH15*AV15,"")) -> 1154.4 | CH15: =IF(BD15<>0,"",IF(BI15<1.5,BI15*AV15,"")) | CI15: =IF(BD15<>0,"",IF(BI15>=1.5,BI15*AV15,"")) | CJ15: Brita | CK15: =IF(BD15=0,"",IF(BI15<1.5,BD15*BI15*AV15,"")) | CL15: =IF(BD15=0,"",IF(BI15>=1.5,BD15*BI15*AV15,"")) -> 48 | CM15: 0.1 | CN15: =SUM(CK15:CL15)*(1+CM15) -> 52.8 | CO15: =IF(AND(BH15<=1.5,BJ15<=0.8),SUM(BK15:BV15)-BW15,"") | CP15: =IF(AND(BH15<=1.5,BJ15>0.8,BJ15<=1.5),SUM(BK15:BV15)-BW15,"") | CQ15: =IF(AND(BH15<=1.5,BJ15>1.5),SUM(BK15:BV15)-BW15,"") | CR15: =IF(AND(BH15>1.5,BH15<=3,BJ15<=0.8),SUM(BK15:BV15)-BW15,"") | CS15: =IF(AND(BH15>1.5,BH15<=3,BJ15>0.8,BJ15<=1.5),SUM(BK15:BV15)-BW15,"") | CT15: =IF(AND(BH15>1.5,BH15<=3,BJ15>1.5),SUM(BK15:BV15)-BW15,"") | CU15: =IF(AND(BH15>3,BH15<=4.5,BJ15<=0.8),SUM(BK15:BV15)-BW15,"") | CV15: =IF(AND(BH15>3,BH15<=4.5,BJ15>0.8,BJ15<=1.5),SUM(BK15:BV15)-BW15,"") | CW15: =IF(AND(BH15>3,BH15<=4.5,BJ15>1.5),SUM(BK15:BV15)-BW15,"") | CX15: =IF(AND(BH15>4.5,BJ15<=0.8),SUM(BK15:BV15)-BW15,"") | CY15: =IF(AND(BH15>4.5,BJ15>0.8,BJ15<=1.5),SUM(BK15:BV15)-BW15,"") | CZ15: =IF(AND(BH15>4.5,BJ15>1.5),SUM(BK15:BV15)-BW15,"") -> 1710.4948 | DA15: =HLOOKUP(AZ15,$BC$37:$BE$38,2,FALSE)*AV15*AX15 -> 4.2 | DB15: =IF(AZ15=400,AV15*AX15,0) -> 0 | DC15: =IF($AZ15=600,$AV15*AX15,0) -> 0 | DD15: =IF($AZ15=800,$AV15*AX15,0) -> 0 | DE15: =IF($AZ15=1000,$AV15*AX15,0) -> 120 | DF15: =IF($AZ15=1200,$AV15*AX15,0) -> 0 | DH15: =IF(AL15=0,0,(IF(AL15<=1.9,0.3,AL15-1.5))) -> 3.1
B16: TR-03 | C16: 119 | D16: 4.25 | E16: 24.44 | F16: 0.6 | G16: 0.61913424 | H16: 0.61913424 | I16: 0.48596354 | J16: 137.71104 | K16: 2.8151612 | L16: 0 | M16: 10.124522 | N16: 0.52185588 | O16: 1.93 | P16: 0.016218487 | Q16: 0.48954317 | R16: 3.83 | S16: 0.032184874 | T16: 1.0245961 | U16: 0 | V16: 0 | W16: 1 | Y16: 1 | Z16: 3.8005385 | AA16: 0.33158078 | AB16: 0.2995 | AC16: 0.89 | AD16: 0.89 | AE16: 0.2995 | AF16: 2.8467879 | AG16: 0 | AH16: 2.8467879 | AI16: 315.533 | AJ16: 311.703 | AL16: 4.2 | AM16: 2.3 | AN16: 311.333 | AO16: 309.403 | AP16: 312.223 | AQ16: 310.293 | AR16: 3.095 | AS16: 1.195 | AU16: =B16 -> TR-03 | AV16: =C16 -> 119 | AW16: =U16 -> 0 | AX16: =W16 -> 1 | AY16: =V16 -> 0 | AZ16: =Y16*1000 -> 1000 | BA16: PEAD | BB16: =AL16 -> 4.2 | BC16: =AM16 -> 2.3 | BD16: =IF(AZ16>=1000,0.2,0) -> 0.2 | BE16: 4 | BF16: =IF(BG16>1.25,"Com","Sem") -> Com | BG16: =AVERAGE(BB16:BC16) -> 3.25 | BH16: =BG16+BD16+0.21*AZ16/1000 -> 3.66 | BI16: =IF(AX16=1,2*AZ16/1000,IF(AX16=2,((1.21*2*(AZ16/1000))+0.4),IF(AX16=3,((3*1.21*(AZ16/1000))+0.6),0))) -> 2 | BJ16: =IF(BE16=0,BI16,BI16+2*(1/BE16)*BH16) -> 3.83 | BK16: =IF(AND(BH16<=1.5,BJ16<=0.8),(BJ16+BI16)*BH16/2*AV16,"") | BL16: =IF(AND(BH16<=1.5,BJ16>0.8,BJ16<=1.5),(BJ16+BI16)*BH16/2*AV16,"") | BM16: =IF(AND(BH16<=1.5,BJ16>1.5),(BJ16+BI16)*BH16/2*AV16,"") | BN16: =IF(AND(BH16>1.5,BH16<=3,BJ16<=0.8),(BJ16+BI16)*BH16/2*AV16,"") | BO16: =IF(AND(BH16>1.5,BH16<=3,BJ16>0.8,BJ16<=1.5),(BJ16+BI16)*BH16/2*AV16,"") | BP16: =IF(AND(BH16>1.5,BH16<=3,BJ16>1.5),(BJ16+BI16)*BH16/2*AV16,"") | BQ16: =IF(AND(BH16>3,BH16<=4.5,BJ16<=0.8),(BJ16+BI16)*BH16/2*AV16,"") | BR16: =IF(AND(BH16>3,BH16<=4.5,BJ16>0.8,BJ16<=1.5),(BJ16+BI16)*BH16/2*AV16,"") | BS16: =IF(AND(BH16>3,BH16<=4.5,BJ16>1.5),(BJ16+BI16)*BH16/2*AV16,"") -> 1269.5991 | BT16: =IF(AND(BH16>4.5,BJ16<=0.8),(BJ16+BI16)*BH16/2*AV16,"") | BU16: =IF(AND(BH16>4.5,BJ16>0.8,BJ16<=1.5),(BJ16+BI16)*BH16/2*AV16,"") | BV16: =IF(AND(BH16>4.5,BJ16>1.5),(BJ16+BI16)*BH16/2*AV16,"") | BW16: =(PI()*(AZ16/1000*1.21)^2/4*AV16)*AX16 -> 136.83827 | BX16: 0 | BY16: 0.15 | BZ16: =BX16*SUM(BK16:BV16) -> 0 | CA16: =MAX(BZ16,BW16)*(1+BY16) -> 157.36401 | CB16: =IF(BF16="Sem","",IF(AND(BH16<=1.5,BJ16<=1.5),2*BH16*AV16,"")) | CC16: =IF(BF16="Sem","",IF(AND(BH16<=1.5,BJ16>1.5),2*BH16*AV16,"")) | CD16: =IF(BF16="Sem","",IF(AND(BH16>1.5,BH16<=3,BJ16<=1.5),2*BH16*AV16,"")) | CE16: =IF(BF16="Sem","",IF(AND(BH16>1.5,BH16<=3,BJ16>1.5),2*BH16*AV16,"")) | CF16: =IF(BF16="Sem","",IF(AND(BH16>3,BJ16<=1.5),2*BH16*AV16,"")) | CG16: =IF(BF16="Sem","",IF(AND(BH16>3,BJ16>1.5),2*BH16*AV16,"")) -> 871.08 | CH16: =IF(BD16<>0,"",IF(BI16<1.5,BI16*AV16,"")) | CI16: =IF(BD16<>0,"",IF(BI16>=1.5,BI16*AV16,"")) | CJ16: Brita | CK16: =IF(BD16=0,"",IF(BI16<1.5,BD16*BI16*AV16,"")) | CL16: =IF(BD16=0,"",IF(BI16>=1.5,BD16*BI16*AV16,"")) -> 47.6 | CM16: 0.1 | CN16: =SUM(CK16:CL16)*(1+CM16) -> 52.36 | CO16: =IF(AND(BH16<=1.5,BJ16<=0.8),SUM(BK16:BV16)-BW16,"") | CP16: =IF(AND(BH16<=1.5,BJ16>0.8,BJ16<=1.5),SUM(BK16:BV16)-BW16,"") | CQ16: =IF(AND(BH16<=1.5,BJ16>1.5),SUM(BK16:BV16)-BW16,"") | CR16: =IF(AND(BH16>1.5,BH16<=3,BJ16<=0.8),SUM(BK16:BV16)-BW16,"") | CS16: =IF(AND(BH16>1.5,BH16<=3,BJ16>0.8,BJ16<=1.5),SUM(BK16:BV16)-BW16,"") | CT16: =IF(AND(BH16>1.5,BH16<=3,BJ16>1.5),SUM(BK16:BV16)-BW16,"") | CU16: =IF(AND(BH16>3,BH16<=4.5,BJ16<=0.8),SUM(BK16:BV16)-BW16,"") | CV16: =IF(AND(BH16>3,BH16<=4.5,BJ16>0.8,BJ16<=1.5),SUM(BK16:BV16)-BW16,"") | CW16: =IF(AND(BH16>3,BH16<=4.5,BJ16>1.5),SUM(BK16:BV16)-BW16,"") -> 1132.7608 | CX16: =IF(AND(BH16>4.5,BJ16<=0.8),SUM(BK16:BV16)-BW16,"") | CY16: =IF(AND(BH16>4.5,BJ16>0.8,BJ16<=1.5),SUM(BK16:BV16)-BW16,"") | CZ16: =IF(AND(BH16>4.5,BJ16>1.5),SUM(BK16:BV16)-BW16,"") | DA16: =HLOOKUP(AZ16,$BC$37:$BE$38,2,FALSE)*AV16*AX16 -> 4.165 | DB16: =IF(AZ16=400,AV16*AX16,0) -> 0 | DC16: =IF($AZ16=600,$AV16*AX16,0) -> 0 | DD16: =IF($AZ16=800,$AV16*AX16,0) -> 0 | DE16: =IF($AZ16=1000,$AV16*AX16,0) -> 119 | DF16: =IF($AZ16=1200,$AV16*AX16,0) -> 0 | DH16: =IF(AL16=0,0,(IF(AL16<=1.9,0.3,AL16-1.5))) -> 2.7
